Workbook
Name Alta_Dirección: [1]TB!$B$11:$B$13
Name Alta_Dirección: [1]TB!$B$11:$B$13
Name Alta_Dirección: [1]TB!$B$11:$B$13
Name Alta_Dirección: [1]TB!$B$11:$B$13
Name Alta_Dirección: [1]TB!$B$11:$B$13
Name Alta_Dirección: [1]TB!$B$11:$B$13
Name Alta_Dirección: [1]TB!$B$11:$B$13
Name Alta_Dirección: [1]TB!$B$11:$B$13
Name Alta_Dirección: [1]TB!$B$11:$B$13
Name Alta_Dirección: [1]TB!$B$11:$B$13
Name Alta_Dirección: [1]TB!$B$11:$B$13
Name Alta_Dirección: [1]TB!$B$11:$B$13
Name Alta_Dirección: [2]TB!$B$11:$B$13
Name Alta_Dirección: TB!$B$11:$B$13
Name Área: [1]TB!$B$34:$B$84
Name Área: [1]TB!$B$34:$B$84
Name Área: [1]TB!$B$34:$B$84
Name Área: [1]TB!$B$34:$B$84
Name Área: [1]TB!$B$34:$B$84
Name Área: [1]TB!$B$34:$B$84
Name Área: [1]TB!$B$34:$B$84
Name Área: [1]TB!$B$34:$B$84
Name Área: [1]TB!$B$34:$B$84
Name Área: [1]TB!$B$34:$B$84
Name Área: [1]TB!$B$34:$B$84
Name Área: [1]TB!$B$34:$B$84
Name Área: [2]TB!$B$34:$B$84
Name Área: TB!$B$34:$B$84
Name Categoría: [1]TB!$B$17:$B$19
Name Categoría: [1]TB!$B$17:$B$19
Name Categoría: [1]TB!$B$17:$B$19
Name Categoría: [1]TB!$B$17:$B$19
Name Categoría: [1]TB!$B$17:$B$19
Name Categoría: [1]TB!$B$17:$B$19
Name Categoría: [1]TB!$B$17:$B$19
Name Categoría: [1]TB!$B$17:$B$19
Name Categoría: [1]TB!$B$17:$B$19
Name Categoría: [1]TB!$B$17:$B$19
Name Categoría: [1]TB!$B$17:$B$19
Name Categoría: [1]TB!$B$17:$B$19
Name Categoría: [2]TB!$B$17:$B$19
Name Categoría: TB!$B$17:$B$19
Name Cumplimiento: [1]TB!$B$22:$B$25
Name Cumplimiento: [1]TB!$B$22:$B$25
Name Cumplimiento: [1]TB!$B$22:$B$25
Name Cumplimiento: [1]TB!$B$22:$B$25
Name Cumplimiento: [1]TB!$B$22:$B$25
Name Cumplimiento: [1]TB!$B$22:$B$25
Name Cumplimiento: [1]TB!$B$22:$B$25
Name Cumplimiento: [1]TB!$B$22:$B$25
Name Cumplimiento: [1]TB!$B$22:$B$25
Name Cumplimiento: [1]TB!$B$22:$B$25
Name Cumplimiento: [1]TB!$B$22:$B$25
Name Cumplimiento: [1]TB!$B$22:$B$25
Name Cumplimiento: [2]TB!$B$22:$B$25
Name Cumplimiento: TB!$B$22:$B$25
Name Frentes: [1]TB!$B$4:$B$8
Name Frentes: [1]TB!$B$4:$B$8
Name Frentes: [1]TB!$B$4:$B$8
Name Frentes: [1]TB!$B$4:$B$8

Sheet Contenido
D2: MACROPROCESO ESTRATÉGICO | T2: CÓDIGO: EPIr049
D4: PROCESO GESTIÓN PLANEACIÓN INSTITUCIONAL | T4: VERSIÓN: 9
D6: PLAN DE ACCIÓN | T6: VIGENCIA: 2024-04-08
T7: PÁGINA: 1 de 58
B8: 13.
C10: Vigencia del Plan de Acción: | D10: 0 | P10: Fecha de Publicación: | S10: DD/MM/AAAA | T10: Estadística
C11: Versión: | D11: 0
B13: 1 | C13: Secretaría General | E13: 1T | F13: 2T | G13: 3T | H13: 4T | J13: 2 | K13: Vicerrectoría Académica | M13: 1T | N13: 2T | O13: 3T | P13: 4T | R13: 3 | S13: Vicerrectoría Administrativa y Finananciera | U13: 1T | V13: 2T | W13: 3T | X13: 4T
E14: =#REF! -> #REF! | F14: =#REF! -> #REF! | G14: =#REF! -> #REF! | H14: =#REF! -> #REF! | M14: ='2'!$I$9 -> 0 | N14: ='2'!$I$10 -> 0.33333333 | O14: ='2'!$I$11 -> 0 | P14: ='2'!$I$12 -> 0 | U14: ='3'!$I$9 -> 0.33333333 | V14: ='3'!$I$10 -> 0 | W14: ='3'!$I$11 -> 0 | X14: ='3'!$I$12 -> 1
B15: 1.1 | C15: Dirección Jurídica | E15: =#REF! -> #REF! | F15: =#REF! -> #REF! | G15: =#REF! -> #REF! | H15: =#REF! -> #REF! | J15: 2.1 | K15: Facultad de Ciencias Administrativas, Económicas y Contables | M15: ='2.1'!$I$9 -> 0.33333333 | N15: ='2.1'!$I$10 -> 0 | O15: ='2.1'!$I$11 -> 0.33333333 | P15: ='2.1'!$I$12 -> 1 | R15: 3.1 | S15: Dirección Administrativa de la Seccional Girardot | U15: ='3.1'!$I$9 -> 1 | V15: ='3.1'!$I$10 -> 1.3333333 | W15: ='3.1'!$I$11 -> 2 | X15: ='3.1'!$I$12 -> 8
B16: 1.2 | C16: Dirección de Planeación Institucional | E16: =#REF! -> #REF! | F16: =#REF! -> #REF! | G16: =#REF! -> #REF! | H16: =#REF! -> #REF! | J16: 2.2 | K16: Facultad de Ciencias Agropecuarias | M16: =#REF! -> #REF! | N16: =#REF! -> #REF! | O16: =#REF! -> #REF! | P16: =#REF! -> #REF! | R16: 3.2 | S16: Dirección Administrativa de la Seccional Ubaté | U16: ='3.2'!$I$9 -> 0 | V16: ='3.2'!$I$10 -> 0 | W16: ='3.2'!$I$11 -> 0 | X16: ='3.2'!$I$12 -> 0
B17: 1.3 | C17: Dirección de Sistemas y Tecnología | E17: =#REF! -> #REF! | F17: =#REF! -> #REF! | G17: =#REF! -> #REF! | H17: =#REF! -> #REF! | J17: 2.3 | K17: Facultad de Ingeniería | M17: ='2.3'!$I$9 -> 0 | N17: ='2.3'!$I$10 -> 0 | O17: ='2.3'!$I$11 -> 0 | P17: ='2.3'!$I$12 -> 0 | R17: 3.3 | S17: Dirección Administrativa de la Extensión Facatativá | U17: ='3.3'!$I$9 -> 0 | V17: ='3.3'!$I$10 -> 0 | W17: ='3.3'!$I$11 -> 0 | X17: ='3.3'!$I$12 -> 0
B18: 1.4 | C18: Dirección de Proyectos Especiales y Relaciones Interinstitucionales | E18: =#REF! -> #REF! | F18: =#REF! -> #REF! | G18: =#REF! -> #REF! | H18: =#REF! -> #REF! | J18: 2.4 | K18: Facultad de Ciencias de la Salud | M18: ='2.4'!$I$9 -> 0 | N18: ='2.4'!$I$10 -> 0 | O18: ='2.4'!$I$11 -> 0 | P18: ='2.4'!$I$12 -> 0 | R18: 3.4 | S18: Dirección Administrativa de la Extensión Soacha | U18: ='3.4'!$I$9 -> 0 | V18: ='3.4'!$I$10 -> 0 | W18: ='3.4'!$I$11 -> 0 | X18: ='3.4'!$I$12 -> 0
B19: 1.5 | C19: Oficina de Admisiones y Registro | E19: =#REF! -> #REF! | F19: =#REF! -> #REF! | G19: =#REF! -> #REF! | H19: =#REF! -> #REF! | J19: 2.5 | K19: Facultad de Ciencias del Deporte y la Educación Física | M19: ='2.5'!$I$9 -> 0 | N19: ='2.5'!$I$10 -> 0 | O19: ='2.5'!$I$11 -> 0 | P19: ='2.5'!$I$12 -> 0 | R19: 3.5 | S19: Dirección Administrativa de la Extensión Chía | U19: ='3.5'!$I$9 -> 0 | V19: ='3.5'!$I$10 -> 0 | W19: ='3.5'!$I$11 -> 0 | X19: ='3.5'!$I$12 -> 0
B20: 1.6 | C20: Oficina Asesora de Comunicaciones | E20: =#REF! -> #REF! | F20: =#REF! -> #REF! | G20: =#REF! -> #REF! | H20: =#REF! -> #REF! | J20: 2.6 | K20: Facultad de Educación y Facultad de Ciencias Sociales, Humanidades y Ciencias Políticas | M20: ='2.6'!$I$9 -> 0 | N20: ='2.6'!$I$10 -> 0 | O20: ='2.6'!$I$11 -> 0 | P20: ='2.6'!$I$12 -> 0 | R20: 3.6 | S20: Dirección Administrativa de la Extensión Zipaquirá | U20: ='3.6'!$I$9 -> 0 | V20: ='3.6'!$I$10 -> 0 | W20: ='3.6'!$I$11 -> 0 | X20: ='3.6'!$I$12 -> 0
B21: 1.7 | C21: Oficina de Archivo y Correspondencia | E21: =#REF! -> #REF! | F21: =#REF! -> #REF! | G21: =#REF! -> #REF! | H21: =#REF! -> #REF! | J21: 2.7 | K21: Facultad de Educación | M21: ='2.7'!$I$9 -> 0 | N21: ='2.7'!$I$10 -> 0 | O21: ='2.7'!$I$11 -> 0 | P21: ='2.7'!$I$12 -> 0 | R21: 3.7 | S21: Dirección de Talento Humano | U21: ='3.7'!$I$9 -> 0 | V21: ='3.7'!$I$10 -> 0 | W21: ='3.7'!$I$11 -> 0 | X21: ='3.7'!$I$12 -> 0
B22: 1.8 | C22: Oficina de Atención al Ciudadano | E22: =#REF! -> #REF! | F22: =#REF! -> #REF! | G22: =#REF! -> #REF! | H22: =#REF! -> #REF! | J22: 2.8 | K22: Dirección de Interacción Social Universitaria | M22: ='2.8'!$I$9 -> 0 | N22: ='2.8'!$I$10 -> 0 | O22: ='2.8'!$I$11 -> 0 | P22: ='2.8'!$I$12 -> 0 | R22: 3.8 | S22: Dirección de Bienes y Servicios | U22: ='3.8'!$I$9 -> 0 | V22: ='3.8'!$I$10 -> 0 | W22: ='3.8'!$I$11 -> 0 | X22: ='3.8'!$I$12 -> 0
B23: 1.9 | C23: Sistema de Gestión de Seguridad de la Información | E23: =#REF! -> #REF! | F23: =#REF! -> #REF! | G23: =#REF! -> #REF! | H23: =#REF! -> #REF! | J23: 2.9 | K23: Dirección de Investigación Universitaria | M23: ='2.9'!$I$9 -> 0 | N23: ='2.9'!$I$10 -> 0 | O23: ='2.9'!$I$11 -> 0 | P23: ='2.9'!$I$12 -> 0 | R23: 3.9 | S23: Dirección Financiera | U23: ='3.9'!$I$9 -> 0 | V23: ='3.9'!$I$10 -> 0 | W23: ='3.9'!$I$11 -> 0 | X23: ='3.9'!$I$12 -> 0
B24: 1.10 | C24: Sistema de Gestión de la Calidad | E24: =#REF! -> #REF! | F24: =#REF! -> #REF! | G24: =#REF! -> #REF! | H24: =#REF! -> #REF! | J24: 2.10 | K24: Dirección de Bienestar Universitario | M24: ='2.10'!$I$9 -> 0 | N24: ='2.10'!$I$10 -> 0 | O24: ='2.10'!$I$11 -> 0 | P24: ='2.10'!$I$12 -> 0 | R24: 3.10 | S24: Almacén | U24: ='3.10'!$I$9 -> 0 | V24: ='3.10'!$I$10 -> 0 | W24: ='3.10'!$I$11 -> 0 | X24: ='3.10'!$I$12 -> 0
B25: 1.11 | C25: Sistema de Gestión Ambiental | E25: =#REF! -> #REF! | F25: =#REF! -> #REF! | G25: =#REF! -> #REF! | H25: =#REF! -> #REF! | J25: 2.11 | K25: Dirección de Autoevaluación y Acreditación | M25: ='2.11'!$I$9 -> 0 | N25: ='2.11'!$I$10 -> 0 | O25: ='2.11'!$I$11 -> 0 | P25: ='2.11'!$I$12 -> 0 | R25: 3.11 | S25: Recursos Físicos y Servicios Generales | U25: ='3.11'!$I$9 -> 0 | V25: ='3.11'!$I$10 -> 0 | W25: ='3.11'!$I$11 -> 0 | X25: ='3.11'!$I$12 -> 0
J26: 2.12 | K26: Instituto de Posgrados | M26: ='2.12'!$I$9 -> 0 | N26: ='2.12'!$I$10 -> 0 | O26: ='2.12'!$I$11 -> 0 | P26: ='2.12'!$I$12 -> 0 | R26: 3.12 | S26: Sistema de Gestión de Seguridad y Salud en el Trabajo | U26: ='3.12'!$I$9 -> 0 | V26: ='3.12'!$I$10 -> 0 | W26: ='3.12'!$I$11 -> 0 | X26: ='3.12'!$I$12 -> 0
J27: 2.13 | K27: Unidad de Apoyo Académico | M27: ='2.13'!$I$9 -> 0 | N27: ='2.13'!$I$10 -> 0 | O27: ='2.13'!$I$11 -> 0 | P27: ='2.13'!$I$12 -> 0
J28: 2.14 | K28: Oficina de Desarrollo Académico | M28: ='2.14'!$I$9 -> 0 | N28: ='2.14'!$I$10 -> 0 | O28: ='2.14'!$I$11 -> 0 | P28: ='2.14'!$I$12 -> 0
J29: 2.15 | K29: Oficina de Educación Virtual y a Distancia | M29: ='2.15'!$I$9 -> 0 | N29: ='2.15'!$I$10 -> 0 | O29: ='2.15'!$I$11 -> 0 | P29: ='2.15'!$I$12 -> 0
J30: 2.16 | K30: Dialogando con el Mundo | M30: ='2.16'!$I$9 -> 0 | N30: ='2.16'!$I$10 -> 0 | O30: ='2.16'!$I$11 -> 0 | P30: ='2.16'!$I$12 -> 0
J31: 2.17 | K31: Escuela de Formación y Aprendizaje Docente (EFAD) | M31: ='2.17'!$I$9 -> 0 | N31: ='2.17'!$I$10 -> 0 | O31: ='2.17'!$I$11 -> 0 | P31: ='2.17'!$I$12 -> 0
J32: 2.18 | K32: Graduados | M32: ='2.18'!$I$9 -> 0 | N32: ='2.18'!$I$10 -> 0 | O32: ='2.18'!$I$11 -> 0 | P32: ='2.18'!$I$12 -> 0
J33: 2.19 | K33: Centro Académico Deportivo (CAD) | M33: ='2.19'!$I$9 -> 0 | N33: ='2.19'!$I$10 -> 0 | O33: ='2.19'!$I$11 -> 0 | P33: ='2.19'!$I$12 -> 0
J34: 2.20 | K34: Centro de Estudios Agroambientales | M34: ='2.20'!$I$9 -> 0 | N34: ='2.20'!$I$10 -> 0 | O34: ='2.20'!$I$11 -> 0 | P34: ='2.20'!$I$12 -> 0
J35: 2.21 | K35: Centro de Idiomas | M35: ='2.21'!$I$9 -> 0 | N35: ='2.21'!$I$10 -> 0 | O35: ='2.21'!$I$11 -> 0 | P35: ='2.21'!$I$12 -> 0
J36: 2.22 | K36: Centro Digital de Emprendimiento e Innovación (CDEI) | M36: ='2.22'!$I$9 -> 0 | N36: ='2.22'!$I$10 -> 0 | O36: ='2.22'!$I$11 -> 0 | P36: ='2.22'!$I$12 -> 0
J37: 2.23 | K37: Centro Transmedia | M37: ='2.23'!$I$9 -> 0 | N37: ='2.23'!$I$10 -> 0 | O37: ='2.23'!$I$11 -> 0 | P37: ='2.23'!$I$12 -> 0
J38: 2.24 | K38: Centro de Gestión del Conocimiento y el Aprendizaje (CGCA) | M38: ='2.24'!$I$9 -> 0 | N38: ='2.24'!$I$10 -> 0 | O38: ='2.24'!$I$11 -> 0 | P38: ='2.24'!$I$12 -> 0
J39: 2.25 | K39: Equidad y Diversidad | M39: ='2.25'!$I$9 -> 0 | N39: ='2.25'!$I$10 -> 0 | O39: ='2.25'!$I$11 -> 0 | P39: ='2.25'!$I$12 -> 0
J40: 2.26 | K40: Laboratorio de Innovación Social | M40: =#REF! -> #REF! | N40: =#REF! -> #REF! | O40: =#REF! -> #REF! | P40: =#REF! -> #REF!
J41: 2.27 | K41: Observatorio de Medios y Club de Lectura | M41: =#REF! -> #REF! | N41: =#REF! -> #REF! | O41: =#REF! -> #REF! | P41: =#REF! -> #REF!
J42: 2.28 | K42: Orlando Fals Borda | M42: =#REF! -> #REF! | N42: =#REF! -> #REF! | O42: =#REF! -> #REF! | P42: =#REF! -> #REF!
S45: Instrucciones para el diligenciamiento

Sheet Estadísticas
E2: MACROPROCESO ESTRATÉGICO | P2: CÓDIGO: EPIr049
E4: PROCESO GESTIÓN PLANEACIÓN INSTITUCIONAL | P4: VERSIÓN: 9
E6: PLAN DE ACCIÓN | P6: VIGENCIA: 2024-04-04
P7: PÁGINA: 2 de 58
B8: 13.
B11: Vigencia del Plan de Acción: | D11: =Contenido!D10 -> 0 | O11: Fecha de Publicación: | R11: =Contenido!S10 -> DD/MM/AAAA
B12: Versión: | D12: =Contenido!D11 -> 0
B14: Secretaría General | H14: Vicerrectoría Académica | N14: Vicerrectoría Administrativa y Finananciera
C17: 1 Trimestre | I17: 1 Trimestre | O17: 1 Trimestre
C18: 2 Trimestre | I18: 2 Trimestre | O18: 2 Trimestre
C19: 3 Trimestre | I19: 3 Trimestre | O19: 3 Trimestre
C20: 4 Trimestre | I20: 4 Trimestre | O20: 4 Trimestre

Sheet 1
D2: MACROPROCESO ESTRATÉGICO | L2: CÓDIGO: EPIr049
D4: PROCESO GESTIÓN PLANEACIÓN INSTITUCIONAL | L4: VERSIÓN: 9
D6: PLAN DE ACCIÓN | L6: VIGENCIA: 2024-04-08
L7: PÁGINA: 3 de 58
C8: 13.
E9: # Acciones 1° Trimestre: | F9: 1 | G9: % Total | H9: de Cumplimiento 1° Trimestre: | I9: =(SUM(L$15:L$18))/F9 -> 0.33333333
C10: Área: | D10: =[1]Contenido!C13 -> Secretaría General | E10: # Acciones 2° Trimestre: | F10: 1 | G10: % Total | H10: de Cumplimiento 2° Trimestre: | I10: =(SUM(L$21:L$27))/F10 -> 0.33333333 | L10: Instrucciones para el diligenciamiento
E11: # Acciones 3° Trimestre: | F11: 1 | G11: % Total | H11: de Cumplimiento 3° Trimestre: | I11: =(SUM(L$30:L$35))/F11 -> 0.66666667
E12: # Acciones 4° Trimestre: | F12: 1 | G12: % Total | H12: de Cumplimiento 4° Trimestre: | I12: =(SUM(L$38:L$42))/F12 -> 1
B14: Trimestre | C14: Frente | D14: Estrategia | E14: Meta | F14: Alta Dirección | G14: Área Responsable | H14: Tarea | I14: Descripción de la tarea | J14: Categoría de la tarea | K14: Entregable | L14: % Cumplimiento | M14: Observación de cumplimiento
B15: 1 | C15: Organización Social del Conocimiento y Aprendizaje Viva | D15: Posicionamiento y visibilidad de la Ucundinamarca | E15: Lograr el fenecimiento de la cuenta ante la Contraloría General de la República | F15: Secretaría General | G15: Secretaría General | H15: Avance 1T en el cumplimiento del plan de mejoramiento 2023 | I15: Avance 1T en el cumplimiento del plan de mejoramiento 2023 | J15: Táctica
B16: 1 | C16: Organización Social del Conocimiento y Aprendizaje Viva | D16: Trabajo en equipo y liderazgo promovido por la sede, las seccionales y extensiones | E16: Liderar los procesos electorales | F16: Secretaría General | G16: Secretaría General | H16: Proceso Precontractual para la adquisión de Tarjetones electorales | I16: Solicitud de inicio de proceso ABSr, con la identificación de las convocatorias. Recolección de cotizaciones | J16: Operativa
B17: 1 | C17: Organización Social del Conocimiento y Aprendizaje Viva | D17: Trabajo en equipo y liderazgo promovido por la sede, las seccionales y extensiones | E17: Verificar el cumplimiento a las metas y productos propuestos en los planes de acción a cargo de la Secretaria General, con el fin de contribuir al logro de las acciones estratégicas. | F17: Secretaría General | G17: Secretaría General | H17: Informe de Seguimiento de cumplimiento por dependencias | I17: Reuniones mensuales de seguimiento y acompañamiento permanente desde la SG | J17: Operativa | L17: 0.33333333
B18: 1
B20: Trimestre | C20: Frente | D20: Estrategia | E20: Meta | F20: Alta Dirección | G20: Área Responsable | H20: Tarea | I20: Descripción de la tarea | J20: Categoría de la tarea | K20: Entregable | L20: % Cumplimiento | M20: Observación de cumplimiento
B21: 2 | C21: Organización Social del Conocimiento y Aprendizaje Viva | D21: Posicionamiento y visibilidad de la Ucundinamarca | E21: Lograr el fenecimiento de la cuenta ante la Contraloría General de la República | F21: Secretaría General | G21: Secretaría General | H21: Avance 2T en el cumplimiento del plan de mejoramiento 2023 | I21: Avance 2T en el cumplimiento del plan de mejoramiento 2023 | J21: Táctica
B22: 2 | C22: Organización Social del Conocimiento y Aprendizaje Viva | D22: Trabajo en equipo y liderazgo promovido por la sede, las seccionales y extensiones | E22: Liderar los procesos electorales institucionales para diferentes cuerpos colegiados | F22: Secretaría General | G22: Secretaría General | H22: Comunicación del resultado del proceso eleccionario | I22: Escrutinio, comunicación del resultado y/o posesión de candidato electo. | J22: Operativa
B23: 2 | C23: Organización Social del Conocimiento y Aprendizaje Viva | D23: Trabajo en equipo y liderazgo promovido por la sede, las seccionales y extensiones | E23: Liderar los procesos electorales institucionales para diferentes cuerpos colegiados | F23: Secretaría General | G23: Secretaría General | H23: Desarrollo del proceso electoral en todas las fases reglamentarias | I23: Elecciones | J23: Operativa
B24: 2 | C24: Organización Social del Conocimiento y Aprendizaje Viva | D24: Trabajo en equipo y liderazgo promovido por la sede, las seccionales y extensiones | E24: Liderar los procesos electorales institucionales para diferentes cuerpos colegiados | F24: Secretaría General | G24: Secretaría General | H24: Emisión de convocatorias (actos administrativos) | I24: Realización, seguimiento y actualziación del Calendario electoral Universitario; 2. Verificación de los periodos de los representantes de los estamentos ante los Cuerpos colegiados | J24: Operativa
B25: 2 | C25: Organización Social del Conocimiento y Aprendizaje Viva | D25: Trabajo en equipo y liderazgo promovido por la sede, las seccionales y extensiones | E25: Verificar el cumplimiento a las metas y productos propuestos en los planes de acción a cargo de la Secretaria General, con el fin de contribuir al logro de las acciones estratégicas. | F25: Secretaría General | G25: Secretaría General | H25: Cronogramas de trabajo con las oficinas | I25: Reuniones mensuales de seguimiento, cumplimiento y acompañamiento permanente desde la SG | J25: Operativa
B26: 2 | C26: Organización Social del Conocimiento y Aprendizaje Viva | D26: Reingeniería de procesos | E26: Conceptos y Viabilidades para iniciar el proceso | F26: Secretaría General | G26: Secretaría General | H26: Conceptos y Viabilidades para iniciar el proceso | I26: Solicitud de concepto Juridico y solicitud de viabilidad Financiera | J26: Operativa | L26: 0.33333333
B27: 2
B29: Trimestre | C29: Frente | D29: Estrategia | E29: Meta | F29: Alta Dirección | G29: Área Responsable | H29: Tarea | I29: Descripción de la tarea | J29: Categoría de la tarea | K29: Entregable | L29: % Cumplimiento | M29: Observación de cumplimiento
B30: 3 | C30: Organización Social del Conocimiento y Aprendizaje Viva | D30: Convertir a la Universidad de Cundinamarca en una Institución educativa ágil para responder a los retos de una organización transmoderna y translocal | E30: Verificar el cumplimiento a las metas y productos propuestos en los planes de acción a cargo de la Secretaria General, con el fin de contribuir al logro de las acciones estratégicas. | F30: Secretaría General | G30: Secretaría General | H30: Cronogramas de trabajo con las oficinas | I30: Reuniones mensuales de seguimiento, cumplimiento y acompañamiento permanente desde la SG | J30: Estratégica
B31: 3 | C31: Organización Social del Conocimiento y Aprendizaje Viva | D31: Fortalecer el plan de medios y recursos educativos | E31: Conceptos y Viabilidades para iniciar el proceso | F31: Secretaría General | G31: Secretaría General | H31: Conceptos y Viabilidades para iniciar el proceso | I31: Solicitud de concepto Juridico y solicitud de viabilidad Financiera | J31: Estratégica
B32: 3 | C32: Organización Social del Conocimiento y Aprendizaje Viva | D32: Fortalecer el plan de medios y recursos educativos | E32: Liderar los procesos electorales institucionales para diferentes cuerpos colegiados | F32: Secretaría General | G32: Secretaría General | H32: Comunicación del resultado del proceso eleccionario | I32: Escrutinio, comunicación del resultado y/o posesión de candidato electo. | J32: Estratégica
B33: 3 | C33: Organización Social del Conocimiento y Aprendizaje Viva | D33: Fortalecer el plan de medios y recursos educativos | E33: Liderar los procesos electorales institucionales para diferentes cuerpos colegiados | F33: Secretaría General | G33: Secretaría General | H33: Desarrollo del proceso electoral en todas las fases reglamentarias | I33: Elecciones | J33: Estratégica
B34: 3 | C34: Organización Social del Conocimiento y Aprendizaje Viva | D34: Fortalecer el plan de medios y recursos educativos | E34: Liderar los procesos electorales institucionales para diferentes cuerpos colegiados | F34: Secretaría General | G34: Secretaría General | H34: Emisión de convocatorias (actos administrativos) | I34: Realización, seguimiento y actualziación del Calendario electoral Universitario; 2. Verificación de los periodos de los representantes de los estamentos ante los Cuerpos colegiados | J34: Estratégica
B35: 3 | L35: 0.66666667
B37: Trimestre | C37: Frente | D37: Estrategia | E37: Meta | F37: Alta Dirección | G37: Área Responsable | H37: Tarea | I37: Descripción de la tarea | J37: Categoría de la tarea | K37: Entregable | L37: % Cumplimiento | M37: Observación de cumplimiento
B38: 4 | C38: Organización Social del Conocimiento y Aprendizaje Viva | D38: Convertir a la Universidad de Cundinamarca en una Institución educativa ágil para responder a los retos de una organización transmoderna y translocal | E38: Verificar el cumplimiento a las metas y productos propuestos en los planes de acción a cargo de la Secretaria General, con el fin de contribuir al logro de las acciones estratégicas. | F38: Secretaría General | G38: Secretaría General | H38: Cronogramas de trabajo con las oficinas - Reuniones mensuales de seguimiento, cumplimiento y acompañamiento permanente desde la SG | I38: Reuniones mensuales de seguimiento, cumplimiento y acompañamiento permanente desde la SG | J38: Estratégica
B39: 4 | C39: Organización Social del Conocimiento y Aprendizaje Viva | D39: Fortalecer el plan de medios y recursos educativos | E39: Ejecución de gastos de funcionamiento | F39: Secretaría General | G39: Secretaría General | H39: Ejecución gastos de funcionamiento 90% | I39: Alcanzar la ejecución presupúestal de gastos de funcionamiento en un 90% | J39: Estratégica
B40: 4 | C40: Organización Social del Conocimiento y Aprendizaje Viva | D40: Fortalecer el plan de medios y recursos educativos | E40: Ejecución de gastos de funcionamiento | F40: Secretaría General | G40: Secretaría General | H40: Ejecución gastos de funcionamiento 90% - Alcanzar la ejecución presupúestal de gastos de funcionamiento en un 90% | I40: Alcanzar la ejecución presupúestal de gastos de funcionamiento en un 90% | J40: Estratégica
B41: 4 | C41: Organización Social del Conocimiento y Aprendizaje Viva | D41: Fortalecer el plan de medios y recursos educativos | E41: Lograr el fortalecimiento de la cuenta ante la Contraloría General de la República | F41: Secretaría General | G41: Secretaría General | H41: Avance 3T en el cumplimiento del plan de mejoramiento 2023 | I41: Avance 3T en el cumplimiento del plan de mejoramiento 2023 | J41: Estratégica
B42: 4 | L42: 1

Sheet 1.1 
D2: MACROPROCESO ESTRATÉGICO | L2: CÓDIGO: EPIr049
D4: PROCESO GESTIÓN PLANEACIÓN INSTITUCIONAL | L4: VERSIÓN: 9
D6: PLAN DE ACCIÓN | L6: VIGENCIA: 2024-04-08
L7: PÁGINA: 4 de 58
C8: 13.
E9: # Acciones 1° Trimestre: | F9: 1 | G9: % Total | H9: de Cumplimiento 1° Trimestre: | I9: =(SUM(L$15:L$17))/F9 -> 0.66666667
C10: Área: | D10: =[1]Contenido!C15 -> Dirección Jurídica | E10: # Acciones 2° Trimestre: | F10: 1 | G10: % Total | H10: de Cumplimiento 2° Trimestre: | I10: =(SUM(L$20:L$22))/F10 -> 0.33333333 | L10: Instrucciones para el diligenciamiento
E11: # Acciones 3° Trimestre: | F11: 1 | G11: % Total | H11: de Cumplimiento 3° Trimestre: | I11: =(SUM(L$25:L$28))/F11 -> 0.33333333
E12: # Acciones 4° Trimestre: | F12: 1 | G12: % Total | H12: de Cumplimiento 4° Trimestre: | I12: =(SUM(L$31:L$34))/F12 -> 1
B14: Trimestre | C14: Frente | D14: Estrategia | E14: Meta | F14: Alta Dirección | G14: Área Responsable | H14: Tarea | I14: Descripción de la tarea | J14: Categoría de la tarea | K14: Entregable | L14: % Cumplimiento | M14: Observación de cumplimiento
B15: 1 | C15: Organización Social del Conocimiento y Aprendizaje Viva | D15: Plan Desarrollo | E15: Informativo Juridico | F15: Secretaría General | G15: Dirección Jurídica | H15: Busqueda Jurisprudencial | I15: Se realizara la Busqueda de Juridisprudencia de interes para la Universidad de Cundinamarca. | J15: Estratégica
B16: 1 | C16: Organización Social del Conocimiento y Aprendizaje Viva | D16: Plan Desarrollo | E16: Organigrama Normativo Digital | F16: Secretaría General | G16: Dirección Jurídica | H16: Selección de Herramienta Digital | I16: La Direccion juridica evaluara y seleccionara la herramienta digital idonea para realizar el Organigrama normativo Digital | J16: Estratégica
B17: 1 | L17: 0.66666667
B19: Trimestre | C19: Frente | D19: Estrategia | E19: Meta | F19: Alta Dirección | G19: Área Responsable | H19: Tarea | I19: Descripción de la tarea | J19: Categoría de la tarea | K19: Entregable | L19: % Cumplimiento | M19: Observación de cumplimiento
B20: 2 | C20: Organización Social del Conocimiento y Aprendizaje Viva | D20: Plan Desarrollo | E20: Organigrama Normativo Digital | F20: Secretaría General | G20: Dirección Jurídica | H20: Recopilación Normativa | I20: Mediante OneDrive se recopilara por Dependencias la normatividad aplicable a cada dependencia | J20: Estratégica
B21: 2 | C21: Organización Social del Conocimiento y Aprendizaje Viva | D21: Plan Desarrollo | E21: Organigrama Normativo Digital | F21: Secretaría General | G21: Dirección Jurídica | H21: Busqueda Jurisprudencial | I21: Se realizara la recoleccion de Juridisprudencia de interes para la Universidad de Cundinamarca y se almacenara mediante OneDrive | J21: Estratégica | L21: 0.33333333
B22: 2
B24: Trimestre | C24: Frente | D24: Estrategia | E24: Meta | F24: Alta Dirección | G24: Área Responsable | H24: Tarea | I24: Descripción de la tarea | J24: Categoría de la tarea | K24: Entregable | L24: % Cumplimiento | M24: Observación de cumplimiento
B25: 3 | C25: Organización Social del Conocimiento y Aprendizaje Viva | D25: Convertir a la Universidad de Cundinamarca en una Institución educativa ágil para responder a los retos de una organización transmoderna y translocal | E25: Informativo Jurídico | F25: Secretaría General | G25: Dirección Jurídica | H25: AVANCE DE INFORMATIVO JURIDICO - La Dirección Jurídica, una vez, efectuada la recopilación de las Jurisprudencias de interés para la Universidad de Cundinamarca y efectuado un análisis de cada una, efectuará proyecto de Avance de Informativo Juridico | I25: La Dirección Jurídica, una vez, efectuada la recopilación de las Jurisprudencias de interés para la Universidad de Cundinamarca y efectuado un análisis de cada una, efectuará proyecto de Avance de Informativo Juridico
B26: 3 | C26: Organización Social del Conocimiento y Aprendizaje Viva | D26: Convertir a la Universidad de Cundinamarca en una Institución educativa ágil para responder a los retos de una organización transmoderna y translocal | E26: Organigrama Normativo Digital | F26: Secretaría General | G26: Dirección Jurídica | H26: AVANCE DE ORGANIGRAMA - La Dirección Jurídica, una vez, efectuada la recopilación de la normatividad para cada área que integra el Organigrama de la Universidad, efectuará proyecto mediante el aplicativo VISIO | I26: La Dirección Jurídica, una vez, efectuada la recopilación de la normatividad para cada área que integra el Organigrama de la Universidad, efectuará proyecto mediante el aplicativo VISIO | J26: Táctica
B27: 3 | C27: Organización Social del Conocimiento y Aprendizaje Viva | D27: Fortalecer el plan de medios y recursos educativos | E27: Efectuar seguimiento a la ejecución presupuestal. | F27: Secretaría General | G27: Dirección Jurídica | H27: INFORME DE LA EJECUCION PRESUPUESTAL DE LOS RECURSOS ASIGNADO - Reporte trimestral de la ejecución presupuestal de los recursos que tiene asignados, en atención de los porcentajes de ejecución establecidos por el Comité Universitario de Política Fiscal - COUNFIS | I27: Reporte trimestral de la ejecución presupuestal de los recursos que tiene asignados, en atención de los porcentajes de ejecución establecidos por el Comité Universitario de Política Fiscal - COUNFIS | J27: Táctica
B28: 3 | L28: 0.33333333
B30: Trimestre | C30: Frente | D30: Estrategia | E30: Meta | F30: Alta Dirección | G30: Área Responsable | H30: Tarea | I30: Descripción de la tarea | J30: Categoría de la tarea | K30: Entregable | L30: % Cumplimiento | M30: Observación de cumplimiento
B31: 4 | C31: Organización Social del Conocimiento y Aprendizaje Viva | D31: Convertir a la Universidad de Cundinamarca en una Institución educativa ágil para responder a los retos de una organización transmoderna y translocal | E31: Informativo Jurídico | F31: Secretaría General | G31: Dirección Jurídica | H31: PUBLICACION INFORMATIVO JURIDICO - La Direccion juridica divulgara mediante el medio de comunicación idoneo, el Informativo Juridico, lo anterior, efectuando la solicitud a traves de la Plataforma | I31: La Direccion juridica divulgara mediante el medio de comunicación idoneo, el Informativo Juridico, lo anterior, efectuando la solicitud a traves de la Plataforma Institucional - Gestiones Comunicaciones. | J31: Operativa
B32: 4 | C32: Organización Social del Conocimiento y Aprendizaje Viva | D32: Convertir a la Universidad de Cundinamarca en una Institución educativa ágil para responder a los retos de una organización transmoderna y translocal | E32: Organigrama Normativo Digital | F32: Secretaría General | G32: Dirección Jurídica | H32: PUBLICACION ORGANIGRAMA NORMATIO DIGITAL - La Direccion juridica divulgara mediante el medio de comunicación idoneo, el Organigrama Normativo Digital, lo anterior, efectuando la solicitud a traves de la Plataforma Institucional - Gestiones Comunicaciones. | I32: La Direccion juridica divulgara mediante el medio de comunicación idoneo, el Organigrama Normativo Digital, lo anterior, efectuando la solicitud a traves de la Plataforma Institucional - Gestiones Comunicaciones. | J32: Operativa
B33: 4 | C33: Organización Social del Conocimiento y Aprendizaje Viva | D33: Fortalecer el plan de medios y recursos educativos | E33: Efectuar seguimiento a la ejecución presupuestal. | F33: Secretaría General | G33: Dirección Jurídica | H33: INFORME DE LA EJECUCION PRESUPUESTAL DE LOS RECURSOS ASIGNADO - Reporte trimestral de la ejecución presupuestal de los recursos que tiene asignados, en atención de los porcentajes de ejecución establecidos por el Comité Universitario de Política Fiscal - COUNFIS. | I33: Reporte trimestral de la ejecución presupuestal de los recursos que tiene asignados, en atención de los porcentajes de ejecución establecidos por el Comité Universitario de Política Fiscal - COUNFIS | J33: Estratégica
B34: 4 | L34: 1

Sheet 1.2 
D2: MACROPROCESO ESTRATÉGICO | L2: CÓDIGO: EPIr049
D4: PROCESO GESTIÓN PLANEACIÓN INSTITUCIONAL | L4: VERSIÓN: 9
D6: PLAN DE ACCIÓN | L6: VIGENCIA: 2024-04-08
L7: PÁGINA: 5 de 58
C8: 13.
E9: # Acciones 1° Trimestre: | F9: 1 | G9: % Total | H9: de Cumplimiento 1° Trimestre: | I9: =(SUM(L$15:L$25))/F9 -> 0
C10: Área: | D10: =[1]Contenido!C16 -> Dirección de Planeación Institucional | E10: # Acciones 2° Trimestre: | F10: 1 | G10: % Total | H10: de Cumplimiento 2° Trimestre: | I10: =(SUM(L$28:L$47))/F10 -> 0 | L10: Instrucciones para el diligenciamiento
E11: # Acciones 3° Trimestre: | F11: 1 | G11: % Total | H11: de Cumplimiento 3° Trimestre: | I11: =(SUM(L$50:L$63))/F11 -> 0
E12: # Acciones 4° Trimestre: | F12: 1 | G12: % Total | H12: de Cumplimiento 4° Trimestre: | I12: =(SUM(L$66:L$92))/F12 -> 0
B14: Trimestre | C14: Frente | D14: Estrategia | E14: Meta | F14: Alta Dirección | G14: Área Responsable | H14: Tarea | I14: Descripción de la tarea | J14: Categoría de la tarea | K14: Entregable | L14: % Cumplimiento | M14: Observación de cumplimiento
B15: 1 | C15: Organización Social del Conocimiento y Aprendizaje Viva | D15: Implementar el Modelo Integrado de Planeación y Gestión (MIPG) | E15: Crear e implementar una ruta de Fortalecimiento a la Estrategia de Transparencia integral desde la dimensión Gestión de Valores por Resultado, en temas como rendición de cuentas, anticorrupción, acceso a la información pública, inclusión, participación ciudadana y satisfacción. | F15: Secretaría General | G15: Dirección de Planeación Institucional | H15: Desarrollar un análisis del estado situacional de las herramientas de la estrategia de transparencia institucional vigencia 2022 - 2023 | I15: Resultado del análisis del estado situacional de la política de transparencia (ITA) | J15: Operativa
B16: 1 | C16: Organización Social del Conocimiento y Aprendizaje Viva | D16: Implementar el Modelo Integrado de Planeación y Gestión (MIPG) | E16: Política de Gestión del Conocimiento y la Innovación | F16: Secretaría General | G16: Dirección de Planeación Institucional | H16: Elaboración autodianóstico de la política de gestión del conocimiento y la innovación | I16: Autodiagnóstico desarrollado | J16: Operativa
B17: 1 | C17: Organización Social del Conocimiento y Aprendizaje Viva | D17: Implementar el Modelo Integrado de Planeación y Gestión (MIPG) | E17: Política de Seguimiento y Evaluación del Desempeño | F17: Secretaría General | G17: Dirección de Planeación Institucional | H17: Primer Monitoreo Racionalización de Trámites y servicios PAAC | I17: Informe de seguimiento a trámites | J17: Operativa
B18: 1 | C18: Organización Social del Conocimiento y Aprendizaje Viva | D18: Implementar el Modelo Integrado de Planeación y Gestión (MIPG) | E18: Política de Transparencia, acceso a la información pública y lucha contra la corrupción. | F18: Secretaría General | G18: Dirección de Planeación Institucional | H18: Elaboración y publicación de la estrategia del PAAC vigencia 2024 | I18: PAAC publicado | J18: Estratégica
B19: 1 | C19: Organización Social del Conocimiento y Aprendizaje Viva | D19: Implementar el Modelo Integrado de Planeación y Gestión (MIPG) | E19: Política Planeación Institucional. | F19: Secretaría General | G19: Dirección de Planeación Institucional | H19: Elaboración autodiagnóstico de política | I19: Diagnostico elaborado | J19: Operativa
B20: 1 | C20: Organización Social del Conocimiento y Aprendizaje Viva | D20: Certificación de los Sistemas de Gestión e integración | E20: Llevar a cabo la Auditoría de certificación en la norma ISO 37001 -Sistemas de Gestión Anti-Soborno. | F20: Secretaría General | G20: Dirección de Planeación Institucional | H20: Jornada de capacitación de lineamientos establecidos del Sistema de Gestión Antisoborno | I20: Convocatoria | J20: Estratégica
B21: 1 | C21: Organización Social del Conocimiento y Aprendizaje Viva | D21: Desarrollo físico, mejoramiento de la infraestructura, modernización y adecuación de laboratorios | E21: Actualizar e implementar Plan de desarrollo físico | F21: Secretaría General | G21: Dirección de Planeación Institucional | H21: Actualizacion de planimetria Extensión Facatativá Trimestre 1 | I21: Visitas técnicas a la extensión Facacatativá, para el levantamiento de información planimetria que permita generar planos arquitectonicos | J21: Estratégica
B22: 1 | C22: Organización Social del Conocimiento y Aprendizaje Viva | D22: Desarrollo físico, mejoramiento de la infraestructura, modernización y adecuación de laboratorios | E22: Presentar los proyectos diseñados al sistema general de regalías. | F22: Secretaría General | G22: Dirección de Planeación Institucional | H22: Formulación del proyecto según requisitos acuerdo 07 Comisión rectora SGR T1 | I22: De acuerdo con la ley 2056 de 2020 del Sistema General de Regalias, todo proyecto susceptible de ser financiado por este fondo debe cumplir con unos supuestos de prefactibilidad y asi poder definir dentro del SGR que fondo podria realizar la financiación del mismo, por lo tanto durante el primer trimestre se debe realizar el levantamiento de la información diagnostica que soporte el proyecto. | J22: Estratégica
B23: 1 | C23: Organización Social del Conocimiento y Aprendizaje Viva | D23: Desarrollo físico, mejoramiento de la infraestructura, modernización y adecuación de laboratorios | E23: Seguimiento y actualización del inventario de espacios académicos y administrativos. | F23: Secretaría General | G23: Dirección de Planeación Institucional | H23: Validación y actualización del inventario de Espacios Fisicos de la Sede de Fusagasugá | I23: Validación y actualización del inventario de Espacios Fisicos de la Sede de Fusagasugá | J23: Operativa
B24: 1 | C24: Organización Social del Conocimiento y Aprendizaje Viva | D24: Austeridad y racionalización del gasto | E24: Ejecución Plan de Inversión | F24: Secretaría General | G24: Dirección de Planeación Institucional | H24: Ejecución T1 18% Dirección de Planeación Institucional | I24: Alcanzar la ejecución de Planes de inversión 2023 en un 18% | J24: Táctica
B25: 1
B27: Trimestre | C27: Frente | D27: Estrategia | E27: Meta | F27: Alta Dirección | G27: Área Responsable | H27: Tarea | I27: Descripción de la tarea | J27: Categoría de la tarea | K27: Entregable | L27: % Cumplimiento | M27: Observación de cumplimiento
B28: 2 | C28: Organización Social del Conocimiento y Aprendizaje Viva | D28: Implementar el Modelo Integrado de Planeación y Gestión (MIPG) | E28: Actualización y formalización del código autonómico versión 3. | F28: Secretaría General | G28: Dirección de Planeación Institucional | H28: Actualización y socialización del código autonómico, versión 3 y peusta en marcha del reto de la integridad. | I28: Jornada de socialización. | J28: Estratégica
B29: 2 | C29: Organización Social del Conocimiento y Aprendizaje Viva | D29: Implementar el Modelo Integrado de Planeación y Gestión (MIPG) | E29: Consolidar el Modelo Integrado de Planeación y Gestión (MIPG) (nivel medio) | F29: Secretaría General | G29: Dirección de Planeación Institucional | H29: Identificación y divulgación de las etapas del modelo MIPG en la Ucundinamarca. | I29: Informe de identificación | J29: Estratégica
B30: 2 | C30: Organización Social del Conocimiento y Aprendizaje Viva | D30: Implementar el Modelo Integrado de Planeación y Gestión (MIPG) | E30: Crear e implementar una ruta de Fortalecimiento a la Estrategia de Transparencia integral desde la dimensión Gestión de Valores por Resultado, en temas como rendición de cuentas, anticorrupción, acceso a la información pública, inclusión, participación ciudadana y satisfacción. | F30: Secretaría General | G30: Dirección de Planeación Institucional | H30: Desarrollar ejercicios de participación ciudadana para identificar la información de interes que debe ser publicada. | I30: 1 ejercicio de participación ciudadana desarrollado - memorias del ejercicio - metrica - lista de asistencia | J30: Estratégica
B31: 2 | C31: Organización Social del Conocimiento y Aprendizaje Viva | D31: Implementar el Modelo Integrado de Planeación y Gestión (MIPG) | E31: Lograr que los resultados del Formulario Único Reporte de Avances de la Gestión (FURAG) estén en 95% | F31: Secretaría General | G31: Dirección de Planeación Institucional | H31: Consolidación resultados autodiagnósticos de política | I31: Informe de resultados de autodiagnósitcos | J31: Operativa
B32: 2 | C32: Organización Social del Conocimiento y Aprendizaje Viva | D32: Implementar el Modelo Integrado de Planeación y Gestión (MIPG) | E32: Lograr que los resultados del Formulario Único Reporte de Avances de la Gestión (FURAG) estén en 95% | F32: Secretaría General | G32: Dirección de Planeación Institucional | H32: Implementación mesas de trabajo socialización estrategia de reporte al FURAG, validando avances porcentuales | I32: Listas de asistencia a las mesas de trabajo - Informe del avance porcentual de políticas | J32: Operativa
B33: 2 | C33: Organización Social del Conocimiento y Aprendizaje Viva | D33: Implementar el Modelo Integrado de Planeación y Gestión (MIPG) | E33: Política de Transparencia, acceso a la información pública y lucha contra la corrupción. | F33: Secretaría General | G33: Dirección de Planeación Institucional | H33: Mesas de trabajo para abordar la gestión del riesgo con los procesos y publicación de la matriz del PAAC vigencia 2024 | I33: PAAC publicado | J33: Estratégica
B34: 2 | C34: Organización Social del Conocimiento y Aprendizaje Viva | D34: Implementar el Modelo Integrado de Planeación y Gestión (MIPG) | E34: Política de Transparencia, acceso a la información pública y lucha contra la corrupción. | F34: Secretaría General | G34: Dirección de Planeación Institucional | H34: Monitoreo cuatrimestral gestión de riesgos de corrupción- PAAC | I34: Informe de primer cuatrimestre monitoreo a riesgos de corrupción | J34: Estratégica
B35: 2 | C35: Organización Social del Conocimiento y Aprendizaje Viva | D35: Implementar el Modelo Integrado de Planeación y Gestión (MIPG) | E35: Política Planeación Institucional. | F35: Secretaría General | G35: Dirección de Planeación Institucional | H35: Estrategia de rendición de cuentas | I35: Desarrollo de los ejercicios de rendición de cuentas | J35: Estratégica
B36: 2 | C36: Organización Social del Conocimiento y Aprendizaje Viva | D36: Implementar el Modelo Integrado de Planeación y Gestión (MIPG) | E36: Política Planeación Institucional. | F36: Secretaría General | G36: Dirección de Planeación Institucional | H36: Informe porcentual del cierre de brechas T2 | I36: Informe porcentual del cierre de brechas | J36: Operativa
B37: 2 | C37: Organización Social del Conocimiento y Aprendizaje Viva | D37: Implementar el Modelo Integrado de Planeación y Gestión (MIPG) | E37: Política Planeación Institucional. | F37: Secretaría General | G37: Dirección de Planeación Institucional | H37: Seguimiento Trámites y servicios PAAC T2 | I37: Informe de seguimiento a trámites | J37: Operativa
B38: 2 | C38: Organización Social del Conocimiento y Aprendizaje Viva | D38: Certificación de los Sistemas de Gestión e integración | E38: Implementación del Sistema de Gestión Antisoborno. | F38: Secretaría General | G38: Dirección de Planeación Institucional | H38: Presentación del avance porcentual del Sistema de Gestión Antisoborno. | I38: Informe Oficial de Cumplimiento | J38: Estratégica
B39: 2 | C39: Organización Social del Conocimiento y Aprendizaje Viva | D39: Certificación de los Sistemas de Gestión e integración | E39: Llevar a cabo la Auditoría de certificación en la norma ISO 37001 - | F39: Secretaría General | G39: Dirección de Planeación Institucional | H39: Acompañamiento en la formulación y ejecución de planes de mejoramiento producto de la auditoría interna vigencia 2023 del Sistema de Gestión Antisoborno | I39: Reporte de Aplicativo de acciones correctivas y de mejora | J39: Estratégica
... B46: 2 | C46: Organización Social del Conocimiento y Aprendizaje Viva | D46: Austeridad y racionalización del gasto | E46: Ejecución Plan de Inversión | F46: Secretaría General | G46: Dirección de Planeación Institucional | H46: Ejecución T2 32% Dirección de Planeación Institucional | I46: Alcanzar la ejecución de Planes de inversión 2023 en un 32% | J46: Táctica
B47: 2
B49: Trimestre | C49: Frente | D49: Estrategia | E49: Meta | F49: Alta Dirección | G49: Área Responsable | H49: Tarea | I49: Descripción de la tarea | J49: Categoría de la tarea | K49: Entregable | L49: % Cumplimiento | M49: Observación de cumplimiento
B50: 3 | C50: Organización Social del Conocimiento y Aprendizaje Viva | D50: Fortalecer el plan de medios y recursos educativos. | E50: Ejecución Plan de Inversión | F50: Secretaría General | G50: Dirección de Planeación Institucional | H50: Ejecución T3 63% | I50: Alcanzar la ejecución de Planes de inversión 2024 en un 63% | J50: Táctica
B51: 3 | C51: Organización Social del Conocimiento y Aprendizaje Viva | D51: Modernizar la infraestructura tecnológica de la Universidad de Cundinamarca | E51: Actualizar e implementar Plan de desarrollo físico | F51: Secretaría General | G51: Dirección de Planeación Institucional | H51: Validación y Actualización del Inventario de Espacios Físicos de Extensiones / Seccionales de la Universidad de Cundinamarca | I51: Validación y actualización del inventario de Espacios Físicos de las Seccional Ubaté | J51: Táctica
B52: 3 | C52: Organización Social del Conocimiento y Aprendizaje Viva | D52: Modernizar la infraestructura tecnológica de la Universidad de Cundinamarca | E52: Actualizar e implementar Plan de desarrollo físico | F52: Secretaría General | G52: Dirección de Planeación Institucional | H52: Visita tecnica a la Seccional Girardot para el levantamiento de planimetria arquitectonica. | I52: Visitas técnicas a la Seccional Girardot, para el levantamiento de información planimetria que permita geenrar planos arquitectonicos actualizados. | J52: Estratégica
B53: 3 | C53: Organización Social del Conocimiento y Aprendizaje Viva | D53: Modernizar la infraestructura tecnológica de la Universidad de Cundinamarca | E53: Presentar los proyectos diseñados al sistema general de regalías. | F53: Secretaría General | G53: Dirección de Planeación Institucional | H53: Proyecto Formulado según requisitos acuerdo 07 Comisión rectora SGR T3 | I53: Documento técnico construido, viabiable, presupuestado y demás documentos que hacen parte de los requisitos de viabilización de proyectos de regalias según acuerdo de Comisión Rectora. | J53: Estratégica
B54: 3 | C54: Organización Social del Conocimiento y Aprendizaje Viva | D54: Implementar los sistemas integrados de gestión en la Universidad de Cundinamarca | E54: Certificar el sistema de seguridad y salud en el trabajo, sistema de gestión ambiental, antisoborno y EFR | F54: Secretaría General | G54: Dirección de Planeación Institucional | H54: Mantenimiento y mejora contínua del Sistema de Gestión Antisoborno. | I54: Seguimiento al avance o cumplimiento de los planes de mejoramiento como resultado de auditoría interna y/o externa. | J54: Operativa
B55: 3 | C55: Organización Social del Conocimiento y Aprendizaje Viva | D55: Implementar los sistemas integrados de gestión en la Universidad de Cundinamarca | E55: Certificar el sistema de seguridad y salud en el trabajo, sistema de gestión ambiental, antisoborno y EFR | F55: Secretaría General | G55: Dirección de Planeación Institucional | H55: Presentar resultados de auditoría de certificación realizada - y formulacion de planes de mejoramiento (si aplica) | I55: Presentar en la Comisión de Desempeño Institucional y Comisión de Gestion resultados de auditoría Externa ICONTEC - Implementación Sistema de Gestión Antisoborno | J55: Operativa
B56: 3 | C56: Organización Social del Conocimiento y Aprendizaje Viva | D56: Implementar los sistemas integrados de gestión en la Universidad de Cundinamarca | E56: Lograr las certificaciones que posiciones a la Udec como una institución educativa competitiva | F56: Secretaría General | G56: Dirección de Planeación Institucional | H56: Jornada de capacitación de lineamientos establecidos del Sistema de Gestión Antisoborno | I56: Listado de Asistencia Convocatoria | J56: Estratégica
B57: 3 | C57: Organización Social del Conocimiento y Aprendizaje Viva | D57: Implementar los sistemas integrados de gestión en la Universidad de Cundinamarca | E57: Posicionar a la ucundiamarca como una institución educativa competitiva que obtenga un resultado por encima del promedio nacional de índice de desempeño institucional y control interno. | F57: Secretaría General | G57: Dirección de Planeación Institucional | H57: Consolidación de la política de planeación institucional | I57: Informe de implementación de política | J57: Táctica
B58: 3 | C58: Organización Social del Conocimiento y Aprendizaje Viva | D58: Implementar los sistemas integrados de gestión en la Universidad de Cundinamarca | E58: Posicionar a la ucundiamarca como una institución educativa competitiva que obtenga un resultado por encima del promedio nacional de índice de desempeño institucional y control interno. | F58: Secretaría General | G58: Dirección de Planeación Institucional | H58: Consolidar el Modelo Integrado de Planeación y Gestión (MIPG) (nivel medio) | I58: Desarrollar una estrategia de visibilización y divulgación de las experiencias exitosas de la implementación del MIPG en la institución | J58: Estratégica
B59: 3 | C59: Organización Social del Conocimiento y Aprendizaje Viva | D59: Implementar los sistemas integrados de gestión en la Universidad de Cundinamarca | E59: Posicionar a la ucundiamarca como una institución educativa competitiva que obtenga un resultado por encima del promedio nacional de índice de desempeño institucional y control interno. | F59: Secretaría General | G59: Dirección de Planeación Institucional | H59: Consolidar el Modelo Integrado de Planeación y Gestión (MIPG) (nivel medio) - Reporte y resutlados del formulario de avances de la gestión FURAG | I59: Reporte y resutlados del formulario de avances de la gestión FURAG | J59: Operativa
B60: 3 | C60: Organización Social del Conocimiento y Aprendizaje Viva | D60: Implementar los sistemas integrados de gestión en la Universidad de Cundinamarca | E60: Posicionar a la ucundiamarca como una institución educativa competitiva que obtenga un resultado por encima del promedio nacional de índice de desempeño institucional y control interno. | F60: Secretaría General | G60: Dirección de Planeación Institucional | H60: Desarrollar la Política de Transparencia, acceso a la información pública y lucha contra la corrupción | I60: Monitoreo cuatrimestral gestión de riesgos de corrupción- PAAC | J60: Estratégica
B61: 3 | C61: Organización Social del Conocimiento y Aprendizaje Viva | D61: Implementar los sistemas integrados de gestión en la Universidad de Cundinamarca | E61: Posicionar a la ucundiamarca como una institución educativa competitiva que obtenga un resultado por encima del promedio nacional de índice de desempeño institucional y control interno. | F61: Secretaría General | G61: Dirección de Planeación Institucional | H61: Diseñar de la estrategia de - café para conversar e inspirar | I61: Estrategia diseñada y con espacio generado | J61: Estratégica
B62: 3 | C62: Organización Social del Conocimiento y Aprendizaje Viva | D62: Implementar los sistemas integrados de gestión en la Universidad de Cundinamarca | E62: Posicionar a la ucundiamarca como una institución educativa competitiva que obtenga un resultado por encima del promedio nacional de índice de desempeño institucional y control interno. | F62: Secretaría General | G62: Dirección de Planeación Institucional | H62: Segundo Monitoreo Racionalización de Trámites y servicios PAAC | I62: Segundo Monitoreo de las estrategias definidas para la Racionalización de Trámites y Servicios- SUIT | J62: Operativa
B63: 3
B65: Trimestre | C65: Frente | D65: Estrategia | E65: Meta | F65: Alta Dirección | G65: Área Responsable | H65: Tarea | I65: Descripción de la tarea | J65: Categoría de la tarea | K65: Entregable | L65: % Cumplimiento | M65: Observación de cumplimiento
B66: 4 | C66: Organización Social del Conocimiento y Aprendizaje Viva | D66: Implementar el Modelo Integrado de Planeación y Gestión (MIPG) | E66: Política de Transparencia, acceso a la información pública y lucha contra la corrupción. | F66: Secretaría General | G66: Dirección de Planeación Institucional | H66: Mesas de trabajo para abordar la gestión del riesgo con los procesos y publicación de la matriz del PAAC vigencia 2024-ultimo Monitoreo | I66: PAAC publicado | J66: Estratégica
B67: 4 | C67: Organización Social del Conocimiento y Aprendizaje Viva | D67: Certificación de los Sistemas de Gestión e integración | E67: Llevar a cabo la Auditoría de certificación en la norma ISO 37001 -Sistemas de Gestión Anti-Soborno. | F67: Secretaría General | G67: Dirección de Planeación Institucional | H67: Preparación- simulacro de auditoría de certificación del Sistema de Gestión Antisoborno-SGAS | I67: Listado de Asistencia | J67: Estratégica
B68: 4 | C68: Organización Social del Conocimiento y Aprendizaje Viva | D68: Fortalecer el plan de medios y recursos educativos. | E68: Digitalización banco de proyectos. | F68: Secretaría General | G68: Dirección de Planeación Institucional | H68: Despliegue de la Fase 2 del Ciclo de Vida del Banco Universitario de Programas y Proyectos de Inversión | I68: Despliegue de la Fase 2 del Ciclo de vida del Banco Universitario de Programas y Proyectos de Inversión de la Universidad de Cundinamarca a través de Plataforma Institucional con la priorización de la inversión para la vigencia 2025 | J68: Táctica
B69: 4 | C69: Organización Social del Conocimiento y Aprendizaje Viva | D69: Fortalecer el plan de medios y recursos educativos. | E69: Digitalización banco de proyectos. | F69: Secretaría General | G69: Dirección de Planeación Institucional | H69: Levantamiento de requerimientos software para las Fases 3, 4 y 5 del Ciclo de vida del Banco Universitario de Programas y Proyectos de Inversión | I69: Levantamiento de requerimientos de desarrollo software para las Fases 3, 4 y 5 del Ciclo de vida del Banco Universitario de Programas y Proyectos de Inversión de la Universidad de Cundinamarca a través de Plataforma Institucional | J69: Táctica
B70: 4 | C70: Organización Social del Conocimiento y Aprendizaje Viva | D70: Fortalecer el plan de medios y recursos educativos. | E70: Ejecución Plan de Inversión | F70: Secretaría General | G70: Dirección de Planeación Institucional | H70: Ejecución T4 90% | I70: Alcanzar la ejecución de Planes de inversión 2024 en un 90% | J70: Táctica
B71: 4 | C71: Organización Social del Conocimiento y Aprendizaje Viva | D71: Modernizar la infraestructura tecnológica de la Universidad de Cundinamarca | E71: Actualizar e implementar Plan de desarrollo físico | F71: Secretaría General | G71: Dirección de Planeación Institucional | H71: Digitalización de información Girardot | I71: Digitalizar planimetria levantada en sitio mediante software Autocad, lo que permitirá agilizar y desarrollar proyectos acentados a la realidad. | J71: Táctica
B72: 4 | C72: Organización Social del Conocimiento y Aprendizaje Viva | D72: Modernizar la infraestructura tecnológica de la Universidad de Cundinamarca | E72: Actualizar e implementar Plan de desarrollo físico | F72: Secretaría General | G72: Dirección de Planeación Institucional | H72: Validación y actualización de los planos de la Universidad de Cundinamarca | I72: Validación y actualización de los planos de la Universidad de Cundinamarca | J72: Operativa
B73: 4 | C73: Organización Social del Conocimiento y Aprendizaje Viva | D73: Avanzar en la implementación de Gobierno de datos, gobierno en linea, e incorporar componantes de inteligencia artificial en procesos académicos y administrativos | E73: Avanzar en la implementación de Gobierno de datos, Gobierno en linea e incorporar componentes de inteligencia artificial en procesos académicos y administrativos. | F73: Secretaría General | G73: Dirección de Planeación Institucional | H73: Atención de Solicitudes Estadísticas | I73: Elaboración y presentación de la analítica de datos Dirección de Planeación Institucional u otros procesos por medio de tableros Power BI | J73: Estratégica
B74: 4 | C74: Organización Social del Conocimiento y Aprendizaje Viva | D74: Implementar los sistemas integrados de gestión en la Universidad de Cundinamarca | E74: Certificar el sistema de seguridad y salud en el trabajo, sistema de gestión ambiental, antisoborno y EFR | F74: Secretaría General | G74: Dirección de Planeación Institucional | H74: Mantenimiento y mejora contínua del Sistema de Gestión Antisoborno | I74: Seguimiento al avance o cumplimiento de los planes de mejoramiento como resultado de auditoría interna y/o externa. | J74: Operativa
B75: 4 | C75: Organización Social del Conocimiento y Aprendizaje Viva | D75: Implementar los sistemas integrados de gestión en la Universidad de Cundinamarca | E75: Lograr las certificaciones que posiciones a la ucundiamarca como una institución educativa competitiva | F75: Secretaría General | G75: Dirección de Planeación Institucional | H75: Auditoria Interna Verificación cumplimiento requisitos Sistema de Antisoborno. | I75: Realizar Auditoría Interna Verificacion cumplimiento requisitos Sistema de Gestión Antisoborno. | J75: Estratégica
B76: 4 | C76: Organización Social del Conocimiento y Aprendizaje Viva | D76: Implementar los sistemas integrados de gestión en la Universidad de Cundinamarca | E76: Lograr las certificaciones que posiciones a la ucundiamarca como una institución educativa competitiva | F76: Secretaría General | G76: Dirección de Planeación Institucional | H76: Garantizar la participación del Sistema de Gestión Antisoborno del ejercicio en la Revisión por la Dirección. | I76: Garantizar la participación del Sistema de Gestión Antisoborno por vigencia en el ejercicio en la Revisión por la Dirección. | J76: Estratégica
B77: 4 | C77: Organización Social del Conocimiento y Aprendizaje Viva | D77: Implementar los sistemas integrados de gestión en la Universidad de Cundinamarca | E77: Lograr las certificaciones que posiciones a la ucundiamarca como una institución educativa competitiva | F77: Secretaría General | G77: Dirección de Planeación Institucional | H77: Jornada de capacitación de lineamientos establecidos del Sistema de Gestión Antisoborno | I77: Listado de Asistencia | J77: Estratégica
... B91: 4 | C91: Organización Social del Conocimiento y Aprendizaje Viva | D91: Implementar los sistemas integrados de gestión en la Universidad de Cundinamarca | E91: Posicionar a la ucundiamarca como una institución educativa competitiva que obtenga un resultado por encima del promedio nacional de índice de desempeño institucional y control interno. | F91: Secretaría General | G91: Dirección de Planeación Institucional | H91: Informe porcentual del cierre de brechas T4 | I91: Informe porcentual del cierre de brechas | J91: Operativa
B92: 4

Sheet 1.3 
D2: MACROPROCESO ESTRATÉGICO | L2: CÓDIGO: EPIr049
D4: PROCESO GESTIÓN PLANEACIÓN INSTITUCIONAL | L4: VERSIÓN: 9
D6: PLAN DE ACCIÓN | L6: VIGENCIA: 2024-04-08
L7: PÁGINA: 6 de 58
C8: 13.
E9: # Acciones 1° Trimestre: | F9: 1 | G9: % Total | H9: de Cumplimiento 1° Trimestre: | I9: =(SUM(L$15:L$21))/F9 -> 0
C10: Área: | D10: =[1]Contenido!C17 -> Dirección de Sistemas y Tecnología | E10: # Acciones 2° Trimestre: | F10: 1 | G10: % Total | H10: de Cumplimiento 2° Trimestre: | I10: =(SUM(L$24:L$29))/F10 -> 0 | L10: Instrucciones para el diligenciamiento
E11: # Acciones 3° Trimestre: | F11: 1 | G11: % Total | H11: de Cumplimiento 3° Trimestre: | I11: =(SUM(L$32:L$39))/F11 -> 0
E12: # Acciones 4° Trimestre: | F12: 1 | G12: % Total | H12: de Cumplimiento 4° Trimestre: | I12: =(SUM(L$42:L$50))/F12 -> 0
B14: Trimestre | C14: Frente | D14: Estrategia | E14: Meta | F14: Alta Dirección | G14: Área Responsable | H14: Tarea | I14: Descripción de la tarea | J14: Categoría de la tarea | K14: Entregable | L14: % Cumplimiento | M14: Observación de cumplimiento
B15: 1 | C15: Organización Social del Conocimiento y Aprendizaje Viva | D15: Desconcentración de procesos administrativos de las dependencias con la Dirección de Sistemas y Tecnología | E15: Desconcentración de procesos administrativos de las dependencias con la Dirección de Sistemas y Tecnología | F15: Secretaría General | G15: Dirección de Sistemas y Tecnología | H15: Documentación de la matríz de roles y privilegios | I15: Actualización del instructivo ASII015 donde se incluya la caracterización de módulos activos en los sistemas de información | J15: Táctica
B16: 1 | C16: Organización Social del Conocimiento y Aprendizaje Viva | D16: Planes y Programas Estratégicos de corto y mediano plazo | E16: Ejecución Plan de Inversión y Gastos de Funcionamiento | F16: Secretaría General | G16: Dirección de Sistemas y Tecnología | H16: Ejecución de recursos priorizados | I16: Informe que detalle el rumbo de los recursos priorizados por los proyectos de inversión y gastos de funcionamiento | J16: Estratégica
B17: 1 | C17: Organización Social del Conocimiento y Aprendizaje Viva | D17: Planes y Programas Estratégicos de corto y mediano plazo | E17: Proyección de desarrollo para la infraestructura física y tecnológica de la Ucundinamarca | F17: Secretaría General | G17: Dirección de Sistemas y Tecnología | H17: Lineamientos establecidos para la formulación de proyectos. | I17: nforme y estado de los proyectos de inversión de infraestructura tecnológica para el mejoramiento del servicio de conectividad y control de acceso | J17: Estratégica
B18: 1 | C18: Organización Social del Conocimiento y Aprendizaje Viva | D18: Planes y Programas Estratégicos de corto y mediano plazo | E18: Revisión y actualización del Sistema de Gestión de la Calidad de la Dirección de Sistemas y Tecnología | F18: Secretaría General | G18: Dirección de Sistemas y Tecnología | H18: Actualización del Sistema de Gestión de la Calidad | I18: Cronograma de actualización de la documentación del Sistema de Gestión de la Calidad | J18: Estratégica
B19: 1 | C19: Organización Social del Conocimiento y Aprendizaje Viva | D19: Organización Universitaria Digital | E19: Consolidación y puesta en marcha de reingeniería y digitalización de procesos | F19: Secretaría General | G19: Dirección de Sistemas y Tecnología | H19: Reingenieria y digitalización de procesos administrativos | I19: Cronograma para el diseño y desarrollo de los requerimientos de los sistemas de información. | J19: Estratégica
B20: 1 | C20: Organización Social del Conocimiento y Aprendizaje Viva | D20: Organización Universitaria Digital | E20: Efectividad del servicio prestado mendiante la mesa de servicios a un clic | F20: Secretaría General | G20: Dirección de Sistemas y Tecnología | H20: Establecer los tiempos de respuesta por la mesa de servicios para la Dirección de Sistemas y Tecnología | I20: Actualización del procedimiento ASIP33 donde se establezca tiempos de respuesta por subcategoría del servicio y área encargada | J20: Estratégica
B21: 1
B23: Trimestre | C23: Frente | D23: Estrategia | E23: Meta | F23: Alta Dirección | G23: Área Responsable | H23: Tarea | I23: Descripción de la tarea | J23: Categoría de la tarea | K23: Entregable | L23: % Cumplimiento | M23: Observación de cumplimiento
B24: 2 | C24: Organización Social del Conocimiento y Aprendizaje Viva | D24: Desconcentración de procesos administrativos de las dependencias con la Dirección de Sistemas y Tecnología | E24: Desconcentración de procesos administrativos de las dependencias con la Dirección de Sistemas y Tecnología | F24: Secretaría General | G24: Dirección de Sistemas y Tecnología | H24: Divulgación de la matríz de roles y privilegios de la plataforma institucional | I24: Publicación y divulgación de roles y privilegios consolidados en el instructivo ASII015 | J24: Táctica
B25: 2 | C25: Organización Social del Conocimiento y Aprendizaje Viva | D25: Planes y Programas Estratégicos de corto y mediano plazo | E25: Ejecución Plan de Inversión y Gastos de Funcionamiento | F25: Secretaría General | G25: Dirección de Sistemas y Tecnología | H25: Estado de los procesos precontractuales | I25: Informe pormenorizado de proceso precontractual por los proyectos de inversión y gastos de funcionamiento | J25: Táctica
B26: 2 | C26: Organización Social del Conocimiento y Aprendizaje Viva | D26: Planes y Programas Estratégicos de corto y mediano plazo | E26: Revisión y actualización del Sistema de Gestión de la Calidad de la Dirección de Sistemas y Tecnología | F26: Secretaría General | G26: Dirección de Sistemas y Tecnología | H26: Informe de avance y cambios realizados a la documentación | I26: Informe pormenorizado de los procedimientos, manuales, guías e instructivos actualizados detallando los cambios realizados. | J26: Operativa
B27: 2 | C27: Organización Social del Conocimiento y Aprendizaje Viva | D27: Organización Universitaria Digital | E27: Consolidación y puesta en marcha de reingeniería y digitalización de procesos | F27: Secretaría General | G27: Dirección de Sistemas y Tecnología | H27: Informe de desarrollos de sistemas de información | I27: Informe semestral del avance del cronograma de desarrollos de sistemas de información | J27: Táctica
B28: 2 | C28: Organización Social del Conocimiento y Aprendizaje Viva | D28: Organización Universitaria Digital | E28: Efectividad del servicio prestado mendiante la mesa de servicios a un clic | F28: Secretaría General | G28: Dirección de Sistemas y Tecnología | H28: Medición de efectividad del servicio | I28: Presentación de la ficha de medición de la efectividad del servicio del primer semestre del 2024 | J28: Táctica
B29: 2
B31: Trimestre | C31: Frente | D31: Estrategia | E31: Meta | F31: Alta Dirección | G31: Área Responsable | H31: Tarea | I31: Descripción de la tarea | J31: Categoría de la tarea | K31: Entregable | L31: % Cumplimiento | M31: Observación de cumplimiento
B32: 3 | C32: Organización Social del Conocimiento y Aprendizaje Viva | D32: Transformación y cultura digital para soportar los procesos académicos y administrativos | E32: Digitalización banco de proyectos. | F32: Secretaría General | G32: Dirección de Sistemas y Tecnología | H32: Proyectar documento de resolución de grupo de Gobierno de Datos para la Ucundinamarca | I32: En alineación con la Dirección de Planeación Institucional y el Sistema de Gestión de Seguridad de la Información crear el documento borrador de la resolución de constitución del grupo de gobierno de datos de la Ucundinamarca | J32: Estratégica
B33: 3 | C33: Organización Social del Conocimiento y Aprendizaje Viva | D33: Modernizar la infraestructura tecnológica de la Universidad de Cundinamarca | E33: Ejecución Plan de Inversión | F33: Secretaría General | G33: Dirección de Sistemas y Tecnología | H33: Seguimiento a la ejecución presupuestal de gastos de funcionamiento y proyectos de inversión | I33: Presentar informe ejecutivo del 75% de la ejecución presupuestal de acuerdo a la asignación de recursos de la Dirección de Sistemas y Tecnología | J33: Estratégica
B34: 3 | C34: Organización Social del Conocimiento y Aprendizaje Viva | D34: Modernizar la infraestructura tecnológica de la Universidad de Cundinamarca | E34: Seguimiento y actualización del inventario de espacios académicos y administrativos. | F34: Secretaría General | G34: Dirección de Sistemas y Tecnología | H34: Presentar informe ejecutivo de los proyectos priorizados vigencia 2024 - PETI | I34: Se presentará informe pormenorizado de las actuaciones realizadas en los proyectos de inversión aprobados en la vigencia 2024, que hacen referencia a proyectos del PETI | J34: Táctica
B35: 3 | C35: Organización Social del Conocimiento y Aprendizaje Viva | D35: Avanzar en la implementación de Gobierno de datos, gobierno en linea, e incorporar componantes de inteligencia artificial en procesos académicos y administrativos | E35: Digitalización banco de proyectos. | F35: Secretaría General | G35: Dirección de Sistemas y Tecnología | H35: Informe de avance y cambios realizados a la documentación | I35: Informe pormenorizado de los procedimientos, manuales, guías e instructivos actualizados detallando los cambios realizados. | J35: Operativa
B36: 3 | C36: Organización Social del Conocimiento y Aprendizaje Viva | D36: Implementar los sistemas integrados de gestión en la Universidad de Cundinamarca | E36: Posicionar a la Udec como una institución educativa competitiva que obtenga un resultado por encima del promedio nacional de índice de desempeño institucional y control interno. | F36: Secretaría General | G36: Dirección de Sistemas y Tecnología | H36: Informe de avance de la puesta en marcha de los procesos de reingeniería y digitalización | I36: Informe trimestral del avance del cronograma de desarrollos de sistemas de información | J36: Táctica
B37: 3 | C37: Organización Social del Conocimiento y Aprendizaje Viva | D37: Implementar los sistemas integrados de gestión en la Universidad de Cundinamarca | E37: Posicionar a la Udec como una institución educativa competitiva que obtenga un resultado por encima del promedio nacional de índice de desempeño institucional y control interno. | F37: Secretaría General | G37: Dirección de Sistemas y Tecnología | H37: Radicar la propuesta de valor de proyectos de inversión ante el Banco Universitario de Proyectos (BUP) | I37: Se radicará ante el BUP los proyectos de inversión contenidos en el PETI para su validación técnica y aprovisionamiento de recursos | J37: Operativa
B38: 3 | C38: Organización Social del Conocimiento y Aprendizaje Viva | D38: Implementar los sistemas integrados de gestión en la Universidad de Cundinamarca | E38: Posicionar a la Udec como una institución educativa competitiva que obtenga un resultado por encima del promedio nacional de índice de desempeño institucional y control interno. | F38: Secretaría General | G38: Dirección de Sistemas y Tecnología | H38: Realizar el diagnostico interno por parte de la Dirección de Sistemas y Tecnología | I38: Se presentará un informe ejecutivo del diagnostico a la infraestructura tecnológica de la Universidad de Cundinamarca que permita identificar áreas de mejora. | J38: Operativa
B39: 3
B41: Trimestre | C41: Frente | D41: Estrategia | E41: Meta | F41: Alta Dirección | G41: Área Responsable | H41: Tarea | I41: Descripción de la tarea | J41: Categoría de la tarea | K41: Entregable | L41: % Cumplimiento | M41: Observación de cumplimiento
B42: 4 | C42: Organización Social del Conocimiento y Aprendizaje Viva | D42: Modernizar la infraestructura tecnológica de la Universidad de Cundinamarca | E42: Certificar el sistema de seguridad y salud en el trabajo, sistema de gestión ambiental, antisoborno y EFR | F42: Secretaría General | G42: Dirección de Sistemas y Tecnología | H42: Presentar el tablero de control de Control de la Dirección de Sistemas y Tecnología | I42: Sustentar a los líderes de áreas de la Dirección de Sistemas y Tecnología la construcción y el resultados de los datos obtenidos en el tablero de control | J42: Estratégica
B43: 4 | C43: Organización Social del Conocimiento y Aprendizaje Viva | D43: Modernizar la infraestructura tecnológica de la Universidad de Cundinamarca | E43: Cumplimiento a la ejecución del plan presupuestario de la vigencia | F43: Secretaría General | G43: Dirección de Sistemas y Tecnología | H43: Seguimiento a la ejecución presupuestal de gastos de funcionamiento y proyectos de inversión | I43: Presentar informe ejecutivo del 100% de la ejecución presupuestal de acuerdo a la asignación de recursos de la Dirección de Sistemas y Tecnología | J43: Estratégica
B44: 4 | C44: Organización Social del Conocimiento y Aprendizaje Viva | D44: Modernizar la infraestructura tecnológica de la Universidad de Cundinamarca | E44: Lograr las certificaciones y/o sellos que posicionen a la Udec como una institución educativa competitiva. | F44: Secretaría General | G44: Dirección de Sistemas y Tecnología | H44: Informe de avance de la construcción y/o actualización de los tableros de control de la Ucundinamarca | I44: Informe semestral de avance al cronograma de análisis de datos | J44: Táctica
B45: 4 | C45: Organización Social del Conocimiento y Aprendizaje Viva | D45: Modernizar la infraestructura tecnológica de la Universidad de Cundinamarca | E45: Posicionar a la Udec como una institución educativa competitiva que obtenga un resultado por encima del promedio nacional de índice de desempeño institucional y control interno. | F45: Secretaría General | G45: Dirección de Sistemas y Tecnología | H45: Informe de avance de la puesta en marcha de los procesos de reingeniería y digitalización | I45: Informe trimestral del avance del cronograma de desarrollos de sistemas de información | J45: Táctica
B46: 4 | C46: Organización Social del Conocimiento y Aprendizaje Viva | D46: Modernizar la infraestructura tecnológica de la Universidad de Cundinamarca | E46: Posicionar a la Udec como una institución educativa competitiva que obtenga un resultado por encima del promedio nacional de índice de desempeño institucional y control interno. | F46: Secretaría General | G46: Dirección de Sistemas y Tecnología | H46: Presentar acciones implementadas para dar cumplimiento a las áreas de mejora identificadas en el diagnóstico realizadas a la infraestructura de red | I46: Informe ejecutivo en el cual se establezca la hoja de ruta a seguir para modernizar la infraestructura tecnológica | J46: Estratégica
B47: 4 | C47: Organización Social del Conocimiento y Aprendizaje Viva | D47: Modernizar la infraestructura tecnológica de la Universidad de Cundinamarca | E47: Posicionar a la Udec como una institución educativa competitiva que obtenga un resultado por encima del promedio nacional de índice de desempeño institucional y control interno. | F47: Secretaría General | G47: Dirección de Sistemas y Tecnología | H47: Presentar informe ejecutivo de las minutas adjudicadas por los proyectos priorizados vigencia 2024 - PETI | I47: Informe ejecutivo que de cuenta de los contratos suscritos con los recursos priorizados por parte del BUP y su estado actual | J47: Táctica
B48: 4 | C48: Organización Social del Conocimiento y Aprendizaje Viva | D48: Avanzar en la implementación de Gobierno de datos, gobierno en linea, e incorporar componantes de inteligencia artificial en procesos académicos y administrativos | E48: Avanzar en la implementación de Gobierno de datos, Gobierno en linea e incorporar componentes de inteligencia artificial en procesos académicos y administrativos. | F48: Secretaría General | G48: Dirección de Sistemas y Tecnología | H48: Presentar propuesta de creación del área de Análisis de datos y Gobierno de Datos. | I48: Presentación del borrador de la resolución de creación del grupo de gobierno de datos ante cuerpos colegiados | J48: Estratégica
B49: 4 | C49: Organización Social del Conocimiento y Aprendizaje Viva | D49: Avanzar en la implementación de Gobierno de datos, gobierno en linea, e incorporar componantes de inteligencia artificial en procesos académicos y administrativos | E49: Avanzar en la implementación de Gobierno de datos, Gobierno en linea e incorporar componentes de inteligencia artificial en procesos académicos y administrativos. | F49: Secretaría General | G49: Dirección de Sistemas y Tecnología | H49: Proyectar documento de resolución del grupo de Tecnologias Emergentes para la Ucundinamarca | I49: En alineación con la Dirección Jurídca, el Sistema de Gestión de Seguridad de la Información y la Secretaría General, revisar, modificar y avalar la resolución del grupo de Tecnologías Emergentes de la Ucundinamarca. | J49: Estratégica
B50: 4

Sheet 1.4 
D2: MACROPROCESO ESTRATÉGICO | L2: CÓDIGO: EPIr049
D4: PROCESO GESTIÓN PLANEACIÓN INSTITUCIONAL | L4: VERSIÓN: 9
D6: PLAN DE ACCIÓN | L6: VIGENCIA: 2024-04-08
L7: PÁGINA: 7 de 58
C8: 13.
E9: # Acciones 1° Trimestre: | F9: 1 | G9: % Total | H9: de Cumplimiento 1° Trimestre: | I9: =(SUM(L$15:L$18))/F9 -> 0
C10: Área: | D10: =[1]Contenido!C18 -> Dirección de Proyectos Especiales y Relaciones Interinstitucionales | E10: # Acciones 2° Trimestre: | F10: 1 | G10: % Total | H10: de Cumplimiento 2° Trimestre: | I10: =(SUM(L$21:L$24))/F10 -> 0 | L10: Instrucciones para el diligenciamiento
E11: # Acciones 3° Trimestre: | F11: 1 | G11: % Total | H11: de Cumplimiento 3° Trimestre: | I11: =(SUM(L$27:L$31))/F11 -> 0
E12: # Acciones 4° Trimestre: | F12: 1 | G12: % Total | H12: de Cumplimiento 4° Trimestre: | I12: =(SUM(L$34:L$38))/F12 -> 0
B14: Trimestre | C14: Frente | D14: Estrategia | E14: Meta | F14: Alta Dirección | G14: Área Responsable | H14: Tarea | I14: Descripción de la tarea | J14: Categoría de la tarea | K14: Entregable | L14: % Cumplimiento | M14: Observación de cumplimiento
B15: 1 | C15: Diálogo Latinoamericano | D15: Reestructuración y fortalecimiento de los fondos especiales | E15: Cumplimiento de las metas financieras del fondo de proyectos especiales | F15: Secretaría General | G15: Dirección de Proyectos Especiales y Relaciones Interinstitucionales | H15: meta financiera | I15: Transferencia al presupuesto general de la Universidad de Cundinamarca de los excedentes que se generen de los Convenios y/o Contratos Interadministrativos suscritos. | J15: Estratégica
B16: 1 | C16: Diálogo Latinoamericano | D16: Reestructuración y fortalecimiento de los fondos especiales | E16: Gestión de conocimiento y la innovación de proyectos especiales | F16: Secretaría General | G16: Dirección de Proyectos Especiales y Relaciones Interinstitucionales | H16: gestion del conocimiento | I16: Ofertar proyectos innvadores para las entidades contratantes generando un valor agregado al proyecto. | J16: Operativa
B17: 1 | C17: Diálogo Latinoamericano | D17: Posicionamiento y visibilidad de la Ucundinamarca | E17: Cumplimiento de las metas financieras del fondo de proyectos especiales | F17: Secretaría General | G17: Dirección de Proyectos Especiales y Relaciones Interinstitucionales | H17: gestión comercial | I17: Gestionar mesas de trabajo y/o negociación con Alcaldes de Cundinamarca, entidades publicas y/o privadas. | J17: Operativa
B18: 1
B20: Trimestre | C20: Frente | D20: Estrategia | E20: Meta | F20: Alta Dirección | G20: Área Responsable | H20: Tarea | I20: Descripción de la tarea | J20: Categoría de la tarea | K20: Entregable | L20: % Cumplimiento | M20: Observación de cumplimiento
B21: 2 | C21: Diálogo Latinoamericano | D21: Reestructuración y fortalecimiento de los fondos especiales | E21: Gestión de conocimiento y la innovación de proyectos especiales | F21: Secretaría General | G21: Dirección de Proyectos Especiales y Relaciones Interinstitucionales | H21: gestión del conocimiento | I21: Ofertar proyectos innvadores para las entidades contratantes generando un valor agregado al proyecto. | J21: Operativa
B22: 2 | C22: Diálogo Latinoamericano | D22: Posicionamiento y visibilidad de la Ucundinamarca | E22: Cumplimiento de las metas financieras del fondo de proyectos especiales | F22: Secretaría General | G22: Dirección de Proyectos Especiales y Relaciones Interinstitucionales | H22: gestión comercial IIT | I22: Gestionar mesas de trabajo y/o negociación con Alcaldes de Cundinamarca, entidades publicas y/o privadas. | J22: Operativa
B23: 2 | C23: Diálogo Latinoamericano | D23: Posicionamiento y visibilidad de la Ucundinamarca | E23: Cumplimiento de las metas financieras del fondo de proyectos especiales | F23: Secretaría General | G23: Dirección de Proyectos Especiales y Relaciones Interinstitucionales | H23: meta financiera | I23: Transferencia al presupuesto general de la Universidad de Cundinamarca de los excedentes que se generen de los Convenios y/o Contratos Interadministrativos suscritos. | J23: Estratégica
B24: 2
B26: Trimestre | C26: Frente | D26: Estrategia | E26: Meta | F26: Alta Dirección | G26: Área Responsable | H26: Tarea | I26: Descripción de la tarea | J26: Categoría de la tarea | K26: Entregable | L26: % Cumplimiento | M26: Observación de cumplimiento
B27: 3 | C27: Misión de Impacto y Alta Calidad Transmoderna Translocal | D27: Incrementar la huella de generación e impacto de nuevo conocimiento | E27: Promover a la Universidad de Cundinamarca como aliado estrategico para la ejecuciòn de convenios y/o contratos interadministrativos | F27: Secretaría General | G27: Dirección de Proyectos Especiales y Relaciones Interinstitucionales | H27: Gestiòn del conocimiento | I27: Gestionar mesas de trabajo y/o negociación con Alcaldias y entidades (publicas y/o privadas) de Cundinamarca. | J27: Operativa
B28: 3 | C28: Organización Social del Conocimiento y Aprendizaje Viva | D28: Convertir a la Universidad de Cundinamarca en una Institución educativa ágil para responder a los retos de una organización transmoderna y translocal | E28: Cumplimiento de las metas financieras del fondo de proyectos especiales. | F28: Secretaría General | G28: Dirección de Proyectos Especiales y Relaciones Interinstitucionales | H28: Meta financiera | I28: Transferencia al presupuesto general de la Universidad de Cundinamarca de los excedentes que se generen de los Convenios y/o Contratos Interadministrativos suscritos. | J28: Estratégica
B29: 3 | C29: Organización Social del Conocimiento y Aprendizaje Viva | D29: Implementar los sistemas integrados de gestión en la Universidad de Cundinamarca | E29: Cumplir y establecer los niveles de productividad en relación con la gestión, prestación de servicios y desarrollo de productos en la Universidad de Cundinamarca. | F29: Secretaría General | G29: Dirección de Proyectos Especiales y Relaciones Interinstitucionales | H29: Gestión de planificación. | I29: Gestionar mesas de trabajo con los distintos Sistemas integrados de gestión (Calidad, seguridad de la información, ambiental, seguridad y salud en el trabajo, antisoborno) para desempeñar los procesos a través de buenas prácticas institucionales en la Universidad de Cundinamarca | J29: Estratégica
B30: 3 | C30: Organización Social del Conocimiento y Aprendizaje Viva | D30: Generar una universidad emprendedora | E30: Gestión de conocimiento e innovación en la presentación de los proyectos a satisfacción de la comunidad y los usuarios. | F30: Secretaría General | G30: Dirección de Proyectos Especiales y Relaciones Interinstitucionales | H30: Gestiòn comercial | I30: Ofertar proyectos innovadores para las entidades contratantes generando un valor agregado al proyecto. | J30: Operativa
B31: 3
B33: Trimestre | C33: Frente | D33: Estrategia | E33: Meta | F33: Alta Dirección | G33: Área Responsable | H33: Tarea | I33: Descripción de la tarea | J33: Categoría de la tarea | K33: Entregable | L33: % Cumplimiento | M33: Observación de cumplimiento
B34: 4 | C34: Misión de Impacto y Alta Calidad Transmoderna Translocal | D34: Aportar soluciones a problemas translocales de la mano con organizaciones y comunidades | E34: Gestión de conocimiento y la innovación en la presentación de los proyectos especiales. | F34: Secretaría General | G34: Dirección de Proyectos Especiales y Relaciones Interinstitucionales | H34: Gestiòn del conocimiento | I34: Gestionar mesas de trabajo y/o negociación con Alcaldias y entidades (publicas y/o privadas) de Cundinamarca. | J34: Operativa
B35: 4 | C35: Organización Social del Conocimiento y Aprendizaje Viva | D35: Convertir a la Universidad de Cundinamarca en una Institución educativa ágil para responder a los retos de una organización transmoderna y translocal. | E35: Cumplimiento de las metas financieras del fondo de proyectos especiales. | F35: Secretaría General | G35: Dirección de Proyectos Especiales y Relaciones Interinstitucionales | H35: Meta Financiera - Transferencia al presupuesto general de la Universidad de Cundinamarca de los excedentes que se generen de los Convenios y/o Contratos Interadministrativos suscritos. | I35: Transferencia al presupuesto general de la Universidad de Cundinamarca de los excedentes que se generen de los Convenios y/o Contratos Interadministrativos suscritos. | J35: Estratégica
B36: 4 | C36: Organización Social del Conocimiento y Aprendizaje Viva | D36: Implementar los sistemas integrados de gestión en la Universidad de Cundinamarca | E36: Cumplir y establecer los niveles de productividad en relación con la gestión, prestación de servicios y desarrollo de productos en la Universidad de Cundinamarca. | F36: Secretaría General | G36: Dirección de Proyectos Especiales y Relaciones Interinstitucionales | H36: Gestión de planificación - Gestionar mesas de trabajo con los distintos Sistemas integrados de gestión (Calidad, seguridad de la información, ambiental, seguridad y salud en el trabajo, antisoborno) para desempeñar los procesos a través de buenas prácticas institucionales en la Universidad de Cundinamarca | I36: Gestionar mesas de trabajo con los distintos Sistemas integrados de gestión (Calidad, seguridad de la información, ambiental, seguridad y salud en el trabajo, antisoborno) para desempeñar los procesos a través de buenas prácticas institucionales en la Universidad de Cundinamarca | J36: Estratégica
B37: 4 | C37: Organización Social del Conocimiento y Aprendizaje Viva | D37: Generar una universidad emprendedora | E37: Posicionar a la Universidad de Cundinamarca como aliado estrategico para la ejecuciòn de convenios y/o contratos interadministrativos | F37: Secretaría General | G37: Dirección de Proyectos Especiales y Relaciones Interinstitucionales | H37: Gestiòn comercial | I37: Ofertar proyectos innovadores para las entidades contratantes generando un valor agregado al proyecto. | J37: Operativa
B38: 4

Sheet 1.5
D2: MACROPROCESO ESTRATÉGICO | L2: CÓDIGO: EPIr049
D4: PROCESO GESTIÓN PLANEACIÓN INSTITUCIONAL | L4: VERSIÓN: 9
D6: PLAN DE ACCIÓN | L6: VIGENCIA: 2024-04-08
L7: PÁGINA: 8 de 58
C8: 13.
E9: # Acciones 1° Trimestre: | F9: 1 | G9: % Total | H9: de Cumplimiento 1° Trimestre: | I9: =(SUM(L$15:L$18))/F9 -> 0
C10: Área: | D10: =[1]Contenido!C19 -> Oficina de Admisiones y Registro | E10: # Acciones 2° Trimestre: | F10: 1 | G10: % Total | H10: de Cumplimiento 2° Trimestre: | I10: =(SUM(L$21:L$24))/F10 -> 0 | L10: Instrucciones para el diligenciamiento
E11: # Acciones 3° Trimestre: | F11: 1 | G11: % Total | H11: de Cumplimiento 3° Trimestre: | I11: =(SUM(L$27:L$30))/F11 -> 0
E12: # Acciones 4° Trimestre: | F12: 1 | G12: % Total | H12: de Cumplimiento 4° Trimestre: | I12: =(SUM(L$33:L$39))/F12 -> 0
B14: Trimestre | C14: Frente | D14: Estrategia | E14: Meta | F14: Alta Dirección | G14: Área Responsable | H14: Tarea | I14: Descripción de la tarea | J14: Categoría de la tarea | K14: Entregable | L14: % Cumplimiento | M14: Observación de cumplimiento
B15: 1 | C15: Diálogo Latinoamericano | D15: Implementar el Modelo Integrado de Planeación y Gestión (MIPG) | E15: Fortalecer la estrategia o política de atención al ciudadano, a través de la implementación de herramientas tecnológicas, como insumo para la toma de decisiones oportunas y asertivas | F15: Secretaría General | G15: Oficina de Admisiones y Registro | H15: Historicos Power BI Inscritos-Admitidos y matriculados | I15: Mesa de trabajo con la Oficina de Planeación Institucional para la consolidación de la información para la creación de los historicos de Inscritos -Admitidos y Matriculados de cada vigencia academica | J15: Estratégica
B16: 1 | C16: Diálogo Latinoamericano | D16: Implementar el Modelo Integrado de Planeación y Gestión (MIPG) | E16: Fortalecer la estrategia o política de atención al ciudadano, a través de la implementación de herramientas tecnológicas, como insumo para la toma de decisiones oportunas y asertivas | F16: Secretaría General | G16: Oficina de Admisiones y Registro | H16: Proceso de Caracterización Institucional - Gratuidad Nuevos Regulares | I16: Construcción de infografias y recursos audiovisules que permitan dar a conocer de manera concreta y agil el proceso de caracterización Institucional - Politica de Gratuidad para los estudiantes nuevos regulares cada semestre academico | J16: Táctica
B17: 1 | C17: Diálogo Latinoamericano | D17: Reingeniería de procesos | E17: Generar estrategias del proceso de Admisión, Registro y Control Académico a través de herramientas tecnológicas | F17: Secretaría General | G17: Oficina de Admisiones y Registro | H17: Recurso Multimedia CALENDARIO ACADEMICO | I17: Mesa de trabajo con la Oficina Asesora de Comunicaciones para diseño y actualizacion del Calendario Académico (recurso multimedia) | J17: Estratégica
B18: 1
B20: Trimestre | C20: Frente | D20: Estrategia | E20: Meta | F20: Alta Dirección | G20: Área Responsable | H20: Tarea | I20: Descripción de la tarea | J20: Categoría de la tarea | K20: Entregable | L20: % Cumplimiento | M20: Observación de cumplimiento
B21: 2 | C21: Diálogo Latinoamericano | D21: Implementar el Modelo Integrado de Planeación y Gestión (MIPG) | E21: Fortalecer la estrategia o política de atención al ciudadano, a través de la implementación de herramientas tecnológicas, como insumo para la toma de decisiones oportunas y asertivas | F21: Secretaría General | G21: Oficina de Admisiones y Registro | H21: Enviar información para el Boletín de Secretaría General T2 | I21: Enviar a Comunicaciones las actividades y resultados de mayor impacto realizadas durante el Primer Semestre academico de 2024, para publicar el Boletín de Secretaría General. | J21: Operativa
B22: 2 | C22: Diálogo Latinoamericano | D22: Implementar el Modelo Integrado de Planeación y Gestión (MIPG) | E22: Fortalecer la estrategia o política de atención al ciudadano, a través de la implementación de herramientas tecnológicas, como insumo para la toma de decisiones oportunas y asertivas | F22: Secretaría General | G22: Oficina de Admisiones y Registro | H22: Reportes SNIES al Ministerior de Educacion Nacional | I22: Elaboración y cargue de las plantillas del SNIES ante el ministerio de Educación Nacional (Calendario Academico, Inscritos, Admitidos, Primer Curso, Matriculados, Caracterización) | J22: Estratégica
B23: 2 | C23: Diálogo Latinoamericano | D23: Reingeniería de procesos | E23: Generar estrategias del proceso de Admisión, Registro y Control Académico a través de herramientas tecnológicas | F23: Secretaría General | G23: Oficina de Admisiones y Registro | H23: Recurso Multimedia CALENDARIO ACADEMICO 2 | I23: Mesa de trabajo con la Oficina Asesora de Comunicaciones sobre avances y ajustes al recurso multimedia del Calendario Académico | J23: Estratégica
B24: 2
B26: Trimestre | C26: Frente | D26: Estrategia | E26: Meta | F26: Alta Dirección | G26: Área Responsable | H26: Tarea | I26: Descripción de la tarea | J26: Categoría de la tarea | K26: Entregable | L26: % Cumplimiento | M26: Observación de cumplimiento
B27: 3 | C27: Organización Social del Conocimiento y Aprendizaje Viva | D27: Convertir a la Universidad de Cundinamarca en una Institución educativa ágil para responder a los retos de una organización transmoderna y translocal. | E27: Generar estrategias del proceso de Admisión, Registro y Control Académico a través de herramientas tecnológicas | F27: Secretaría General | G27: Oficina de Admisiones y Registro | H27: Recurso Multimedia CALENDARIO ACADEMICO | I27: Publicación en el portal Web Institucional del Calendario Academico (Recurso Multimedia) | J27: Estratégica
B28: 3 | C28: Organización Social del Conocimiento y Aprendizaje Viva | D28: Convertir a la Universidad de Cundinamarca en una Institución educativa ágil para responder a los retos de una organización transmoderna y translocal. | E28: Generar estrategias del proceso de Admisión, Registro y Control Académico a través de herramientas tecnológicas | F28: Secretaría General | G28: Oficina de Admisiones y Registro | H28: Alertas Procesos Academicos | I28: Implementación de alertas informativas de novedades academicas a los Decanos y Directores de Programa sobre: 1.Estudiantes que matricularon por 3ra vez el mismo nucleo tematico con el fin de mitigar el riesgo de perdida de Calida de Estudiante. 2. Estudiantes que presentan promedios acumulados en tre 3.2 y 3.5 con el fin de mitigar el riesgo de perdida de Calida de Estudiante por promedio. 2. Fechas Maximas de Reporte de novedades academicas a traves del SIS. | J28: Táctica
B29: 3 | C29: Organización Social del Conocimiento y Aprendizaje Viva | D29: Convertir a la Universidad de Cundinamarca en una Institución educativa ágil para responder a los retos de una organización transmoderna y translocal. | E29: Generar estrategias del proceso de Admisión, Registro y Control Académico a través de herramientas tecnológicas | F29: Secretaría General | G29: Oficina de Admisiones y Registro | H29: Historicos Power BI Inscritos-Admitidos y matriculados | I29: Mesa de trabajo con la Oficina de Planeación Institucional para la revisión y ajustes de la información con el fin de crear de los historicos de Inscritos -Admitidos y Matriculados de cada vigencia academica | J29: Estratégica
B30: 3
B32: Trimestre | C32: Frente | D32: Estrategia | E32: Meta | F32: Alta Dirección | G32: Área Responsable | H32: Tarea | I32: Descripción de la tarea | J32: Categoría de la tarea | K32: Entregable | L32: % Cumplimiento | M32: Observación de cumplimiento
B33: 4 | C33: Organización Social del Conocimiento y Aprendizaje Viva | D33: Convertir a la Universidad de Cundinamarca en una Institución educativa ágil para responder a los retos de una organización transmoderna y translocal. | E33: Implementar la reingeniería en los procesos académicos administrativos de la Udec. | F33: Secretaría General | G33: Oficina de Admisiones y Registro | H33: Proceso de Caracterización Institucional - Gratuidad Nuevos Regulares | I33: Revisión y ajustes de la información para las jornadas de acompañamiento en el proceso de caracterización Institucional - Politica de Gratuidad para los estudiantes nuevos regulares cada semestre académico | J33: Táctica
B34: 4 | C34: Organización Social del Conocimiento y Aprendizaje Viva | D34: Convertir a la Universidad de Cundinamarca en una Institución educativa ágil para responder a los retos de una organización transmoderna y translocal. | E34: Procesos priorizados | F34: Secretaría General | G34: Oficina de Admisiones y Registro | H34: Enviar información para el Boletín de Secretaría General T4 | I34: Enviar a Comunicaciones las actividades y resultados de mayor impacto realizadas durante el Segundo Semestre academico de 2024, para publicar el Boletín de Secretaría General. | J34: Operativa
B35: 4 | C35: Organización Social del Conocimiento y Aprendizaje Viva | D35: Convertir a la Universidad de Cundinamarca en una Institución educativa ágil para responder a los retos de una organización transmoderna y translocal. | E35: Procesos priorizados | F35: Secretaría General | G35: Oficina de Admisiones y Registro | H35: Historicos Power BI Inscritos-Admitidos y matriculados - Tableros para verificación de la información Histórica | I35: Tableros para verificación de la información Histórica | J35: Táctica
B36: 4 | C36: Organización Social del Conocimiento y Aprendizaje Viva | D36: Convertir a la Universidad de Cundinamarca en una Institución educativa ágil para responder a los retos de una organización transmoderna y translocal. | E36: Procesos priorizados | F36: Secretaría General | G36: Oficina de Admisiones y Registro | H36: Metodologías de procesos ágiles (Resultados Sipoc) | I36: Ajuste de plantilla (SIPOC) para el diligenciamiento unificado con el fin de manejar una misma informacion directa y clara, para optimizar recursos, mano de obra y tiempos establecidos en el proceso de admisiones. | J36: Táctica
B37: 4 | C37: Organización Social del Conocimiento y Aprendizaje Viva | D37: Convertir a la Universidad de Cundinamarca en una Institución educativa ágil para responder a los retos de una organización transmoderna y translocal. | E37: Procesos priorizados | F37: Secretaría General | G37: Oficina de Admisiones y Registro | H37: Procesos Academicos estudiantes con perdida de condición de estudiante | I37: Remitir a los Decanos con sus respectivos Coordinadores los reportes de los estudiantes que obtuvieron perdida de condición de estudiante por perder por 3ra vez el mismo nucleo tematico o campo de aprendizaje y reporte por promedio inferior a 3.2 rutas resignificadas | J37: Táctica
B38: 4 | C38: Organización Social del Conocimiento y Aprendizaje Viva | D38: Convertir a la Universidad de Cundinamarca en una Institución educativa ágil para responder a los retos de una organización transmoderna y translocal. | E38: Realizar el reporte trimestral de la ejecución presupuestal de los recursos que tiene asignados, en atención de los porcentajes de ejecución establecidos por el Comité Universitario de Política Fiscal - COUNFIS, para funcionamiento. | F38: Secretaría General | G38: Oficina de Admisiones y Registro | H38: Ejecución igual o mayor al 90% de los recursos asignados a la Oficina de Admisiones y Registro para la vigencia 2024. | I38: Adelantar los procesos de contratación requeridos para la ejecucion de los recursos asignados a la Oficina de Admisiones y Registro para la vigencia 2024. | J38: Operativa
B39: 4

Sheet 1.6 
D2: MACROPROCESO ESTRATÉGICO | L2: CÓDIGO: EPIr049
D4: PROCESO GESTIÓN PLANEACIÓN INSTITUCIONAL | L4: VERSIÓN: 9
D6: PLAN DE ACCIÓN | L6: VIGENCIA: 2024-04-08
L7: PÁGINA: 9 de 58
C8: 13.
E9: # Acciones 1° Trimestre: | F9: 1 | G9: % Total | H9: de Cumplimiento 1° Trimestre: | I9: =(SUM(L$15:L$32))/F9 -> 0
C10: Área: | D10: =[1]Contenido!C20 -> Oficina Asesora de Comunicaciones | E10: # Acciones 2° Trimestre: | F10: 1 | G10: % Total | H10: de Cumplimiento 2° Trimestre: | I10: =(SUM(L$35:L$53))/F10 -> 0 | L10: Instrucciones para el diligenciamiento
E11: # Acciones 3° Trimestre: | F11: 1 | G11: % Total | H11: de Cumplimiento 3° Trimestre: | I11: =(SUM(L$56:L$70))/F11 -> 0
E12: # Acciones 4° Trimestre: | F12: 1 | G12: % Total | H12: de Cumplimiento 4° Trimestre: | I12: =(SUM(L$73:L$85))/F12 -> 0
B14: Trimestre | C14: Frente | D14: Estrategia | E14: Meta | F14: Alta Dirección | G14: Área Responsable | H14: Tarea | I14: Descripción de la tarea | J14: Categoría de la tarea | K14: Entregable | L14: % Cumplimiento | M14: Observación de cumplimiento
B15: 1 | C15: Misión de Impacto y Alta Calidad Transmoderna Translocal | D15: Posicionamiento y visibilidad de la Ucundinamarca | E15: Implementar campañas que visibilicen la gestión que se adelanta para la acreditación de alta calidad. | F15: Secretaría General | G15: Oficina Asesora de Comunicaciones | H15: Publicaciónes web | I15: Divulgar en la web institucional los programas académicos que han obteniendo registro calificado por parte del ministerio de educación nacional. | J15: Táctica
B16: 1 | C16: Misión de Impacto y Alta Calidad Transmoderna Translocal | D16: Posicionamiento y visibilidad de la Ucundinamarca | E16: Implementar campañas que visibilicen la gestión que se adelanta para la acreditación de alta calidad. | F16: Secretaría General | G16: Oficina Asesora de Comunicaciones | H16: Redes sociales | I16: Campaña por redes sociales, que visibilice el proceso de alta calidad. | J16: Táctica
B17: 1 | C17: Misión de Impacto y Alta Calidad Transmoderna Translocal | D17: Posicionamiento y visibilidad de la Ucundinamarca | E17: Visibilizar a través de los canales de comunicacion de la UCundinamarca y a través de la participacion en ferias la oferta académica de posgrado y pregrado | F17: Secretaría General | G17: Oficina Asesora de Comunicaciones | H17: Campaña para promover la oferta de posgrado y pregrado | I17: Realizar campañas de promoción en redes sociales, para dar a conocer la oferta de pregrado y posgrados | J17: Táctica
B18: 1 | C18: Misión de Impacto y Alta Calidad Transmoderna Translocal | D18: Posicionamiento y visibilidad de la Ucundinamarca | E18: Visibilizar a través de los canales de comunicacion de la UCundinamarca y a través de la participacion en ferias la oferta académica de posgrado y pregrado | F18: Secretaría General | G18: Oficina Asesora de Comunicaciones | H18: Creación de micrositio web con información exclusiva para aspirantes | I18: Crear el micrositio web de aspirantes. | J18: Táctica
B19: 1 | C19: Misión de Impacto y Alta Calidad Transmoderna Translocal | D19: Visibilidad emprendimientos | E19: Crear el micrositio, tienda virtual para la facultad de Ciencias Administrativas, Económicas y Contables. | F19: Secretaría General | G19: Oficina Asesora de Comunicaciones | H19: Creación de micrositio | I19: Desarrollar el micrositio ¿tienda virtual¿ con los emprendimientos de los estudiantes de la facultad de de Ciencias Administrativas, Económicas y Contables. (1 fase) | J19: Operativa
B20: 1 | C20: Comunidad Universitaria Agentes de Mejora y Transformación | D20: Posicionamiento y visibilidad de la Ucundinamarca | E20: Desarrollar campañas de comunicación enfocadas a fortalecer la interaccion con el estudiante, docente, administrativo y graduado. | F20: Secretaría General | G20: Oficina Asesora de Comunicaciones | H20: Campaña redes sociales | I20: Generar contenidos para las fanpage de las facultades, fanpage de sedes y redes sociales oficiales con información relevante para la comunidad universitaria. | J20: Operativa
B21: 1 | C21: Comunidad Universitaria Agentes de Mejora y Transformación | D21: Posicionamiento y visibilidad de la Ucundinamarca | E21: Desarrollar campañas de comunicación enfocadas a fortalecer la interaccion con el estudiante, docente, administrativo y graduado. | F21: Secretaría General | G21: Oficina Asesora de Comunicaciones | H21: Destacar historias de vida de graduados en la página web. | I21: Realizar notas periodisticas o entrevistas a graduados destacados y publicarlas en la agencia de noticias de la página web. | J21: Estratégica
B22: 1 | C22: Comunidad Universitaria Agentes de Mejora y Transformación | D22: Posicionamiento y visibilidad de la Ucundinamarca | E22: Desarrollar campañas de comunicación enfocadas a fortalecer la interaccion con el estudiante, docente, administrativo y graduado. | F22: Secretaría General | G22: Oficina Asesora de Comunicaciones | H22: Informar al equipo administrativo, docentes y estudiantes a través de boletines. | I22: Diseño de boletines dirigidos a estudiantes, docentes y administrativos y envío a las bases de datos de correos electrónicos. | J22: Táctica
B23: 1 | C23: Comunidad Universitaria Agentes de Mejora y Transformación | D23: Posicionamiento y visibilidad de la Ucundinamarca | E23: Desarrollar campañas de comunicación enfocadas a fortalecer la interaccion con el estudiante, docente, administrativo y graduado. | F23: Secretaría General | G23: Oficina Asesora de Comunicaciones | H23: Talleres de podcast. | I23: Desarrollar talleres de podcast para estudiantes, a fin de cocrear contenido para la emisora. | J23: Operativa
B24: 1 | C24: Bienestar Constitutivo de la Vida y la Libertad, Expresión de Éxito Académico y Aseguramiento del Aprendizaje | D24: Campañas vida saludable | E24: Dar a conocer hábitos de vida saludable en los diferentes canales de comunicación para la comunidad universitaria. | F24: Secretaría General | G24: Oficina Asesora de Comunicaciones | H24: Campaña de habitos de vida Saludable | I24: Promoción de hábitos saludables a través de correos masivos y redes sociales. | J24: Táctica
B25: 1 | C25: Bienestar Constitutivo de la Vida y la Libertad, Expresión de Éxito Académico y Aseguramiento del Aprendizaje | D25: Visibilidad programas Bienestar Universitario | E25: Generar campañas en los diferentes canales de comunicación para que los estudiantes se informen de los beneficios y servicios que tiene Bienestar Universitario a fin de lograr su permanencia estudiantil. | F25: Secretaría General | G25: Oficina Asesora de Comunicaciones | H25: Divulgar y socializar la politica de bienestar | I25: Campaña para dar a conocer la política de bienestar por medio de boletin y redes sociales. | J25: Táctica
B26: 1 | C26: Bienestar Constitutivo de la Vida y la Libertad, Expresión de Éxito Académico y Aseguramiento del Aprendizaje | D26: Visibilidad programas Bienestar Universitario | E26: Generar campañas en los diferentes canales de comunicación para que los estudiantes se informen de los beneficios y servicios que tiene Bienestar Universitario a fin de lograr su permanencia estudiantil. | F26: Secretaría General | G26: Oficina Asesora de Comunicaciones | H26: Informar todo lo relacionado con Bienestar Universitario. | I26: Divulgar información sobre convocatorias, servicios y actividades que realice Bienestar Universitario. | J26: Estratégica
... B31: 1 | C31: Organización Social del Conocimiento y Aprendizaje Viva | D31: Organización evolutiva que usa el análisis de datos y fortalece los sistemas de gestión. | E31: Medir el impacto de la comunicación en la web y redes sociales. | F31: Secretaría General | G31: Oficina Asesora de Comunicaciones | H31: Informe con las métricas. | I31: Realización de informe con la medición del número de visistas trimestrales que tuvo el sitio web: www.ucundinamarca.edu.co y el análisis de las métricas trimestrales de la redes sociales de la universidad. | J31: Operativa
B32: 1
B34: Trimestre | C34: Frente | D34: Estrategia | E34: Meta | F34: Alta Dirección | G34: Área Responsable | H34: Tarea | I34: Descripción de la tarea | J34: Categoría de la tarea | K34: Entregable | L34: % Cumplimiento | M34: Observación de cumplimiento
B35: 2 | C35: Misión de Impacto y Alta Calidad Transmoderna Translocal | D35: Posicionamiento y visibilidad de la Ucundinamarca | E35: Implementar campañas que visibilicen la gestión que se adelanta para la acreditación de alta calidad. | F35: Secretaría General | G35: Oficina Asesora de Comunicaciones | H35: Campaña por redes sociales | I35: Implementar campañas en redes sociales sobre el avance de la ruta institucional para lograr la acreditación en la alta calidad. | J35: Estratégica
B36: 2 | C36: Misión de Impacto y Alta Calidad Transmoderna Translocal | D36: Posicionamiento y visibilidad de la Ucundinamarca | E36: Implementar campañas que visibilicen la gestión que se adelanta para la acreditación de alta calidad. | F36: Secretaría General | G36: Oficina Asesora de Comunicaciones | H36: Correo masivo | I36: Envío de correo masivo a la comunidad universitaria sobre el avance en la acreditación de alta calidad. | J36: Operativa
B37: 2 | C37: Misión de Impacto y Alta Calidad Transmoderna Translocal | D37: Posicionamiento y visibilidad de la Ucundinamarca | E37: Implementar campañas que visibilicen la gestión que se adelanta para la acreditación de alta calidad. | F37: Secretaría General | G37: Oficina Asesora de Comunicaciones | H37: Rediseño micrositio Acreditación y Autoevaluación | I37: Rediseñar el micrositio web de Acreditación y autoevaluación. | J37: Operativa
B38: 2 | C38: Misión de Impacto y Alta Calidad Transmoderna Translocal | D38: Posicionamiento y visibilidad de la Ucundinamarca | E38: Visibilizar a través de los canales de comunicacion de la UCundinamarca y a través de la participacion en ferias la oferta académica de posgrado y pregrado | F38: Secretaría General | G38: Oficina Asesora de Comunicaciones | H38: Actualización constante del micrositio web para aspirantes | I38: Actualizar constantemente el micrositio web de aspirantes. | J38: Táctica
B39: 2 | C39: Misión de Impacto y Alta Calidad Transmoderna Translocal | D39: Posicionamiento y visibilidad de la Ucundinamarca | E39: Visibilizar a través de los canales de comunicacion de la UCundinamarca y a través de la participacion en ferias la oferta académica de posgrado y pregrado | F39: Secretaría General | G39: Oficina Asesora de Comunicaciones | H39: Envío de correos masivos | I39: Enviar correos electrónicos a los aspirantes de pregrado y posgrado. | J39: Operativa
B40: 2 | C40: Misión de Impacto y Alta Calidad Transmoderna Translocal | D40: Posicionamiento y visibilidad de la Ucundinamarca | E40: Visibilizar a través de los canales de comunicacion de la UCundinamarca y a través de la participacion en ferias la oferta académica de posgrado y pregrado | F40: Secretaría General | G40: Oficina Asesora de Comunicaciones | H40: Participación en Ferias | I40: Participar en ferias para promocionar la oferta de pregrado y posgrado. | J40: Táctica
B41: 2 | C41: Misión de Impacto y Alta Calidad Transmoderna Translocal | D41: Posicionamiento y visibilidad de la Ucundinamarca | E41: Visibilizar a través de los canales de comunicacion de la UCundinamarca y a través de la participacion en ferias la oferta académica de posgrado y pregrado | F41: Secretaría General | G41: Oficina Asesora de Comunicaciones | H41: Redes sociales | I41: Campaña por redes sociales, para promocionar la oferta de posgrado y pregrado. | J41: Estratégica
B42: 2 | C42: Misión de Impacto y Alta Calidad Transmoderna Translocal | D42: Visibilidad emprendimientos | E42: Crear el micrositio, tienda virtual para la facultad de Ciencias Administrativas, Económicas y Contables. | F42: Secretaría General | G42: Oficina Asesora de Comunicaciones | H42: Creación de micrositio 2 | I42: Avance del micrositio web de la tienda virtual (2 fase) | J42: Operativa
B43: 2 | C43: Comunidad Universitaria Agentes de Mejora y Transformación | D43: Posicionamiento y visibilidad de la Ucundinamarca | E43: Desarrollar campañas de comunicación enfocadas a fortalecer la interaccion con el estudiante, docente, administrativo y graduado. | F43: Secretaría General | G43: Oficina Asesora de Comunicaciones | H43: Campaña redes sociales 2 | I43: Generar contenidos para las fanpage de las facultades, fanpages de sedes y redes sociales oficiales con información relevante para la comunidad universitaria. | J43: Operativa
B44: 2 | C44: Comunidad Universitaria Agentes de Mejora y Transformación | D44: Posicionamiento y visibilidad de la Ucundinamarca | E44: Desarrollar campañas de comunicación enfocadas a fortalecer la interaccion con el estudiante, docente, administrativo y graduado. | F44: Secretaría General | G44: Oficina Asesora de Comunicaciones | H44: Destacar historias de vida de graduados en la página web. 2 | I44: Realizar notas periodisticas o entrevistas a graduados destacados y publicarlas en la agencia de noticias de la página web. | J44: Estratégica
B45: 2 | C45: Comunidad Universitaria Agentes de Mejora y Transformación | D45: Posicionamiento y visibilidad de la Ucundinamarca | E45: Desarrollar campañas de comunicación enfocadas a fortalecer la interaccion con el estudiante, docente, administrativo y graduado. | F45: Secretaría General | G45: Oficina Asesora de Comunicaciones | H45: Informar al equipo administrativo, docentes y estudiantes a través de boletines. 2 | I45: Diseño de boletines dirigidos a estudiantes, docentes y administrativos y envío a las bases de datos de correos electrónicos. | J45: Táctica
B46: 2 | C46: Comunidad Universitaria Agentes de Mejora y Transformación | D46: Posicionamiento y visibilidad de la Ucundinamarca | E46: Desarrollar campañas de comunicación enfocadas a fortalecer la interaccion con el estudiante, docente, administrativo y graduado. | F46: Secretaría General | G46: Oficina Asesora de Comunicaciones | H46: Talleres de podcast. 2 | I46: Desarrollar talleres de podcast para estudiantes, a fin de cocrear contenido para la emisora. | J46: Operativa
... B52: 2 | C52: Organización Social del Conocimiento y Aprendizaje Viva | D52: Organización evolutiva que usa el análisis de datos y fortalece los sistemas de gestión. | E52: Medir el impacto de la comunicación en la web y redes sociales. | F52: Secretaría General | G52: Oficina Asesora de Comunicaciones | H52: Informe con las métricas. 2 | I52: Realización de informe con la medición del número de visistas trimestrales que tuvo el sitio web: www.ucundinamarca.edu.co y el análisis de las métricas trimestrales de la redes sociales de la universidad. | J52: Operativa
B53: 2
B55: Trimestre | C55: Frente | D55: Estrategia | E55: Meta | F55: Alta Dirección | G55: Área Responsable | H55: Tarea | I55: Descripción de la tarea | J55: Categoría de la tarea | K55: Entregable | L55: % Cumplimiento | M55: Observación de cumplimiento
B56: 3 | C56: Misión de Impacto y Alta Calidad Transmoderna Translocal | D56: Diversificar la oferta académica en coherencia con las realidades y necesidades del entorno | E56: Visibilizar a través de los canales de comunicación de la UCundinamarca y a través de la participación en ferias la oferta académica de posgrado y pregrado | F56: Secretaría General | G56: Oficina Asesora de Comunicaciones | H56: Actualización constante de micrositio web con información exclusiva para aspirantes | I56: Actualizar el micrositio web de aspirantes. | J56: Operativa
B57: 3 | C57: Misión de Impacto y Alta Calidad Transmoderna Translocal | D57: Diversificar la oferta académica en coherencia con las realidades y necesidades del entorno | E57: Visibilizar a través de los canales de comunicación de la UCundinamarca y a través de la participación en ferias la oferta académica de posgrado y pregrado | F57: Secretaría General | G57: Oficina Asesora de Comunicaciones | H57: Campaña para promover la oferta de posgrado y pregrado | I57: Realizar campañas de promoción en redes sociales, para dar a conocer la oferta de pregrado y posgrados | J57: Táctica
B58: 3 | C58: Misión de Impacto y Alta Calidad Transmoderna Translocal | D58: Implementar la ruta de alta calidad académica | E58: Implementar campañas que visibilicen la gestión que se adelanta para la acreditación de alta calidad. | F58: Secretaría General | G58: Oficina Asesora de Comunicaciones | H58: Publicaciones web | I58: Divulgar en la web institucional los programas académicos que han obteniendo registro calificado por parte del ministerio de educación nacional. | J58: Táctica
B59: 3 | C59: Misión de Impacto y Alta Calidad Transmoderna Translocal | D59: Implementar la ruta de alta calidad académica | E59: Implementar campañas que visibilicen la gestión que se adelanta para la acreditación de alta calidad. | F59: Secretaría General | G59: Oficina Asesora de Comunicaciones | H59: Redes sociales | I59: Campaña por redes sociales, que visibilice el proceso de alta calidad. | J59: Táctica
B60: 3 | C60: Comunidad Universitaria Agentes de Mejora y Transformación | D60: Consolidar una cultura digital y translocal como estrategia para la mejora y la transformación | E60: Desarrollar campañas de comunicación enfocadas a fortalecer la interacción con el estudiante, docente, administrativo y graduado. | F60: Secretaría General | G60: Oficina Asesora de Comunicaciones | H60: Campaña redes sociales | I60: Generar contenidos para las fanpage de las facultades, fanpages de sedes y redes sociales oficiales con información relevante para la comunidad universitaria. | J60: Operativa
B61: 3 | C61: Comunidad Universitaria Agentes de Mejora y Transformación | D61: Consolidar una cultura digital y translocal como estrategia para la mejora y la transformación | E61: Desarrollar campañas de comunicación enfocadas a fortalecer la interacción con el estudiante, docente, administrativo y graduado. | F61: Secretaría General | G61: Oficina Asesora de Comunicaciones | H61: Informar al equipo administrativo, docentes y estudiantes a través de boletines. | I61: Diseño de boletines dirigidos a estudiantes, docentes y administrativos y envío a las bases de datos de correos electrónicos. | J61: Operativa
B62: 3 | C62: Comunidad Universitaria Agentes de Mejora y Transformación | D62: Consolidar una cultura digital y translocal como estrategia para la mejora y la transformación | E62: Desarrollar campañas de comunicación enfocadas a fortalecer la interacción con el estudiante, docente, administrativo y graduado. | F62: Secretaría General | G62: Oficina Asesora de Comunicaciones | H62: Talleres de podcast. | I62: Desarrollar talleres de podcast para la comunidad universitaria, a fin de cocrear contenido para la emisora. | J62: Operativa
B63: 3 | C63: Comunidad Universitaria Agentes de Mejora y Transformación | D63: Generar identidad y sentido de pertenencia institucional en la comunidad universitaria como agente de cambio y transformación translocal | E63: Desarrollar campañas de comunicación enfocadas a fortalecer la interacción con el estudiante, docente, administrativo y graduado. | F63: Secretaría General | G63: Oficina Asesora de Comunicaciones | H63: Destacar historias de vida de graduados en la página web. | I63: Realizar notas periodísticas o entrevistas a graduados destacados y publicarlas en la agencia de noticias de la página web. | J63: Estratégica
B64: 3 | C64: Bienestar Constitutivo de la Vida y la Libertad, Expresión de Éxito Académico y Aseguramiento del Aprendizaje | D64: Implementar la gestión de éxito académico en la Universidad de Cundinamarca. | E64: Generar campañas en los diferentes canales de comunicación para que los estudiantes se informen de los beneficios y servicios que tiene Bienestar Universitario a fin de lograr su permanencia estudiantil. | F64: Secretaría General | G64: Oficina Asesora de Comunicaciones | H64: Difusión convocatorias Bienestar Universitario. | I64: Divulgar información sobre convocatorias, servicios y actividades que realice Bienestar Universitario. | J64: Operativa
B65: 3 | C65: Diálogo Latinoamericano | D65: Favorecer la internacionalización transcultural | E65: Posicionar en la comunidad interna y externa los convenios y convocatorias que la institución tiene para el intercambio académico y o experiencias internacionales. | F65: Secretaría General | G65: Oficina Asesora de Comunicaciones | H65: Difusión de convocatorias, Dialogando con el Mundo. | I65: Publicación en los canales de comunicación institucional de las convocatorias y actividades de la oficina de Dialogando con el Mundo. | J65: Estratégica
B66: 3 | C66: Organización Social del Conocimiento y Aprendizaje Viva | D66: Convertir a la Universidad de Cundinamarca en una Institución educativa ágil para responder a los retos de una organización transmoderna y translocal. | E66: Cumplir con el indice de oportunidad de respuesta de las solicitudes por SIS planteado | F66: Secretaría General | G66: Oficina Asesora de Comunicaciones | H66: Atención de Solicitudes SIS | I66: atender los requerimientos que llegan por la plataforma SIS, cómo mínimo con un indice de oportunidad de respuesta del 90% | J66: Operativa
B67: 3 | C67: Organización Social del Conocimiento y Aprendizaje Viva | D67: Convertir a la Universidad de Cundinamarca en una Institución educativa ágil para responder a los retos de una organización transmoderna y translocal. | E67: Medir el impacto de la comunicación en la web y redes sociales. | F67: Secretaría General | G67: Oficina Asesora de Comunicaciones | H67: Informe con las métricas. | I67: Realización de informe con la medición del número de visitas trimestrales que tuvo el sitio web: www.ucundinamarca.edu.co y el análisis de las métricas trimestrales de las redes sociales de la universidad. | J67: Operativa
... B69: 3 | C69: Organización Social del Conocimiento y Aprendizaje Viva | D69: Implementar los sistemas integrados de gestión en la Universidad de Cundinamarca | E69: Medir el impacto de la comunicación en la web y redes sociales. | F69: Secretaría General | G69: Oficina Asesora de Comunicaciones | H69: Campañas para los sistemas de gestión de seguridad de la Información y Ambiental | I69: Realización de campañas para dar a conocer, los valores, lineamientos, actividades, e información relevante de los sistemas de gestión de: Seguridad de la Información y Ambiental | J69: Táctica
B70: 3
B72: Trimestre | C72: Frente | D72: Estrategia | E72: Meta | F72: Alta Dirección | G72: Área Responsable | H72: Tarea | I72: Descripción de la tarea | J72: Categoría de la tarea | K72: Entregable | L72: % Cumplimiento | M72: Observación de cumplimiento
B73: 4 | C73: Misión de Impacto y Alta Calidad Transmoderna Translocal | D73: Diversificar la oferta académica en coherencia con las realidades y necesidades del entorno | E73: Visibilizar a través de los canales de comunicación de la UCundinamarca y a través de la participación en ferias la oferta académica de posgrado y pregrado | F73: Secretaría General | G73: Oficina Asesora de Comunicaciones | H73: Campaña para promover la oferta de posgrado y pregrado - Realizar campañas de promoción en redes sociales, para dar a conocer la oferta de pregrado y posgrados | I73: Realizar campañas de promoción en redes sociales, para dar a conocer la oferta de pregrado y posgrados | J73: Táctica
B74: 4 | C74: Misión de Impacto y Alta Calidad Transmoderna Translocal | D74: Diversificar la oferta académica en coherencia con las realidades y necesidades del entorno | E74: Visibilizar a través de los canales de comunicación de la UCundinamarca y a través de la participación en ferias la oferta académica de posgrado y pregrado | F74: Secretaría General | G74: Oficina Asesora de Comunicaciones | H74: Envío de correos masivos | I74: Enviar correos electrónicos a los aspirantes de pregrado y posgrado. | J74: Operativa
B75: 4 | C75: Misión de Impacto y Alta Calidad Transmoderna Translocal | D75: Aportar soluciones a problemas translocales de la mano con organizaciones y comunidades. | E75: Campaña de divulgación del micrositio web de la, tienda virtual para la facultad de Ciencias Administrativas, Económicas y Contables. | F75: Secretaría General | G75: Oficina Asesora de Comunicaciones | H75: Promoción del micrositio | I75: Desarrollar una campaña para dar a conocer el micrositio ¿tienda virtual¿ con los emprendimientos de los estudiantes de la facultad de de Ciencias Administrativas, Económicas y Contables. (1 fase) | J75: Operativa
B76: 4 | C76: Comunidad Universitaria Agentes de Mejora y Transformación | D76: Consolidar una cultura digital y translocal como estrategia para la mejora y la transformación | E76: Desarrollar campañas de comunicación enfocadas a fortalecer la interacción con el estudiante, docente, administrativo y graduado. | F76: Secretaría General | G76: Oficina Asesora de Comunicaciones | H76: Campaña redes sociales - Generar contenidos para las fanpage de las facultades, fanpages de sedes y redes sociales oficiales con información relevante para la comunidad universitaria. | I76: Generar contenidos para las fanpage de las facultades, fanpages de sedes y redes sociales oficiales con información relevante para la comunidad universitaria. | J76: Operativa
B77: 4 | C77: Comunidad Universitaria Agentes de Mejora y Transformación | D77: Consolidar una cultura digital y translocal como estrategia para la mejora y la transformación | E77: Desarrollar campañas de comunicación enfocadas a fortalecer la interacción con el estudiante, docente, administrativo y graduado. | F77: Secretaría General | G77: Oficina Asesora de Comunicaciones | H77: Informar al equipo administrativo, docentes y estudiantes a través de boletines. - Diseño de boletines dirigidos a estudiantes, docentes y administrativos y envío a las bases de datos de correos electrónicos. | I77: Diseño de boletines dirigidos a estudiantes, docentes y administrativos y envío a las bases de datos de correos electrónicos. | J77: Táctica
B78: 4 | C78: Comunidad Universitaria Agentes de Mejora y Transformación | D78: Consolidar una cultura digital y translocal como estrategia para la mejora y la transformación | E78: Desarrollar campañas de comunicación enfocadas a fortalecer la interacción con el estudiante, docente, administrativo y graduado. | F78: Secretaría General | G78: Oficina Asesora de Comunicaciones | H78: Talleres de podcast. - Desarrollar talleres de podcast para la comunidad universitaria, a fin de cocrear contenido para la emisora. | I78: Desarrollar talleres de podcast para la comunidad universitaria, a fin de cocrear contenido para la emisora. | J78: Operativa
B79: 4 | C79: Comunidad Universitaria Agentes de Mejora y Transformación | D79: Generar identidad y sentido de pertenencia institucional en la comunidad universitaria como agente de cambio y transformación translocal | E79: Desarrollar campañas de comunicación enfocadas a fortalecer la interacción con el estudiante, docente, administrativo y graduado. | F79: Secretaría General | G79: Oficina Asesora de Comunicaciones | H79: Destacar historias de vida de graduados en la página web. - Realizar notas periodísticas o entrevistas a graduados destacados y publicarlas en la agencia de noticias de la página web. | I79: Realizar notas periodísticas o entrevistas a graduados destacados y publicarlas en la agencia de noticias de la página web. | J79: Estratégica
B80: 4 | C80: Bienestar Constitutivo de la Vida y la Libertad, Expresión de Éxito Académico y Aseguramiento del Aprendizaje | D80: Implementar la gestión de éxito académico en la Universidad de Cundinamarca. | E80: Generar campañas en los diferentes canales de comunicación para que los estudiantes se informen de los beneficios y servicios que tiene Bienestar Universitario a fin de lograr su permanencia estudiantil. | F80: Secretaría General | G80: Oficina Asesora de Comunicaciones | H80: Difusión convocatorias Bienestar Universitario. - Divulgar información sobre convocatorias, servicios y actividades que realice Bienestar Universitario. | I80: Divulgar información sobre convocatorias, servicios y actividades que realice Bienestar Universitario. | J80: Estratégica
B81: 4 | C81: Organización Social del Conocimiento y Aprendizaje Viva | D81: Convertir a la Universidad de Cundinamarca en una Institución educativa ágil para responder a los retos de una organización transmoderna y translocal. | E81: Cumplir con el indice de oportunidad de respuesta de las solicitudes por SIS planteado | F81: Secretaría General | G81: Oficina Asesora de Comunicaciones | H81: Atención de Solicitudes SIS - atender los requerimientos que llegan por la plataforma SIS, cómo mínimo con un indice de oportunidad de respuesta del 90% | I81: atender los requerimientos que llegan por la plataforma SIS, cómo mínimo con un indice de oportunidad de respuesta del 90% | J81: Operativa
B82: 4 | C82: Organización Social del Conocimiento y Aprendizaje Viva | D82: Convertir a la Universidad de Cundinamarca en una Institución educativa ágil para responder a los retos de una organización transmoderna y translocal. | E82: Medir el impacto de la comunicación en la web y redes sociales. | F82: Secretaría General | G82: Oficina Asesora de Comunicaciones | H82: Informe con las métricas. - Realización de informe con la medición del número de visitas trimestrales que tuvo el sitio web: www.ucundinamarca.edu.co y el análisis de las métricas trimestrales de las redes sociales de la universidad. | I82: Realización de informe con la medición del número de visitas trimestrales que tuvo el sitio web: www.ucundinamarca.edu.co y el análisis de las métricas trimestrales de las redes sociales de la universidad. | J82: Operativa
B83: 4 | C83: Organización Social del Conocimiento y Aprendizaje Viva | D83: Fortalecer el plan de medios y recursos educativos. | E83: Cumplir con el porcentaje de ejecución programado | F83: Secretaría General | G83: Oficina Asesora de Comunicaciones | H83: Ejecucicón del 100% de los contratos | I83: Ejecutar el 100% de los contratos según el cronograma de actividades | J83: Estratégica
B84: 4 | C84: Organización Social del Conocimiento y Aprendizaje Viva | D84: Implementar los sistemas integrados de gestión en la Universidad de Cundinamarca | E84: Medir el impacto de la comunicación en la web y redes sociales. | F84: Secretaría General | G84: Oficina Asesora de Comunicaciones | H84: Divulgación sistemas de gestión Ambiental y EFR | I84: Realización de campañas para dar a conocer, los valores, lineamientos, actividades, e información relevante de los sistemas de gestión Ambiental y EFR. | J84: Táctica
B85: 4

Sheet 1.7
D2: MACROPROCESO ESTRATÉGICO | L2: CÓDIGO: EPIr049
D4: PROCESO GESTIÓN PLANEACIÓN INSTITUCIONAL | L4: VERSIÓN: 9
D6: PLAN DE ACCIÓN | L6: VIGENCIA: 2024-04-08
L7: PÁGINA: 10 de 58
C8: 13.
E9: # Acciones 1° Trimestre: | F9: 1 | G9: % Total | H9: de Cumplimiento 1° Trimestre: | I9: =(SUM(L$15:L$18))/F9 -> 0
C10: Área: | D10: =[1]Contenido!C21 -> Oficina de Archivo y Correspondencia | E10: # Acciones 2° Trimestre: | F10: 1 | G10: % Total | H10: de Cumplimiento 2° Trimestre: | I10: =(SUM(L$21:L$24))/F10 -> 0 | L10: Instrucciones para el diligenciamiento
E11: # Acciones 3° Trimestre: | F11: 1 | G11: % Total | H11: de Cumplimiento 3° Trimestre: | I11: =(SUM(L$27:L$31))/F11 -> 0
E12: # Acciones 4° Trimestre: | F12: 1 | G12: % Total | H12: de Cumplimiento 4° Trimestre: | I12: =(SUM(L$34:L$38))/F12 -> 0
B14: Trimestre | C14: Frente | D14: Estrategia | E14: Meta | F14: Alta Dirección | G14: Área Responsable | H14: Tarea | I14: Descripción de la tarea | J14: Categoría de la tarea | K14: Entregable | L14: % Cumplimiento | M14: Observación de cumplimiento
B15: 1 | C15: Organización Social del Conocimiento y Aprendizaje Viva | D15: Implementar el Modelo Integrado de Planeación y Gestión (MIPG) | E15: Digitalización de los Documentos | F15: Secretaría General | G15: Oficina de Archivo y Correspondencia | H15: Digitalizar y Sistematizar Documentos | I15: Digitalizar y sistematizar los documentos de la Sede de Fusagasugá | J15: Operativa
B16: 1 | C16: Organización Social del Conocimiento y Aprendizaje Viva | D16: Implementar el Modelo Integrado de Planeación y Gestión (MIPG) | E16: Fortalecer la estrategia o política de atención al ciudadano, a través de la implementación de herramientas tecnológicas, como insumo para la toma de decisiones oportunas y asertivas. | F16: Secretaría General | G16: Oficina de Archivo y Correspondencia | H16: Capacitación de Software SAIA. | I16: Realizar las respectivas capacitaciones a los funcionarios y docentes de la Universidad de Cundinamarca en Software SAIA. | J16: Estratégica
B17: 1 | C17: Organización Social del Conocimiento y Aprendizaje Viva | D17: Implementar el Modelo Integrado de Planeación y Gestión (MIPG) | E17: Implementar una herramienta de sincronización de actividades y articulación entre áreas | F17: Secretaría General | G17: Oficina de Archivo y Correspondencia | H17: Socilaización del Proceso de Gestión Documental | I17: Realizar Socializaciones a los Funcionarios de la Institución en temas de Gestión Documental y manejo de las SAIA | J17: Estratégica
B18: 1
B20: Trimestre | C20: Frente | D20: Estrategia | E20: Meta | F20: Alta Dirección | G20: Área Responsable | H20: Tarea | I20: Descripción de la tarea | J20: Categoría de la tarea | K20: Entregable | L20: % Cumplimiento | M20: Observación de cumplimiento
B21: 2 | C21: Organización Social del Conocimiento y Aprendizaje Viva | D21: Implementar el Modelo Integrado de Planeación y Gestión (MIPG) | E21: Digitalización de los Documentos | F21: Secretaría General | G21: Oficina de Archivo y Correspondencia | H21: Digitalizar y sistematizar los documentos de la Sede de Fusagasugá | I21: Digitalizar y sistematizar los documentos de la Sede de Fusagasugá | J21: Operativa
B22: 2 | C22: Organización Social del Conocimiento y Aprendizaje Viva | D22: Implementar el Modelo Integrado de Planeación y Gestión (MIPG) | E22: Fortalecer la estrategia o política de atención al ciudadano, a través de la implementación de herramientas tecnológicas, como insumo para la toma de decisiones oportunas y asertivas. | F22: Secretaría General | G22: Oficina de Archivo y Correspondencia | H22: Seguimiento al uso correcto de Software SAIA. | I22: Seguimiento al uso correcto de Software SAIA. | J22: Estratégica
B23: 2 | C23: Organización Social del Conocimiento y Aprendizaje Viva | D23: Implementar el Modelo Integrado de Planeación y Gestión (MIPG) | E23: Implementar una herramienta de sincronización de actividades y articulación entre áreas | F23: Secretaría General | G23: Oficina de Archivo y Correspondencia | H23: Video práctico para dar conocer tips generales en Gestión Documental , con el apoyo de la Oficina de Comunicaciones | I23: Video práctico para dar conocer tips generales en Gestión Documental , con el apoyo de la Oficina de Comunicaciones | J23: Estratégica
B24: 2
B26: Trimestre | C26: Frente | D26: Estrategia | E26: Meta | F26: Alta Dirección | G26: Área Responsable | H26: Tarea | I26: Descripción de la tarea | J26: Categoría de la tarea | K26: Entregable | L26: % Cumplimiento | M26: Observación de cumplimiento
B27: 3 | C27: Organización Social del Conocimiento y Aprendizaje Viva | D27: Fortalecer el plan de medios y recursos educativos. | E27: Ejecución del Proyecto de Inversión del Archivo y Correspondencia | F27: Secretaría General | G27: Oficina de Archivo y Correspondencia | H27: Seguimiento a la Ejecución Presupuestal del Proceso de Gestión Documental | I27: Informe de la Ejecución del Proceso de Gestión Documental | J27: Estratégica
B28: 3 | C28: Organización Social del Conocimiento y Aprendizaje Viva | D28: Implementar los sistemas integrados de gestión en la Universidad de Cundinamarca | E28: Digitalización de los Documentos | F28: Secretaría General | G28: Oficina de Archivo y Correspondencia | H28: Digitalizar y Sistematizar Documentos | I28: Digitalizar y sistematizar los documentos de la Sede de Fusagasugá | J28: Operativa
B29: 3 | C29: Organización Social del Conocimiento y Aprendizaje Viva | D29: Implementar los sistemas integrados de gestión en la Universidad de Cundinamarca | E29: Fortalecer la estrategia o política de atención al ciudadano, a través de la implementación de herramientas tecnológicas, como insumo para la toma de decisiones oportunas y asertivas. | F29: Secretaría General | G29: Oficina de Archivo y Correspondencia | H29: Segumiento Software SAIA. | I29: Seguimiento al uso correcto de Software SAIA de Adminsitrativos y Docentes | J29: Estratégica
B30: 3 | C30: Organización Social del Conocimiento y Aprendizaje Viva | D30: Implementar los sistemas integrados de gestión en la Universidad de Cundinamarca | E30: Implementar una herramienta de sincronización de actividades y articulación entre áreas | F30: Secretaría General | G30: Oficina de Archivo y Correspondencia | H30: Socilaización del Proceso de Gestión Documental | I30: Realizar Socializaciones a los Funcionarios de la Institución en temas de Gestión Documental, manejo de las SAIA y TRD. | J30: Estratégica
B31: 3
B33: Trimestre | C33: Frente | D33: Estrategia | E33: Meta | F33: Alta Dirección | G33: Área Responsable | H33: Tarea | I33: Descripción de la tarea | J33: Categoría de la tarea | K33: Entregable | L33: % Cumplimiento | M33: Observación de cumplimiento
B34: 4 | C34: Organización Social del Conocimiento y Aprendizaje Viva | D34: Fortalecer el plan de medios y recursos educativos. | E34: Ejecución del Proyecto de Inversión del Archivo y Correspondencia | F34: Secretaría General | G34: Oficina de Archivo y Correspondencia | H34: Seguimiento a la Ejecución Presupuestal del Proceso de Gestión Documental - Informe de la Ejecución del Proceso de Gestión Documental | I34: Informe de la Ejecución del Proceso de Gestión Documental | J34: Estratégica
B35: 4 | C35: Organización Social del Conocimiento y Aprendizaje Viva | D35: Implementar los sistemas integrados de gestión en la Universidad de Cundinamarca | E35: Digitalización de los Documentos | F35: Secretaría General | G35: Oficina de Archivo y Correspondencia | H35: Digitalizar y Sistematizar Documentos - Digitalizar y sistematizar los documentos de la Sede de Fusagasugá | I35: Digitalizar y sistematizar los documentos de la Sede de Fusagasugá | J35: Operativa
B36: 4 | C36: Organización Social del Conocimiento y Aprendizaje Viva | D36: Implementar los sistemas integrados de gestión en la Universidad de Cundinamarca | E36: Fortalecer la estrategia o política de atención al ciudadano, a través de la implementación de herramientas tecnológicas, como insumo para la toma de decisiones oportunas y asertivas. | F36: Secretaría General | G36: Oficina de Archivo y Correspondencia | H36: Segumiento Software SAIA. - Seguimiento al uso correcto de Software SAIA de Adminsitrativos y Docentes | I36: Seguimiento al uso correcto de Software SAIA de Adminsitrativos y Docentes | J36: Estratégica
B37: 4 | C37: Organización Social del Conocimiento y Aprendizaje Viva | D37: Implementar los sistemas integrados de gestión en la Universidad de Cundinamarca | E37: Implementar una herramienta de sincronización de actividades y articulación entre áreas | F37: Secretaría General | G37: Oficina de Archivo y Correspondencia | H37: Emisión de video | I37: Video práctico para dar conocer tips generales en Gestión Documental , con el apoyo de la Oficina de Comunicaciones | J37: Estratégica
B38: 4

Sheet 1.8
D2: MACROPROCESO ESTRATÉGICO | L2: CÓDIGO: EPIr049
D4: PROCESO GESTIÓN PLANEACIÓN INSTITUCIONAL | L4: VERSIÓN: 9
D6: PLAN DE ACCIÓN | L6: VIGENCIA: 2024-04-08
L7: PÁGINA: 11 de 58
C8: 13.
E9: # Acciones 1° Trimestre: | F9: 1 | G9: % Total | H9: de Cumplimiento 1° Trimestre: | I9: =(SUM(L$15:L$17))/F9 -> 0
C10: Área: | D10: =[1]Contenido!C22 -> Oficina de Atención al Ciudadano | E10: # Acciones 2° Trimestre: | F10: 1 | G10: % Total | H10: de Cumplimiento 2° Trimestre: | I10: =(SUM(L$20:L$23))/F10 -> 0 | L10: Instrucciones para el diligenciamiento
E11: # Acciones 3° Trimestre: | F11: 1 | G11: % Total | H11: de Cumplimiento 3° Trimestre: | I11: =(SUM(L$26:L$29))/F11 -> 0
E12: # Acciones 4° Trimestre: | F12: 1 | G12: % Total | H12: de Cumplimiento 4° Trimestre: | I12: =(SUM(L$32:L$33))/F12 -> 0
B14: Trimestre | C14: Frente | D14: Estrategia | E14: Meta | F14: Alta Dirección | G14: Área Responsable | H14: Tarea | I14: Descripción de la tarea | J14: Categoría de la tarea | K14: Entregable | L14: % Cumplimiento | M14: Observación de cumplimiento
B15: 1 | C15: Organización Social del Conocimiento y Aprendizaje Viva | D15: Implementar el Modelo Integrado de Planeación y Gestión (MIPG) | E15: Fortalecer la estrategia o política de atención al ciudadano, a través de laimplementación de herramientas tecnológicas, como insumo para la toma dedecisiones oportunas y asertivas. | F15: Secretaría General | G15: Oficina de Atención al Ciudadano | H15: Asesoria herramienta tecnologica para analisis de datos | I15: establecer mesa de trabajo para el diseño de la herramienta tecnologica apropiada para analisis de datos | J15: Estratégica
B16: 1 | C16: Organización Social del Conocimiento y Aprendizaje Viva | D16: Certificación de los Sistemas de Gestión e integración | E16: Fortalecer el modelo de operación digital | F16: Secretaría General | G16: Oficina de Atención al Ciudadano | H16: Fortalecer el proceso SAC | I16: Hacer mesa de trabajo con calidad para actualizacion los documentos con el fin de cumplir las exigencias de los sistemas integrados | J16: Estratégica
B17: 1
B19: Trimestre | C19: Frente | D19: Estrategia | E19: Meta | F19: Alta Dirección | G19: Área Responsable | H19: Tarea | I19: Descripción de la tarea | J19: Categoría de la tarea | K19: Entregable | L19: % Cumplimiento | M19: Observación de cumplimiento
B20: 2 | C20: Organización Social del Conocimiento y Aprendizaje Viva | D20: Implementar el Modelo Integrado de Planeación y Gestión (MIPG) | E20: Fortalecer la estrategia o política de atención al ciudadano, a través de laimplementación de herramientas tecnológicas, como insumo para la toma dedecisiones oportunas y asertivas. | F20: Secretaría General | G20: Oficina de Atención al Ciudadano | H20: Desarrollo herramienta tecnologica apropiada para SAC | I20: Desarrollar herramienta tecnologica apropiada para el analisis de las peticiones instauradas a la universidad como fuente de informacion para la toma de decisión | J20: Operativa
B21: 2 | C21: Organización Social del Conocimiento y Aprendizaje Viva | D21: Implementar el Modelo Integrado de Planeación y Gestión (MIPG) | E21: Política de Servicio y Atención al Ciudadano | F21: Secretaría General | G21: Oficina de Atención al Ciudadano | H21: Avance porcentual de la estrategia para la atención y servicio al ciudadano | I21: Informe de reporte de PQRS y avance porcentual de las estrategias de servicio y atención al ciudadano | J21: Táctica
B22: 2 | C22: Organización Social del Conocimiento y Aprendizaje Viva | D22: Certificación de los Sistemas de Gestión e integración | E22: Fortalecer el modelo de operación digital | F22: Secretaría General | G22: Oficina de Atención al Ciudadano | H22: actualizar proceso SAC | I22: De acuerdo a la mesa de trabajo se realizan los ajustes a los documentos del proceso y se remite para su aprobación | J22: Operativa
B23: 2
B25: Trimestre | C25: Frente | D25: Estrategia | E25: Meta | F25: Alta Dirección | G25: Área Responsable | H25: Tarea | I25: Descripción de la tarea | J25: Categoría de la tarea | K25: Entregable | L25: % Cumplimiento | M25: Observación de cumplimiento
B26: 3 | C26: Organización Social del Conocimiento y Aprendizaje Viva | D26: Convertir a la Universidad de Cundinamarca en una Institución educativa ágil para responder a los retos de una organización transmoderna y translocal. | E26: Fortalecer el modelo de operación digital | F26: Secretaría General | G26: Oficina de Atención al Ciudadano | H26: Publicación de la actualización de los documentos de proceso | I26: Una vez revisados los documentos del proceso SAC, se actualiza la publicacion en el modelo de operaciones digitales | J26: Operativa
B27: 3 | C27: Organización Social del Conocimiento y Aprendizaje Viva | D27: Convertir a la Universidad de Cundinamarca en una Institución educativa ágil para responder a los retos de una organización transmoderna y translocal. | E27: Fortalecer la estrategia o política de atención al ciudadano, a través de la implementación de herramientas tecnológicas, como insumo para la toma de decisiones oportunas y asertivas. | F27: Secretaría General | G27: Oficina de Atención al Ciudadano | H27: Publicar herramienta tecnologica en el micrositio de atencion al ciudadano | I27: Solicitar la publicacion de la herramienta en el micrositio de atencion al ciudadano | J27: Operativa
B28: 3 | C28: Organización Social del Conocimiento y Aprendizaje Viva | D28: Convertir a la Universidad de Cundinamarca en una Institución educativa ágil para responder a los retos de una organización transmoderna y translocal. | E28: Política de Servicio y Atención al Ciudadano | F28: Secretaría General | G28: Oficina de Atención al Ciudadano | H28: Avance porcentual de la capacitación de funcionarios en lenguaje claro | I28: Informe del avance porcentual de la capacitación a funcionarios en lenguaje claro | J28: Táctica
B29: 3
B31: Trimestre | C31: Frente | D31: Estrategia | E31: Meta | F31: Alta Dirección | G31: Área Responsable | H31: Tarea | I31: Descripción de la tarea | J31: Categoría de la tarea | K31: Entregable | L31: % Cumplimiento | M31: Observación de cumplimiento
B32: 4 | C32: Organización Social del Conocimiento y Aprendizaje Viva | D32: Convertir a la Universidad de Cundinamarca en una Institución educativa ágil para responder a los retos de una organización transmoderna y translocal. | E32: Política de Servicio y Atención al Ciudadano | F32: Secretaría General | G32: Oficina de Atención al Ciudadano | H32: Resultados de la encuesta de satisfacción del usuario | I32: Informe de los resultados de la encuesta y el acta de la comisión de desempeño institucional que lo valide | J32: Operativa
B33: 4

Sheet 1.9
D2: MACROPROCESO ESTRATÉGICO | L2: CÓDIGO: EPIr049
D4: PROCESO GESTIÓN PLANEACIÓN INSTITUCIONAL | L4: VERSIÓN: 9
D6: PLAN DE ACCIÓN | L6: VIGENCIA: 2024-04-08
L7: PÁGINA: 12 de 58
C8: 13.
E9: # Acciones 1° Trimestre: | F9: 1 | G9: % Total | H9: de Cumplimiento 1° Trimestre: | I9: =(SUM(L$15:L$26))/F9 -> 0
C10: Área: | D10: =[1]Contenido!C23 -> Sistema de Gestión de Seguridad de la Información | E10: # Acciones 2° Trimestre: | F10: 1 | G10: % Total | H10: de Cumplimiento 2° Trimestre: | I10: =(SUM(L$29:L$41))/F10 -> 0 | L10: Instrucciones para el diligenciamiento
E11: # Acciones 3° Trimestre: | F11: 1 | G11: % Total | H11: de Cumplimiento 3° Trimestre: | I11: =(SUM(L$44:L$51))/F11 -> 0
E12: # Acciones 4° Trimestre: | F12: 1 | G12: % Total | H12: de Cumplimiento 4° Trimestre: | I12: =(SUM(L$54:L$68))/F12 -> 0
B14: Trimestre | C14: Frente | D14: Estrategia | E14: Meta | F14: Alta Dirección | G14: Área Responsable | H14: Tarea | I14: Descripción de la tarea | J14: Categoría de la tarea | K14: Entregable | L14: % Cumplimiento | M14: Observación de cumplimiento
B15: 1 | C15: Organización Social del Conocimiento y Aprendizaje Viva | D15: Gobierno digital y seguridad de la información | E15: Diseñar e implementar la estrategia para la gestión de incidentes de seguridad y privacidad de la Información | F15: Secretaría General | G15: Sistema de Gestión de Seguridad de la Información | H15: Ajustar los procedimientos ESG-SSI-P09 Gestión de Incidentes de Seguridad de la Información y ESG-SSI-P10 Reporte de Incidente de Protección de Datos Personales (100%). | I15: Formalización e implementación de los procedimientos ESG-SSI-P09 Gestión de Incidentes de Seguridad de la Información y ESG-SSI-P10 Reporte de Incidente de Protección de Datos Personales. | J15: Táctica
B16: 1 | C16: Organización Social del Conocimiento y Aprendizaje Viva | D16: Gobierno digital y seguridad de la información | E16: Diseñar e implementar la estrategia para la gestión de incidentes de seguridad y privacidad de la Información | F16: Secretaría General | G16: Sistema de Gestión de Seguridad de la Información | H16: Atender y dar respuesta a los eventos y/o incidentes de seguridad y privacidad de la información, teniendo en cuenta las etapas del Ciclo de Vida de la Gestión de Incidentes especificadas en el procedimiento ESG-SSI-P09 Gestión de Incidentes de Seguridad y Privacidad de la información. (25%) | I16: Seguimiento, verificación, tratamiento y cierre a los eventos y/o incidentes de seguridad y privacidad de la información reportados por la comunidad universitaria. | J16: Táctica
B17: 1 | C17: Organización Social del Conocimiento y Aprendizaje Viva | D17: Gobierno digital y seguridad de la información | E17: Diseñar e implementar la estrategia para la gestión de riesgos de seguridad y privacidad de la Información | F17: Secretaría General | G17: Sistema de Gestión de Seguridad de la Información | H17: Revisar la documentación de la gestión de riesgos del Sistema de Gestión de Seguridad de la Información SGSI. (100%) | I17: Revisión y actualización de los lineamientos para la gestión de riesgos, tanto como procedimientos internos, metodología utilizada y políticas específicas. | J17: Operativa
B18: 1 | C18: Organización Social del Conocimiento y Aprendizaje Viva | D18: Gobierno digital y seguridad de la información | E18: Diseñar la estrategia para la implementación de la Ley de Protección de Datos Personales | F18: Secretaría General | G18: Sistema de Gestión de Seguridad de la Información | H18: Proponer y ejecutar el cronograma de actividades para el Registro Nacional de Bases de Datos (RNBD) a nivel institucional. (100%) | I18: Ejecución del cronograma de actividades para el Registro Nacional de Bases de Datos de acuerdo a los lineamientos de la Superintendencia de Industria y Comercio ¿ SIC. | J18: Táctica
B19: 1 | C19: Organización Social del Conocimiento y Aprendizaje Viva | D19: Gobierno digital y seguridad de la información | E19: Gestionar las actividades estratégicas, tácticas y operativas asociadas a la implementación y continuidad del Sistema de Gestión de Seguridad de la Información - SGSI y el Programa Integral de Gestión de Datos Personales - PIGDP. | F19: Secretaría General | G19: Sistema de Gestión de Seguridad de la Información | H19: Definir las actividades para el diseño, desarrollo y habilitación del Campo Multidimensional de Aprendizaje del Sistema de Gestión de Seguridad De la Información SGSI. (20%) | I19: Elaboración del cronograma de actividades y articulación con las áreas pertinentes para construir el Plan de Aprendizaje Digital (PAD). | J19: Operativa
B20: 1 | C20: Organización Social del Conocimiento y Aprendizaje Viva | D20: Gobierno digital y seguridad de la información | E20: Gestionar las actividades estratégicas, tácticas y operativas asociadas a la implementación y continuidad del Sistema de Gestión de Seguridad de la Información - SGSI y el Programa Integral de Gestión de Datos Personales - PIGDP. | F20: Secretaría General | G20: Sistema de Gestión de Seguridad de la Información | H20: Definir las actividades para la implementación del Sistema de Gestión de Seguridad de la Información - SGSI y el Programa Integral de Gestión de Datos Personales - PIGDP. (100%) | I20: Elaboración de los cronogramas de actividades que reflejen la implementación del Sistema de Gestión de Seguridad de la Información - SGSI y el Programa Integral de Gestión de Datos Personales - PIGDP. | J20: Estratégica
B21: 1 | C21: Organización Social del Conocimiento y Aprendizaje Viva | D21: Gobierno digital y seguridad de la información | E21: Gestionar las actividades estratégicas, tácticas y operativas asociadas a la implementación y continuidad del Sistema de Gestión de Seguridad de la Información - SGSI y el Programa Integral de Gestión de Datos Personales - PIGDP. | F21: Secretaría General | G21: Sistema de Gestión de Seguridad de la Información | H21: Definir las actividades para las visitas de vigías de seguridad de la información a nivel institucional. (25%) | I21: Elaboración de los cronogramas de actividades que reflejen la estrategia para realizar las visitas de vigías de seguridad de la información a nivel institucional en sede, seccionales, extensiones, Oficina de Bogotá y Centro Académico Deportivo ¿ CAD. | J21: Operativa
B22: 1 | C22: Organización Social del Conocimiento y Aprendizaje Viva | D22: Gobierno digital y seguridad de la información | E22: Gestionar las actividades estratégicas, tácticas y operativas asociadas a la implementación y continuidad del Sistema de Gestión de Seguridad de la Información - SGSI y el Programa Integral de Gestión de Datos Personales - PIGDP. | F22: Secretaría General | G22: Sistema de Gestión de Seguridad de la Información | H22: Gestionar el contenido del micrositio del Sistema de Gestión de Seguridad de la Información SGSI en el gestor web de Joomla. (25%) | I22: Diagnóstico del funcionamiento y revisión de los contenidos publicados en el micrositio del Sistema de Gestión de Seguridad de la Información SGSI. | J22: Operativa
B23: 1 | C23: Organización Social del Conocimiento y Aprendizaje Viva | D23: Gobierno digital y seguridad de la información | E23: Gestionar las actividades estratégicas, tácticas y operativas asociadas a la implementación y continuidad del Sistema de Gestión de Seguridad de la Información - SGSI y el Programa Integral de Gestión de Datos Personales - PIGDP. | F23: Secretaría General | G23: Sistema de Gestión de Seguridad de la Información | H23: Gestionar la Auditoria Interna II del Sistema de Gestión de Seguridad de la Información - SGSI y el Programa Integral de Gestión de Datos Personales - PIGDP. (25%) | I23: Ejecución de la Orden Contractual F-OCSU-241 de 2023 ¿Contratar el servicio de Auditoría Interna II para el Sistema de Gestión de Seguridad de la Información SGSI bajo la norma ISO27001:2013, el Modelo de Seguridad y Privacidad de la Información, el cumplimiento de la Ley 1581 de 2012 y demás normatividad reglamentaria¿ | J23: Estratégica
B24: 1 | C24: Organización Social del Conocimiento y Aprendizaje Viva | D24: Gobierno digital y seguridad de la información | E24: Gestionar las actividades estratégicas, tácticas y operativas asociadas a la implementación y continuidad del Sistema de Gestión de Seguridad de la Información - SGSI y el Programa Integral de Gestión de Datos Personales - PIGDP. | F24: Secretaría General | G24: Sistema de Gestión de Seguridad de la Información | H24: Revisar y ajustar la Matriz de Flujos de Comunicación del Sistema de Gestión de Seguridad de la Información y el Programa Integral de Gestión de Datos Personales - PIGDP. (100%) | I24: Actualización de la Matriz de Identificación y Seguimiento al Cumplimiento de Requisitos Legales y Otros para envió a la Dirección Jurídica y a partir de su aprobación solicitar su publicación. | J24: Táctica
B25: 1 | C25: Organización Social del Conocimiento y Aprendizaje Viva | D25: Gobierno digital y seguridad de la información | E25: Gestionar las actividades estratégicas, tácticas y operativas asociadas a la implementación y continuidad del Sistema de Gestión de Seguridad de la Información - SGSI y el Programa Integral de Gestión de Datos Personales - PIGDP. | F25: Secretaría General | G25: Sistema de Gestión de Seguridad de la Información | H25: Revisar y ajustar la Matriz de Identificación y Seguimiento al Cumplimiento de Requisitos Legales y Otros del Sistema de Gestión de Seguridad de la Información y el Programa Integral de Gestión de Datos Personales - PIGDP. (100%) | I25: Actualización de la Matriz de Identificación y Seguimiento al Cumplimiento de Requisitos Legales y Otros para envió a la Dirección Jurídica y a partir de su aprobación solicitar su publicación. | J25: Táctica
B26: 1
B28: Trimestre | C28: Frente | D28: Estrategia | E28: Meta | F28: Alta Dirección | G28: Área Responsable | H28: Tarea | I28: Descripción de la tarea | J28: Categoría de la tarea | K28: Entregable | L28: % Cumplimiento | M28: Observación de cumplimiento
B29: 2 | C29: Organización Social del Conocimiento y Aprendizaje Viva | D29: Gobierno digital y seguridad de la información | E29: Diseñar e implementar la estrategia para la gestión de incidentes de seguridad y privacidad de la Información | F29: Secretaría General | G29: Sistema de Gestión de Seguridad de la Información | H29: Atender los eventos y/o incidentes de seguridad y privacidad de la información, teniendo en cuenta las etapas del Ciclo de Vida de la Gestión de Incidentes especificadas en el procedimiento ESG-SSI-P09 Gestión de Incidentes de Seguridad y Privacidad de la información. (50%) | I29: Seguimiento, verificación, tratamiento y cierre a los eventos y/o incidentes de seguridad y privacidad de la información reportados por la comunidad universitaria. | J29: Táctica
B30: 2 | C30: Organización Social del Conocimiento y Aprendizaje Viva | D30: Gobierno digital y seguridad de la información | E30: Diseñar e implementar la estrategia para la gestión de incidentes de seguridad y privacidad de la Información | F30: Secretaría General | G30: Sistema de Gestión de Seguridad de la Información | H30: Realizar la gestión del riesgo de seguridad y privacidad de la información. (100%) | I30: Seguimiento de las matrices de riesgo construidas en la vigencia 2023 y elaboración de las matrices de riesgo de las seccionales y extensiones de la Universidad de Cundinamarca, a partir de los activos de información. | J30: Operativa
B31: 2 | C31: Organización Social del Conocimiento y Aprendizaje Viva | D31: Gobierno digital y seguridad de la información | E31: Diseñar la estrategia para la implementación de la Ley de Protección de Datos Personales | F31: Secretaría General | G31: Sistema de Gestión de Seguridad de la Información | H31: Definir las actividades para la gestión de activos de información del Sistema de Gestión de Seguridad de la Información SGSI. (20%) | I31: Elaborar el cronograma de actividades para la gestión de activos de información a nivel institucional y socializarlo en la Comisión de Gestión. | J31: Estratégica
B32: 2 | C32: Organización Social del Conocimiento y Aprendizaje Viva | D32: Gobierno digital y seguridad de la información | E32: Diseñar la estrategia para la implementación de la Ley de Protección de Datos Personales | F32: Secretaría General | G32: Sistema de Gestión de Seguridad de la Información | H32: Diseñar la estrategia y establecer los cronogramas para el cumplimiento del ESG-SSI-PL01 - Plan Institucional de Sensibilización y Entrenamiento en Seguridad y Privacidad de la Información y el ESG-SSI-PG01 - Programa Integral de Gestión de Datos Personales PIGDP. (30%) | I32: Socialización de los cronogramas de actividades para el desarrollo de las jornadas de sensibilización en seguridad y privacidad de la información y la campaña del día de protección de datos personales ¿Tus datos no son un juego¿ en la Comisión de Gestión. | J32: Estratégica
B33: 2 | C33: Organización Social del Conocimiento y Aprendizaje Viva | D33: Gobierno digital y seguridad de la información | E33: Diseñar la estrategia para la implementación de la Ley de Protección de Datos Personales | F33: Secretaría General | G33: Sistema de Gestión de Seguridad de la Información | H33: Estrategia para la revisión y seguimiento a la gestión de autorizaciones para el tratamiento de datos personales. (50%) | I33: Revisión mediante muestra de titulares (estudiantes) para asegurar el debido tratamiento de datos personales en cumplimiento de la normatividad legal vigente. | J33: Operativa
B34: 2 | C34: Organización Social del Conocimiento y Aprendizaje Viva | D34: Gobierno digital y seguridad de la información | E34: Gestionar las actividades estratégicas, tácticas y operativas asociadas a la implementación y continuidad del Sistema de Gestión de Seguridad de la Información - SGSI y el Programa Integral de Gestión de Datos Personales - PIGDP. | F34: Secretaría General | G34: Sistema de Gestión de Seguridad de la Información | H34: Definir la estrategia para la transición de la norma ISO 27001:2013 a la norma ISO 27001:2022. (30%) | I34: Diagnóstico e impacto de la transición de la norma ISO 27001:2022 e implementación de los controles del Anexo A. | J34: Estratégica
B35: 2 | C35: Organización Social del Conocimiento y Aprendizaje Viva | D35: Gobierno digital y seguridad de la información | E35: Gestionar las actividades estratégicas, tácticas y operativas asociadas a la implementación y continuidad del Sistema de Gestión de Seguridad de la Información - SGSI y el Programa Integral de Gestión de Datos Personales - PIGDP. | F35: Secretaría General | G35: Sistema de Gestión de Seguridad de la Información | H35: Documentar la información del Sistema de Gestión de Seguridad de la Información SGSI en el Modelo de Operación Digital de la Universidad de Cundinamarca. (50%) | I35: Actualización constante de los documentos que conforman el Sistema de Gestión de Seguridad de la Información - SGSI y el Programa Integral de Gestión de Datos Personales PIGDP, a través del aplicativo SAD. | J35: Operativa
B36: 2 | C36: Organización Social del Conocimiento y Aprendizaje Viva | D36: Gobierno digital y seguridad de la información | E36: Gestionar las actividades estratégicas, tácticas y operativas asociadas a la implementación y continuidad del Sistema de Gestión de Seguridad de la Información - SGSI y el Programa Integral de Gestión de Datos Personales - PIGDP. | F36: Secretaría General | G36: Sistema de Gestión de Seguridad de la Información | H36: Gestión de los planes de mejoramiento producto de la Auditoria Interna I del Sistema de Gestión de Seguridad de la Información - SGSI. (50%) | I36: Seguimiento y acompañamiento a los procesos y/o áreas que tengan asignados planes de mejoramiento para asegurar su cumplimiento y cierre. | J36: Operativa
B37: 2 | C37: Organización Social del Conocimiento y Aprendizaje Viva | D37: Gobierno digital y seguridad de la información | E37: Gestionar las actividades estratégicas, tácticas y operativas asociadas a la implementación y continuidad del Sistema de Gestión de Seguridad de la Información - SGSI y el Programa Integral de Gestión de Datos Personales - PIGDP. | F37: Secretaría General | G37: Sistema de Gestión de Seguridad de la Información | H37: Gestionar el contenido del micrositio del Sistema de Gestión de Seguridad de la Información SGSI en el gestor web de Joomla. (50%) | I37: Actualización y mantenimiento de las cuatro (4) sesiones del micrositio, con el objetivo de comunicar, informar y sensibilizar a la comunidad universitaria en general acerca del SGSI. | J37: Táctica
B38: 2 | C38: Organización Social del Conocimiento y Aprendizaje Viva | D38: Gobierno digital y seguridad de la información | E38: Gestionar las actividades estratégicas, tácticas y operativas asociadas a la implementación y continuidad del Sistema de Gestión de Seguridad de la Información - SGSI y el Programa Integral de Gestión de Datos Personales - PIGDP. | F38: Secretaría General | G38: Sistema de Gestión de Seguridad de la Información | H38: Gestionar la Auditoria Interna II del Sistema de Gestión de Seguridad de la Información - SGSI y el Programa Integral de Gestión de Datos Personales - PIGDP. (50%) | I38: Entrega del informe final y consolidado de los planes de mejoramiento producto de la Orden Contractual F-OCSU-241 de 2023. | J38: Estratégica
B39: 2 | C39: Organización Social del Conocimiento y Aprendizaje Viva | D39: Gobierno digital y seguridad de la información | E39: Gestionar las actividades estratégicas, tácticas y operativas asociadas a la implementación y continuidad del Sistema de Gestión de Seguridad de la Información - SGSI y el Programa Integral de Gestión de Datos Personales - PIGDP. | F39: Secretaría General | G39: Sistema de Gestión de Seguridad de la Información | H39: Gestionar los indicadores de seguridad y privacidad de la información. (50%) | I39: Gestionar los indicadores asociados a seguridad de la información y protección de Datos con su correspondiente medición, socialización y publicación, de acuerdo con el Modelo de Seguridad y Privacidad de la Información, propuesto por el MinTIC. | J39: Operativa
B40: 2 | C40: Organización Social del Conocimiento y Aprendizaje Viva | D40: Gobierno digital y seguridad de la información | E40: Gestionar las actividades estratégicas, tácticas y operativas asociadas a la implementación y continuidad del Sistema de Gestión de Seguridad de la Información - SGSI y el Programa Integral de Gestión de Datos Personales - PIGDP. | F40: Secretaría General | G40: Sistema de Gestión de Seguridad de la Información | H40: Realizar las visitas de vigías de seguridad y privacidad de la información en en sede, seccionales, extensiones, Oficina de Bogotá y Centro Académico Deportivo CAD. (50%) | I40: Realizar las visitas de vigías de seguridad y privacidad de la información y documentarlas mediante el formato ESG-SSI-F035 Reporte de Verificación para Vigía de Seguridad de la Información | J40: Operativa
B41: 2
B43: Trimestre | C43: Frente | D43: Estrategia | E43: Meta | F43: Alta Dirección | G43: Área Responsable | H43: Tarea | I43: Descripción de la tarea | J43: Categoría de la tarea | K43: Entregable | L43: % Cumplimiento | M43: Observación de cumplimiento
B44: 3 | C44: Organización Social del Conocimiento y Aprendizaje Viva | D44: Implementar los sistemas integrados de gestión en la Universidad de Cundinamarca | E44: Ejecución del proyecto de inversión | F44: Secretaría General | G44: Sistema de Gestión de Seguridad de la Información | H44: Ejecución de los recursos asignados al proyecto denominado Implementación del Sistema de Gestión de Seguridad de la Información y la Ley de Protección de Datos Personales en la UCundinamarca 2024. | I44: Informe detallado de la ejecución de los recursos asignados al proyecto denominado Implementación del Sistema de Gestión de Seguridad de la Información y la Ley de Protección de Datos Personales en la UCundinamarca 2024. | J44: Táctica
B45: 3 | C45: Organización Social del Conocimiento y Aprendizaje Viva | D45: Implementar los sistemas integrados de gestión en la Universidad de Cundinamarca | E45: Estrategia para la gestión de incidentes de seguridad y privacidad de la información. | F45: Secretaría General | G45: Sistema de Gestión de Seguridad de la Información | H45: Atender y dar respuesta a los eventos y/o incidentes de seguridad y privacidad de la información, teniendo en cuenta las etapas del Ciclo de Vida de la Gestión de Incidentes especificadas en el procedimiento ESG-SSI-P09 Gestión de Incidentes de Seguridad y Privacidad de la información. | I45: Seguimiento, verificación, tratamiento y cierre a los eventos y/o incidentes de seguridad y privacidad de la información reportados por la comunidad universitaria. | J45: Táctica
B46: 3 | C46: Organización Social del Conocimiento y Aprendizaje Viva | D46: Implementar los sistemas integrados de gestión en la Universidad de Cundinamarca | E46: Estrategia para la gestión de riesgos de seguridad y privacidad de la información | F46: Secretaría General | G46: Sistema de Gestión de Seguridad de la Información | H46: Realizar la gestión del riesgo de seguridad y privacidad de la información. | I46: Tratamiento de las matrices de riesgo del Sistema de Gestión de Seguridad de la Información - SGSI por las áreas y/o procesos de la Universidad de Cundinamarca en sede, seccionales y extensiones. | J46: Operativa
B47: 3 | C47: Organización Social del Conocimiento y Aprendizaje Viva | D47: Implementar los sistemas integrados de gestión en la Universidad de Cundinamarca | E47: Estrategia para la transición de la norma ISO 27001:2013 a la norma ISO 27001:2022. | F47: Secretaría General | G47: Sistema de Gestión de Seguridad de la Información | H47: Definir la estrategia para la transición de la norma ISO 27001:2013 a la norma ISO 27001:2022. | I47: Elaboración del cronograma de actividades para la transición de la norma ISO 27001:2013 a la norma ISO 27001:2022. | J47: Estratégica
B48: 3 | C48: Organización Social del Conocimiento y Aprendizaje Viva | D48: Implementar los sistemas integrados de gestión en la Universidad de Cundinamarca | E48: Gestión de Activos de Información en cumplimiento a la Ley 1712 de 2014 - Por medio de la cual se crea la Ley de Transparencia y del Derecho de Acceso a la Información Pública Nacional y se dictan otras disposiciones | F48: Secretaría General | G48: Sistema de Gestión de Seguridad de la Información | H48: Gestionar las actividades para la gestión de activos de información del Sistema de Gestión de Seguridad de la Información - SGSI. | I48: Jornadas de entrenamiento, verificación y consolidado del registro de activos de información a nivel institucional de la vigencia 2024 | J48: Estratégica
B49: 3 | C49: Organización Social del Conocimiento y Aprendizaje Viva | D49: Implementar los sistemas integrados de gestión en la Universidad de Cundinamarca | E49: Gestionar las actividades estratégicas y transversales asociadas a la continuidad del Sistema de Gestión de Seguridad de la Información - SGSI | F49: Secretaría General | G49: Sistema de Gestión de Seguridad de la Información | H49: Gestionar la Auditoria Interna II del Sistema de Gestión de Seguridad de la Información - SGSI y el Programa Integral de Gestión de Datos Personales - PIGDP. | I49: Acompañamiento y seguimiento a los planes de mejoramiento producto de la Auditoría Interna II del Sistema de Gestión de Seguridad de la Información - SGSI | J49: Estratégica
B50: 3 | C50: Organización Social del Conocimiento y Aprendizaje Viva | D50: Implementar los sistemas integrados de gestión en la Universidad de Cundinamarca | E50: Implementación del Programa Integral de Gestión de Datos Personales - PIGDP | F50: Secretaría General | G50: Sistema de Gestión de Seguridad de la Información | H50: Diseñar la estrategia y establecer los cronogramas para el cumplimiento del ESG-SSI-PL01 - Plan Institucional de Sensibilización y Entrenamiento en Seguridad y Privacidad de la Información y el ESG-SSI-PG01 - Programa Integral de Gestión de Datos Personales PIGDP. | I50: Ejecución y seguimiento al cronogramas de actividades de las jornadas de sensibilización en seguridad y privacidad de la información y la campaña del día de protección de datos personales | J50: Estratégica
B51: 3
B53: Trimestre | C53: Frente | D53: Estrategia | E53: Meta | F53: Alta Dirección | G53: Área Responsable | H53: Tarea | I53: Descripción de la tarea | J53: Categoría de la tarea | K53: Entregable | L53: % Cumplimiento | M53: Observación de cumplimiento
B54: 4 | C54: Organización Social del Conocimiento y Aprendizaje Viva | D54: Implementar los sistemas integrados de gestión en la Universidad de Cundinamarca | E54: Campo Multidimensional de Aprendizaje del Sistema de Gestión de Seguridad de la Información - SGSI. | F54: Secretaría General | G54: Sistema de Gestión de Seguridad de la Información | H54: Definir las actividades para el diseño, desarrollo y habilitación del Campo Multidimensional de Aprendizaje del Sistema de Gestión de Seguridad De la Información - SGSI. | I54: Ejecución y seguimiento del cronograma de actividades del Campo Multidimencional de Aprendijzaje Digital del Sistema de Gestión de Seguridad de la Información - SGSI | J54: Operativa
B55: 4 | C55: Organización Social del Conocimiento y Aprendizaje Viva | D55: Implementar los sistemas integrados de gestión en la Universidad de Cundinamarca | E55: Ejecución del proyecto de inversión | F55: Secretaría General | G55: Sistema de Gestión de Seguridad de la Información | H55: Ejecución de los recursos asignados al proyecto denominado Implementación del Sistema de Gestión de Seguridad de la Información y la Ley de Protección de Datos Personales en la UCundinamarca 2024. - Informe detallado de la ejecución de los recursos asignados al proyecto denominado Implementación del Sistema de Gestión de Seguridad de la Información y la Ley de Protección de Datos Personales en la UCundinamarca 2024. | I55: Informe detallado de la ejecución de los recursos asignados al proyecto denominado Implementación del Sistema de Gestión de Seguridad de la Información y la Ley de Protección de Datos Personales en la UCundinamarca 2024. | J55: Táctica
B56: 4 | C56: Organización Social del Conocimiento y Aprendizaje Viva | D56: Implementar los sistemas integrados de gestión en la Universidad de Cundinamarca | E56: Estrategia para la gestión de incidentes de seguridad y privacidad de la información. | F56: Secretaría General | G56: Sistema de Gestión de Seguridad de la Información | H56: Atender y dar respuesta a los eventos y/o incidentes de seguridad y privacidad de la información, teniendo en cuenta las etapas del Ciclo de Vida de la Gestión de Incidentes especificadas en el procedimiento ESG-SSI-P09 Gestión de Incidentes de Seguridad y Privacidad de la información. - Seguimiento, verificación, tratamiento y cierre a los eventos y/o incidentes de seguridad y privacidad de la información reportados por la comunidad universitaria. | I56: Seguimiento, verificación, tratamiento y cierre a los eventos y/o incidentes de seguridad y privacidad de la información reportados por la comunidad universitaria. | J56: Táctica
B57: 4 | C57: Organización Social del Conocimiento y Aprendizaje Viva | D57: Implementar los sistemas integrados de gestión en la Universidad de Cundinamarca | E57: Estrategia para la gestión de riesgos de seguridad y privacidad de la información | F57: Secretaría General | G57: Sistema de Gestión de Seguridad de la Información | H57: Realizar la gestión del riesgo de seguridad y privacidad de la información. - Valoración de las matrices de riesgo del Sistema de Gestión de Seguridad de la Información - SGSI por las áreas y/o procesos de la Universidad de Cundinamarca en sede, seccionales y extensiones. | I57: Valoración de las matrices de riesgo del Sistema de Gestión de Seguridad de la Información - SGSI por las áreas y/o procesos de la Universidad de Cundinamarca en sede, seccionales y extensiones. | J57: Operativa
B58: 4 | C58: Organización Social del Conocimiento y Aprendizaje Viva | D58: Implementar los sistemas integrados de gestión en la Universidad de Cundinamarca | E58: Estrategia para la transición de la norma ISO 27001:2013 a la norma ISO 27001:2022. | F58: Secretaría General | G58: Sistema de Gestión de Seguridad de la Información | H58: Definir la estrategia para la transición de la norma ISO 27001:2013 a la norma ISO 27001:2022. - Ejecución y seguimiento del cronograma de actividades de la transición de la norma ISO 27001:2022 e implementación de los controles del Anexo A. | I58: Ejecución y seguimiento del cronograma de actividades de la transición de la norma ISO 27001:2022 e implementación de los controles del Anexo A. | J58: Estratégica
B59: 4 | C59: Organización Social del Conocimiento y Aprendizaje Viva | D59: Implementar los sistemas integrados de gestión en la Universidad de Cundinamarca | E59: Gestión de Activos de Información en cumplimiento a la Ley 1712 de 2014 - Por medio de la cual se crea la Ley de Transparencia y del Derecho de Acceso a la Información Pública Nacional y se dictan otras disposiciones | F59: Secretaría General | G59: Sistema de Gestión de Seguridad de la Información | H59: Gestionar las actividades para la gestión de activos de información del Sistema de Gestión de Seguridad de la Información - SGSI. - Ejecución y seguimiento del cronograma de actividades de activos de información a nivel institucional de la vigencia 2024. | I59: Ejecución y seguimiento del cronograma de actividades de activos de información a nivel institucional de la vigencia 2024. | J59: Estratégica
B60: 4 | C60: Organización Social del Conocimiento y Aprendizaje Viva | D60: Implementar los sistemas integrados de gestión en la Universidad de Cundinamarca | E60: Gestión del Sistema de Gestión de Seguridad de la Información - SGSI y el Programa Integral de Gestión de Datos Personales - PIGDP | F60: Secretaría General | G60: Sistema de Gestión de Seguridad de la Información | H60: Presentación del Informe de Gestión del Sistema de Gestión de Seguridad de la Información - SGSI de la vigencia 2024 a la Secretaria General y Dirección de Planeación Institucional | I60: Elaboración del informe de gestión del Sistema de Gestión de Seguridad de la Información - SGSI vigencia 2024 | J60: Táctica
B61: 4 | C61: Organización Social del Conocimiento y Aprendizaje Viva | D61: Implementar los sistemas integrados de gestión en la Universidad de Cundinamarca | E61: Gestionar las actividades estratégicas y transversales asociadas a la continuidad del Sistema de Gestión de Seguridad de la Información - SGSI | F61: Secretaría General | G61: Sistema de Gestión de Seguridad de la Información | H61: Documentar la información del Sistema de Gestión de Seguridad de la Información - SGSI en el Modelo de Operación Digital de la Universidad de Cundinamarca. | I61: Actualización constante de los documentos que conforman el Sistema de Gestión de Seguridad de la Información - SGSI y el Programa Integral de Gestión de Datos Personales ¿ PIGDP, a través del aplicativo SAD. | J61: Operativa
B62: 4 | C62: Organización Social del Conocimiento y Aprendizaje Viva | D62: Implementar los sistemas integrados de gestión en la Universidad de Cundinamarca | E62: Gestionar las actividades estratégicas y transversales asociadas a la continuidad del Sistema de Gestión de Seguridad de la Información - SGSI | F62: Secretaría General | G62: Sistema de Gestión de Seguridad de la Información | H62: Gestión de los cronogramas de actividades del Sistema de Gestión de Seguridad de la Información - SGSI y el Programa Integral de Gestión de Datos Personales - PIGDP. | I62: Ejecución y seguimiento de los cronogramas de actividades del Sistema de Gestión de Seguridad de la Información - SGSI y el Programa Integral de Gestión de Datos Personales - PIGDP. | J62: Estratégica
B63: 4 | C63: Organización Social del Conocimiento y Aprendizaje Viva | D63: Implementar los sistemas integrados de gestión en la Universidad de Cundinamarca | E63: Gestionar las actividades estratégicas y transversales asociadas a la continuidad del Sistema de Gestión de Seguridad de la Información - SGSI | F63: Secretaría General | G63: Sistema de Gestión de Seguridad de la Información | H63: Gestionar la Auditoria Interna II del Sistema de Gestión de Seguridad de la Información - SGSI y el Programa Integral de Gestión de Datos Personales - PIGDP. - Acompañamiento y seguimiento a los planes de mejoramiento producto de la Auditoría Interna II del Sistema de Gestión de Seguridad de la Información - SGSI | I63: Acompañamiento y seguimiento a los planes de mejoramiento producto de la Auditoría Interna II del Sistema de Gestión de Seguridad de la Información - SGSI | J63: Estratégica
B64: 4 | C64: Organización Social del Conocimiento y Aprendizaje Viva | D64: Implementar los sistemas integrados de gestión en la Universidad de Cundinamarca | E64: Gestionar las actividades estratégicas y transversales asociadas a la continuidad del Sistema de Gestión de Seguridad de la Información - SGSI | F64: Secretaría General | G64: Sistema de Gestión de Seguridad de la Información | H64: Visitas de vigías de seguridad de la información a nivel institucional. | I64: Ejecución y seguimiento del cronograma de actividades de las visitas de vigías de seguridad de la información a nivel institucional en sede, seccionales, extensiones, Oficina de Bogotá y Centro Académico Deportivo ¿ CAD. | J64: Operativa
B65: 4 | C65: Organización Social del Conocimiento y Aprendizaje Viva | D65: Implementar los sistemas integrados de gestión en la Universidad de Cundinamarca | E65: Implementación del Programa Integral de Gestión de Datos Personales - PIGDP | F65: Secretaría General | G65: Sistema de Gestión de Seguridad de la Información | H65: Diseñar la estrategia y establecer los cronogramas para el cumplimiento del ESG-SSI-PL01 - Plan Institucional de Sensibilización y Entrenamiento en Seguridad y Privacidad de la Información y el ESG-SSI-PG01 - Programa Integral de Gestión de Datos Personales PIGDP. - Ejecución y seguimiento al cronogramas de actividades de las jornadas de sensibilización en seguridad y privacidad de la información y la campaña del día de protección de datos personales | I65: Ejecución y seguimiento al cronogramas de actividades de las jornadas de sensibilización en seguridad y privacidad de la información y la campaña del día de protección de datos personales | J65: Estratégica
... B67: 4 | C67: Organización Social del Conocimiento y Aprendizaje Viva | D67: Implementar los sistemas integrados de gestión en la Universidad de Cundinamarca | E67: Presentación de la Revisión por la Dirección 2024 | F67: Secretaría General | G67: Sistema de Gestión de Seguridad de la Información | H67: Presentación de informe e insumos para la Revisión por la Dirección del Sistema de Gestión de Seguridad de la Información - SGSI vigencia 2024 | I67: Entradas del Sistema de Gestión de Seguridad de la Información ¿ SGSI, atendiendo el ejercicio de Revisión por la Dirección, según lo documentado en la Norma ISO 27001:2013, numeral 9.3 Revisión por la Dirección. | J67: Estratégica
B68: 4

Sheet 1.10
D2: MACROPROCESO ESTRATÉGICO | L2: CÓDIGO: EPIr049
D4: PROCESO GESTIÓN PLANEACIÓN INSTITUCIONAL | L4: VERSIÓN: 9
D6: PLAN DE ACCIÓN | L6: VIGENCIA: 2024-04-08
L7: PÁGINA: 13 de 58
C8: 13.
E9: # Acciones 1° Trimestre: | F9: 1 | G9: % Total | H9: de Cumplimiento 1° Trimestre: | I9: =(SUM(L$15:L$18))/F9 -> 0
C10: Área: | D10: =[1]Contenido!C24 -> Sistema de Gestión de la Calidad | E10: # Acciones 2° Trimestre: | F10: 1 | G10: % Total | H10: de Cumplimiento 2° Trimestre: | I10: =(SUM(L$21:L$24))/F10 -> 0 | L10: Instrucciones para el diligenciamiento
E11: # Acciones 3° Trimestre: | F11: 1 | G11: % Total | H11: de Cumplimiento 3° Trimestre: | I11: =(SUM(L$27:L$32))/F11 -> 0
E12: # Acciones 4° Trimestre: | F12: 1 | G12: % Total | H12: de Cumplimiento 4° Trimestre: | I12: =(SUM(L$35:L$40))/F12 -> 0
B14: Trimestre | C14: Frente | D14: Estrategia | E14: Meta | F14: Alta Dirección | G14: Área Responsable | H14: Tarea | I14: Descripción de la tarea | J14: Categoría de la tarea | K14: Entregable | L14: % Cumplimiento | M14: Observación de cumplimiento
B15: 1 | C15: Organización Social del Conocimiento y Aprendizaje Viva | D15: Certificación de los Sistemas de Gestión e integración | E15: Auditoría de seguimiento del (SGC), norma ISO 9001:2015 | F15: Secretaría General | G15: Sistema de Gestión de la Calidad | H15: Ruta de trabajo de para el seguimiento al Sistema de gestión. | I15: Establecer la ruta de trabajo para elo mantenimiento del sistema de gestión. | J15: Táctica
B16: 1 | C16: Organización Social del Conocimiento y Aprendizaje Viva | D16: Reingeniería de procesos | E16: procesos del SGC revisados y ajustados | F16: Secretaría General | G16: Sistema de Gestión de la Calidad | H16: Identificación y actualización de trámites. Trimestre 1 | I16: Brindar acompañamiento en la creación y actualización de los trámites requeridos por la Universidad de Cundinamarca. | J16: Táctica
B17: 1 | C17: Organización Social del Conocimiento y Aprendizaje Viva | D17: Reingeniería de procesos | E17: Reingeniería de procesos Talento Humano, Bienes y Servicios y Financiera | F17: Secretaría General | G17: Sistema de Gestión de la Calidad | H17: Aprobación de la metodología | I17: Aprobación de la metodología a implementar | J17: Táctica
B18: 1
B20: Trimestre | C20: Frente | D20: Estrategia | E20: Meta | F20: Alta Dirección | G20: Área Responsable | H20: Tarea | I20: Descripción de la tarea | J20: Categoría de la tarea | K20: Entregable | L20: % Cumplimiento | M20: Observación de cumplimiento
B21: 2 | C21: Organización Social del Conocimiento y Aprendizaje Viva | D21: Certificación de los Sistemas de Gestión e integración | E21: Auditoría de seguimiento del (SGC), norma ISO 9001:2015 | F21: Secretaría General | G21: Sistema de Gestión de la Calidad | H21: Contratación | I21: Contratar la auditoría interna al sistema de gestión de la calidad. | J21: Táctica
B22: 2 | C22: Organización Social del Conocimiento y Aprendizaje Viva | D22: Reingeniería de procesos | E22: procesos del SGC revisados y ajustados | F22: Secretaría General | G22: Sistema de Gestión de la Calidad | H22: Identificación y actualización de trámites Trimestre 2 | I22: Brindar acompañamiento en la creación y actualización de los trámites requeridos por la Universidad de Cundinamarca. | J22: Táctica
B23: 2 | C23: Organización Social del Conocimiento y Aprendizaje Viva | D23: Reingeniería de procesos | E23: Reingeniería de procesos Talento Humano, Bienes y Servicios y Financiera | F23: Secretaría General | G23: Sistema de Gestión de la Calidad | H23: Plan estratégico | I23: La definición de un Plan estratégico es un requisito anterior ineludible. Es un aspecto clave la verificación de la estrategia de la organización analizando las probables ventajas y consecuencias que se pueden obtener como resultado del re diseño. Se deben definir a partir de los objetivos y metas fijadas en la organización, cuales serán los procesos cuyo re diseño es prioritario. | J23: Táctica
B24: 2
B26: Trimestre | C26: Frente | D26: Estrategia | E26: Meta | F26: Alta Dirección | G26: Área Responsable | H26: Tarea | I26: Descripción de la tarea | J26: Categoría de la tarea | K26: Entregable | L26: % Cumplimiento | M26: Observación de cumplimiento
B27: 3 | C27: Organización Social del Conocimiento y Aprendizaje Viva | D27: Implementar los sistemas integrados de gestión en la Universidad de Cundinamarca | E27: Auditoría Interna Anual del (SGC), norma ISO 9001:2015 | F27: Secretaría General | G27: Sistema de Gestión de la Calidad | H27: Auditoría interna | I27: Asegurar el desarrollo de la auditoría interna al sistema de gestión de la calidad | J27: Táctica
B28: 3 | C28: Organización Social del Conocimiento y Aprendizaje Viva | D28: Implementar los sistemas integrados de gestión en la Universidad de Cundinamarca | E28: Certificación de los Sistemas de Gestión e integraciónAuditoría de seguimiento del (SGC), norma ISO 9001:2015 | F28: Secretaría General | G28: Sistema de Gestión de la Calidad | H28: Contratación | I28: Contratar la auditoría de seguimiento por parte del ente certificador. | J28: Táctica
B29: 3 | C29: Organización Social del Conocimiento y Aprendizaje Viva | D29: Implementar los sistemas integrados de gestión en la Universidad de Cundinamarca | E29: Cumplimiento a la ejecución del plan presupuestario de la vigencia | F29: Secretaría General | G29: Sistema de Gestión de la Calidad | H29: Seguimiento a la ejecución presupuestal de inversión y pasiva | I29: Presentar informe ejecutivo de la ejecución presupuestal de acuerdo a la asignación de recursos. | J29: Estratégica
B30: 3 | C30: Organización Social del Conocimiento y Aprendizaje Viva | D30: Implementar los sistemas integrados de gestión en la Universidad de Cundinamarca | E30: Reingeniería de procesos Talento Humano, Bienes y Servicios y Financiera | F30: Secretaría General | G30: Sistema de Gestión de la Calidad | H30: Análisis de los procesos y propuestas | I30: El rediseño o reingeniería del proceso solo tiene sentido si es coherente con la estrategia de la organización. El rediseño es imposible si no se enfoca el esfuerzo teniendo en cuenta los objetivos específicos previamente establecidos. Esta etapa incluye la descripción y análisis de los procesos, la elaboración de propuestas de mejoras y la planificación de los cambios que se deberían realizar. | J30: Táctica
B31: 3 | C31: Organización Social del Conocimiento y Aprendizaje Viva | D31: Implementar los sistemas integrados de gestión en la Universidad de Cundinamarca | E31: procesos del SGC revisados y ajustados | F31: Secretaría General | G31: Sistema de Gestión de la Calidad | H31: Identificación y actualización de trámites | I31: Brindar acompañamiento en la creación y actualización de los trámites requeridos por la Universidad de Cundinamarca. | J31: Táctica
B32: 3
B34: Trimestre | C34: Frente | D34: Estrategia | E34: Meta | F34: Alta Dirección | G34: Área Responsable | H34: Tarea | I34: Descripción de la tarea | J34: Categoría de la tarea | K34: Entregable | L34: % Cumplimiento | M34: Observación de cumplimiento
B35: 4 | C35: Organización Social del Conocimiento y Aprendizaje Viva | D35: Implementar los sistemas integrados de gestión en la Universidad de Cundinamarca | E35: Certificación de los Sistemas de Gestión e integración Auditoría de renovación del (SGC), norma ISO 9001:2015 | F35: Secretaría General | G35: Sistema de Gestión de la Calidad | H35: Auditoría Externa | I35: Asegurar el desarrollo de la auditoría de seguimiento del (SGC), norma ISO 9001:2015 | J35: Estratégica
B36: 4 | C36: Organización Social del Conocimiento y Aprendizaje Viva | D36: Implementar los sistemas integrados de gestión en la Universidad de Cundinamarca | E36: certificar el sistema de SGC, SG SST, SGA, SGSI Y Sistema Antosoborno, de forma Integral de toda LA universidad de Cundinamarca | F36: Secretaría General | G36: Sistema de Gestión de la Calidad | H36: Realizar Diagnostico del SGC | I36: Diagnostico de los sistemas integrados de gestión SGC, SGA, SGSI, SST y sistema de anticorrupción. | J36: Táctica
B37: 4 | C37: Organización Social del Conocimiento y Aprendizaje Viva | D37: Implementar los sistemas integrados de gestión en la Universidad de Cundinamarca | E37: Cumplimiento a la ejecución del plan presupuestario de la vigencia | F37: Secretaría General | G37: Sistema de Gestión de la Calidad | H37: Seguimiento a la ejecución presupuestal de gastos de la pasiva y proyectos de inversión | I37: Presentar informe ejecutivo de la ejecución presupuestal de acuerdo a la asignación de recursos de la Dirección de Sistemas y Tecnología | J37: Estratégica
B38: 4 | C38: Organización Social del Conocimiento y Aprendizaje Viva | D38: Implementar los sistemas integrados de gestión en la Universidad de Cundinamarca | E38: Reingeniería de procesos Talento Humano, Bienes y Servicios y Financiera | F38: Secretaría General | G38: Sistema de Gestión de la Calidad | H38: Implementación | I38: La implementación exitosa del rediseño o reingeniería de los procesos está relacionada en gran medida con las actitudes de los directivos y/o responsables, la situación estructural y cultural de la organización y la predisposición del personal para comprometerse con los cambios y brindar un decidido apoyo para obtener los resultados buscados. Necesitas el compromiso de la dirección con este nuevo modelo de gestión. Es precisamente a partir de la implementación que se obtendrán los objetivos propuestos en el rediseño o reingeniería, de modo que esta etapa es de vital importancia, tal vez la más conflictiva y difícil, aún en los casos que se cuente con propuestas brillantes que indiquen posibilidades espectaculares de mejoramiento. Teniendo en cuenta la diversidad de variables en juego y las posibles contingencias imprevisibles al comenzar la implementación, el plan debe ser flexible y con la necesaria capacidad para adaptarse a los eventuales cambios que se produzcan. Esta etapa incluye la comunicación al personal sobre los cambios a realizar, la ejecución de los cambios, el control y seguimiento y la evaluación de sus resultados. | J38: Táctica
B39: 4 | C39: Organización Social del Conocimiento y Aprendizaje Viva | D39: Implementar los sistemas integrados de gestión en la Universidad de Cundinamarca | E39: reinigieneria de los procesos del SGC revisados y ajustados | F39: Secretaría General | G39: Sistema de Gestión de la Calidad | H39: Identificación y actualización de trámites | I39: Brindar acompañamiento en la creación y actualización de los trámites requeridos por la Universidad de Cundinamarca. | J39: Táctica
B40: 4

Sheet 1.11
D2: MACROPROCESO ESTRATÉGICO | L2: CÓDIGO: EPIr049
D4: PROCESO GESTIÓN PLANEACIÓN INSTITUCIONAL | L4: VERSIÓN: 9
D6: PLAN DE ACCIÓN | L6: VIGENCIA: 2024-04-08
L7: PÁGINA: 14 de 58
C8: 13.
E9: # Acciones 1° Trimestre: | F9: 1 | G9: % Total | H9: de Cumplimiento 1° Trimestre: | I9: =(SUM(L$15:L$23))/F9 -> 0
C10: Área: | D10: =[1]Contenido!C25 -> Sistema de Gestión Ambiental | E10: # Acciones 2° Trimestre: | F10: 1 | G10: % Total | H10: de Cumplimiento 2° Trimestre: | I10: =(SUM(L$26:L$42))/F10 -> 0 | L10: Instrucciones para el diligenciamiento
E11: # Acciones 3° Trimestre: | F11: 1 | G11: % Total | H11: de Cumplimiento 3° Trimestre: | I11: =(SUM(L$45:L$66))/F11 -> 0
E12: # Acciones 4° Trimestre: | F12: 1 | G12: % Total | H12: de Cumplimiento 4° Trimestre: | I12: =(SUM(L$69:L$84))/F12 -> 0
B14: Trimestre | C14: Frente | D14: Estrategia | E14: Meta | F14: Alta Dirección | G14: Área Responsable | H14: Tarea | I14: Descripción de la tarea | J14: Categoría de la tarea | K14: Entregable | L14: % Cumplimiento | M14: Observación de cumplimiento
B15: 1 | C15: Organización Social del Conocimiento y Aprendizaje Viva | D15: Fortalecer los sistemas integrados de gestión en la UDEC | E15: Diseño e implementación de campañas enfocadas a los Programas Ambienales Institucionales - PIGA | F15: Secretaría General | G15: Sistema de Gestión Ambiental | H15: Cronograma de campañas. Trimestre 1 | I15: Realizar el planteamiento de los ABS y las cotizaciones para los recursos por funcionamiento | J15: Estratégica
B16: 1 | C16: Organización Social del Conocimiento y Aprendizaje Viva | D16: Fortalecer los sistemas integrados de gestión en la UDEC | E16: Diseño e implementación de campañas enfocadas a los Programas Ambienales Institucionales - PIGA | F16: Secretaría General | G16: Sistema de Gestión Ambiental | H16: Matriz de flujo de comunicaciones | I16: Planteamiento del cronograma de campañas del SGA del mes de marzo. | J16: Estratégica
B17: 1 | C17: Organización Social del Conocimiento y Aprendizaje Viva | D17: Fortalecer los sistemas integrados de gestión en la UDEC | E17: Ejecución del Proyecto de inversión SGA y Recursos de funcionamiento por unidades regionales | F17: Secretaría General | G17: Sistema de Gestión Ambiental | H17: Realizar los procesos precontractuales | I17: Realizar el planteamiento de los ABS y las cotizaciones para los recursos por funcionamiento | J17: Estratégica
B18: 1 | C18: Organización Social del Conocimiento y Aprendizaje Viva | D18: Fortalecer los sistemas integrados de gestión en la UDEC | E18: Formular oportunidades de mejora para fortalecer el SGA | F18: Secretaría General | G18: Sistema de Gestión Ambiental | H18: Planes de mejoramiento. Trimestre 1 | I18: Desarrollar los planes de acción para dar cumplimiento a los hallazgos de la auditoria interna y de certificación en ISO 14001:2015 del 2023 y el cumplimiento de las actividades de los planes de acción del 2022. | J18: Estratégica
B19: 1 | C19: Organización Social del Conocimiento y Aprendizaje Viva | D19: Fortalecer los sistemas integrados de gestión en la UDEC | E19: Implementar estrategias pedagógicas vivenciales - experienciales en apoyo al (SGA) | F19: Secretaría General | G19: Sistema de Gestión Ambiental | H19: Cronograma de capacitacioes. Trimestre 1 | I19: Planteamiento del cronograma de formación, sensibilización y toma de conciencia periodo 2024-1 | J19: Estratégica
B20: 1 | C20: Organización Social del Conocimiento y Aprendizaje Viva | D20: Fortalecer los sistemas integrados de gestión en la UDEC | E20: Implementar estrategias pedagógicas vivenciales - experienciales en apoyo al (SGA) | F20: Secretaría General | G20: Sistema de Gestión Ambiental | H20: Desarrollo de cronograma de capacitacioes | I20: Desarrollo del cronograma de formación, sensibilización y toma de conciencia | J20: Estratégica
B21: 1 | C21: Organización Social del Conocimiento y Aprendizaje Viva | D21: Fortalecer los sistemas integrados de gestión en la UDEC | E21: Implementar estrategias pedagógicas vivenciales - experienciales en apoyo al (SGA) | F21: Secretaría General | G21: Sistema de Gestión Ambiental | H21: Envio de cronograma de capacitaciones | I21: Envio del cronograma de formación, sensibilización y toma de conciencia a la oficina de Talento Humano. | J21: Táctica
B22: 1 | C22: Organización Social del Conocimiento y Aprendizaje Viva | D22: Fortalecer los sistemas integrados de gestión en la UDEC | E22: Vinculación de estrategias ambientales con las partes interesadas externas. | F22: Secretaría General | G22: Sistema de Gestión Ambiental | H22: Matriz de aliados ambientales | I22: Identificación de aliados estrategicos relacionados con progrmas postconsumo y alternativas para manejo de residuos convencionales aprovechables. | J22: Estratégica
B23: 1
B25: Trimestre | C25: Frente | D25: Estrategia | E25: Meta | F25: Alta Dirección | G25: Área Responsable | H25: Tarea | I25: Descripción de la tarea | J25: Categoría de la tarea | K25: Entregable | L25: % Cumplimiento | M25: Observación de cumplimiento
B26: 2 | C26: Organización Social del Conocimiento y Aprendizaje Viva | D26: Fortalecer los sistemas integrados de gestión en la UDEC | E26: Diseño e implementación de campañas enfocadas a los Programas Ambienales Institucionales - PIGA | F26: Secretaría General | G26: Sistema de Gestión Ambiental | H26: Campañas | I26: Informes de campañas por trimestre. | J26: Táctica
B27: 2 | C27: Organización Social del Conocimiento y Aprendizaje Viva | D27: Fortalecer los sistemas integrados de gestión en la UDEC | E27: Diseño e implementación de campañas enfocadas a los Programas Ambienales Institucionales - PIGA | F27: Secretaría General | G27: Sistema de Gestión Ambiental | H27: Cronograma de campañas . Trimestre 2 | I27: Planteamiento del cronograma de campañas del SGA de los meses de abril, mayo y junio. | J27: Estratégica
B28: 2 | C28: Organización Social del Conocimiento y Aprendizaje Viva | D28: Fortalecer los sistemas integrados de gestión en la UDEC | E28: Ejecución del Proyecto de inversión SGA y Recursos de funcionamiento por unidades regionales | F28: Secretaría General | G28: Sistema de Gestión Ambiental | H28: Realizar el proceso contrctual | I28: Ejecución de los recursos de funcionamiento. | J28: Operativa
B29: 2 | C29: Organización Social del Conocimiento y Aprendizaje Viva | D29: Fortalecer los sistemas integrados de gestión en la UDEC | E29: Ejecución del Proyecto de inversión SGA y Recursos de funcionamiento por unidades regionales | F29: Secretaría General | G29: Sistema de Gestión Ambiental | H29: Realizar los procesos precontractuales de los recursos de funcionamiento. | I29: Realizar el planteamiento de los ABS y las cotizaciones para los recursos por funcionamiento | J29: Estratégica
B30: 2 | C30: Organización Social del Conocimiento y Aprendizaje Viva | D30: Fortalecer los sistemas integrados de gestión en la UDEC | E30: Ejecución del Proyecto de inversión SGA y Recursos de funcionamiento por unidades regionales | F30: Secretaría General | G30: Sistema de Gestión Ambiental | H30: Realizar los procesos precontractuales del Prtoyecto de inversión. | I30: Realizar el planteamiento de los ABS y las cotizaciones para los recursos por inversiòn. | J30: Estratégica
B31: 2 | C31: Organización Social del Conocimiento y Aprendizaje Viva | D31: Fortalecer los sistemas integrados de gestión en la UDEC | E31: Formular oportunidades de mejora para fortalecer el SGA | F31: Secretaría General | G31: Sistema de Gestión Ambiental | H31: Planes de mejoramiento. Trimestre 2 | I31: Desarrollar las actividades planteadas en los planes de acción para dar cumplimiento a los hallazgos de la auditoria interna y de certificación en ISO 14001:2015 del 2022 y 2023. | J31: Estratégica
B32: 2 | C32: Organización Social del Conocimiento y Aprendizaje Viva | D32: Fortalecer los sistemas integrados de gestión en la UDEC | E32: Implementar estrategias pedagógicas vivenciales - experienciales en apoyo al (SGA) | F32: Secretaría General | G32: Sistema de Gestión Ambiental | H32: Analisis de las evaluaciones | I32: Analisis de las evaluaciones de las inducciones realizadas periodo 2024-1 | J32: Estratégica
B33: 2 | C33: Organización Social del Conocimiento y Aprendizaje Viva | D33: Fortalecer los sistemas integrados de gestión en la UDEC | E33: Implementar estrategias pedagógicas vivenciales - experienciales en apoyo al (SGA) | F33: Secretaría General | G33: Sistema de Gestión Ambiental | H33: Aplicación de encuetas | I33: Aplicación de encuesta para identificciòn de necesidades de capacitación y formación para el periodo 2024-2 | J33: Operativa
B34: 2 | C34: Organización Social del Conocimiento y Aprendizaje Viva | D34: Fortalecer los sistemas integrados de gestión en la UDEC | E34: Implementar estrategias pedagógicas vivenciales - experienciales en apoyo al (SGA) | F34: Secretaría General | G34: Sistema de Gestión Ambiental | H34: Cronograma de capacitacioes. Trimestre 2 | I34: Desarrollo del cronograma de formación, sensibilización y toma de conciencia | J34: Estratégica
B35: 2 | C35: Organización Social del Conocimiento y Aprendizaje Viva | D35: Fortalecer los sistemas integrados de gestión en la UDEC | E35: Propuesta para la vinculación de estrategias ambientales con los macroprocesos de apoyo y misionales. | F35: Secretaría General | G35: Sistema de Gestión Ambiental | H35: Mesas de trabajo con Bienestar Universitario. | I35: Convocatoria para el desarrollo de mesas de trabajo con Bienestar Universitario para la articulación de estrategias ambientales | J35: Estratégica
B36: 2 | C36: Organización Social del Conocimiento y Aprendizaje Viva | D36: Fortalecer los sistemas integrados de gestión en la UDEC | E36: Propuesta para la vinculación de estrategias ambientales con los macroprocesos de apoyo y misionales. | F36: Secretaría General | G36: Sistema de Gestión Ambiental | H36: Mesas de trabajo con decanaturas | I36: Convocatoria para el desarrollo de mesas de trabajo con las decanaturas para la articulación de estrategias ambientales | J36: Estratégica
B37: 2 | C37: Organización Social del Conocimiento y Aprendizaje Viva | D37: Fortalecer los sistemas integrados de gestión en la UDEC | E37: Propuesta para la vinculación de estrategias ambientales con los macroprocesos de apoyo y misionales. | F37: Secretaría General | G37: Sistema de Gestión Ambiental | H37: Mesas de trabajo de Investigación Universitaria | I37: Convocatoria para el desarrollo de mesas de trabajo con Investigación Universitaria para la articulación de estrategias ambientales. | J37: Estratégica
... B41: 2 | C41: Organización Social del Conocimiento y Aprendizaje Viva | D41: Fortalecer los sistemas integrados de gestión en la UDEC | E41: Vinculación de estrategias ambientales con las partes interesadas externas. | F41: Secretaría General | G41: Sistema de Gestión Ambiental | H41: Definir las estrategias | I41: Definir las estrategias para fortalecer los programas posconsumo | J41: Estratégica
B42: 2
B44: Trimestre | C44: Frente | D44: Estrategia | E44: Meta | F44: Alta Dirección | G44: Área Responsable | H44: Tarea | I44: Descripción de la tarea | J44: Categoría de la tarea | K44: Entregable | L44: % Cumplimiento | M44: Observación de cumplimiento
B45: 3 | C45: Organización Social del Conocimiento y Aprendizaje Viva | D45: Implementar los sistemas integrados de gestión en la Universidad de Cundinamarca | E45: Dar cumplimiento al 100% de los requisitos legales | F45: Secretaría General | G45: Sistema de Gestión Ambiental | H45: Id requisitos legales | I45: Identificación constante de los requisitos legales | J45: Operativa
B46: 3 | C46: Organización Social del Conocimiento y Aprendizaje Viva | D46: Implementar los sistemas integrados de gestión en la Universidad de Cundinamarca | E46: Dar cumplimiento al 100% de los requisitos legales | F46: Secretaría General | G46: Sistema de Gestión Ambiental | H46: Id requisitos legales - Evaluaciòn del cumplimiento de los requisitos legales | I46: Evaluaciòn del cumplimiento de los requisitos legales | J46: Operativa
